Workbook

Sheet Orientações
C4: INSTITUTO FEDERAL SUL-RIO-GRANDENSE
C5: Pró-reitoria de Gestão de Pessoas
C6: Departamento de Avaliação e Desenvolvimento de Pessoas
B9: Plano de Desenvolvimento de Pessoas 2025
B11: O Plano de Desenvolvimento de Pessoas (PDP) do IFSul contempla as necessidades de desenvolvimento da Instituição para o ano de 2025, conforme dispõe o Decreto nº 9.991/2019, alterado pelo Decreto nº 10.506/2020, e a Instrução Normativa SGP-ENAP/SEDGG/ME nº 21/2021.
B13: Orientações gerais
B15: 1) Ao elaborar sua proposta de ação de desenvolvimento (projeto de capacitação), você deverá indicar qual necessidade de desenvolvimento visa atender com a ação.
B16: 2) Para realizar essa indicação identifique o número correspondente à necessidade (na coluna Nº das planilhas de cada unidade) e preencha os campos em amarelo da planilha INDICAÇÃO (Unidade, Ação de desenvolvimento e Nº). Em seguida, imprima a página em PDF e anexe ao processo.
B17: 3) As ações de desenvolvimento indicadas pela Enap são de caráter SUGESTIVO, sendo discricionário do órgão/entidade executá-las. No entanto, o Órgão Central do SIPEC reforça a importância do bom aproveitamento e priorização dos recursos públicos já disponíveis na administração pública federal.
B18: 4) Ao longo do ano, poderão ser incluídas novas necessidades de desenvolvimento. A PROGEP informará os prazos e as condições para essas inclusões.

Sheet INDICAÇÃO
E1: =MAX(Bagé!A:A) -> 22
A2: INSTITUTO FEDERAL SUL-RIO-GRANDENSE | E2: =MAX(Camaquã!A:A) -> 24
A3: Pró-reitoria de Gestão de Pessoas | E3: =MAX(Charqueadas!A:A) -> 17
A4: Departamento de Avaliação e Desenvolvimento de Pessoas | E4: =MAX(Gravataí!A:A) -> 18
E5: =MAX(Jaguarão!A:A) -> 3
E6: =MAX(Lajeado!A:A) -> 27
A7: FORMULÁRIO DE INDICAÇÃO DA NECESSIDADE DE DESENVOLVIMENTO DO PDP | E7: =MAX('Novo Hamburgo'!A:A) -> 4
E8: =MAX('Passo Fundo'!A:A) -> 16
A9: Unidade | D9: =IF(B9="Câmpus Bagé",1,IF(B9="Câmpus Camaquã",2,IF(B9="Câmpus Charqueadas",3,IF(B9="Câmpus Gravataí",4,IF(B9="Câmpus Jaguarão",5,IF(B9="Câmpus Lajeado",6,IF(B9="Câmpus Novo Hamburgo",7,IF(B9="Câmpus Passo Fundo",8,IF(B9="Câmpus Pelotas",9,IF(B9="Câmpus Pelotas Visconde da Graça",10,IF(B9="Reitoria",11,IF(B9="Câmpus Santana do Livramento",12,IF(B9="Câmpus Sapiranga",13,IF(B9="Câmpus Sapucaia do Sul",14,IF(B9="Câmpus Venâncio Aires",15,""))))))))))))))) | E9: =MAX(Pelotas!A:A) -> 86
E10: =MAX('Pelotas Visconde da Graça'!A:A) -> 9
A11: Ação de desenvolvimento | E11: =MAX(Reitoria!A:A) -> 29
E12: =MAX('Santana do Livramento'!A:A) -> 14
E13: =MAX(Sapiranga!A:A) -> 26
E14: =MAX('Sapucaia do Sul'!A:A) -> 42
E15: =MAX('Venâncio Aires'!A:A) -> 26
A17: Necessidade de desenvolvimento do PDP 2025
A19: Nº | D19: =IF(B9=1,Bagé!A2:A23,IF(B9=2,Camaquã!A2:A25,IF(B9=3,Charqueadas!A2:A18,IF(B9=4,Gravataí!A2:A19,IF(B9=5,Jaguarão!A2:A4,IF(B9=6,Lajeado!A2:A28,IF(B9=7,'Novo Hamburgo'!A2:A5,IF(B9=8,'Passo Fundo'!A2:A17,IF(B9=9,Pelotas!A2:A87,IF(B9=10,'Pelotas Visconde da Graça'!A2:A10,IF(B9=11,Reitoria!A2:A30,IF(B9=12,'Santana do Livramento'!A2:A15,IF(B9=13,Sapiranga!A2:A27,IF(B9=14,'Sapucaia do Sul'!A2:A43,IF(B9=15,'Venâncio Aires'!A2:A27,"")))))))))))))))
A20: O que NÃO SE SABE FAZER ou NÃO SER | B20: =VLOOKUP(B19,IF(D9=1,Tabela1[#All],IF(D9=2,Tabela2[#All],IF(D9=3,Tabela3[#All],IF(D9=4,Tabela4[#All],IF(D9=5,Tabela5[#All],IF(D9=6,Tabela6[#All],IF(D9=7,Tabela7[#All],IF(D9=8,Tabela8[#All],IF(D9=9,Tabela9[#All],IF(D9=10,Tabela10[#All],IF(D9=11,Tabela11[#All],IF(D9=12,Tabela12[#All],IF(D9=13,Tabela13[#All],IF(D9=14,Tabela14[#All],IF(D9=15,Tabela15[#All]))))))))))))))),2,FALSE) -> #N/A
A21: Perfil dos agentes públicos | B21: =VLOOKUP(B19,IF(D9=1,Tabela1[#All],IF(D9=2,Tabela2[#All],IF(D9=3,Tabela3[#All],IF(D9=4,Tabela4[#All],IF(D9=5,Tabela5[#All],IF(D9=6,Tabela6[#All],IF(D9=7,Tabela7[#All],IF(D9=8,Tabela8[#All],IF(D9=9,Tabela9[#All],IF(D9=10,Tabela10[#All],IF(D9=11,Tabela11[#All],IF(D9=12,Tabela12[#All],IF(D9=13,Tabela13[#All],IF(D9=14,Tabela14[#All],IF(D9=15,Tabela15[#All]))))))))))))))),3,FALSE) -> #N/A
A22: Agentes Públicos | B22: =VLOOKUP(B19,IF(D9=1,Tabela1[#All],IF(D9=2,Tabela2[#All],IF(D9=3,Tabela3[#All],IF(D9=4,Tabela4[#All],IF(D9=5,Tabela5[#All],IF(D9=6,Tabela6[#All],IF(D9=7,Tabela7[#All],IF(D9=8,Tabela8[#All],IF(D9=9,Tabela9[#All],IF(D9=10,Tabela10[#All],IF(D9=11,Tabela11[#All],IF(D9=12,Tabela12[#All],IF(D9=13,Tabela13[#All],IF(D9=14,Tabela14[#All],IF(D9=15,Tabela15[#All]))))))))))))))),4,FALSE) -> #N/A
A23: Solução para este problema de desempenho | B23: =VLOOKUP(B19,IF(D9=1,Tabela1[#All],IF(D9=2,Tabela2[#All],IF(D9=3,Tabela3[#All],IF(D9=4,Tabela4[#All],IF(D9=5,Tabela5[#All],IF(D9=6,Tabela6[#All],IF(D9=7,Tabela7[#All],IF(D9=8,Tabela8[#All],IF(D9=9,Tabela9[#All],IF(D9=10,Tabela10[#All],IF(D9=11,Tabela11[#All],IF(D9=12,Tabela12[#All],IF(D9=13,Tabela13[#All],IF(D9=14,Tabela14[#All],IF(D9=15,Tabela15[#All]))))))))))))))),5,FALSE) -> #N/A
A24: Tema Geral | B24: =VLOOKUP(B19,IF(D9=1,Tabela1[#All],IF(D9=2,Tabela2[#All],IF(D9=3,Tabela3[#All],IF(D9=4,Tabela4[#All],IF(D9=5,Tabela5[#All],IF(D9=6,Tabela6[#All],IF(D9=7,Tabela7[#All],IF(D9=8,Tabela8[#All],IF(D9=9,Tabela9[#All],IF(D9=10,Tabela10[#All],IF(D9=11,Tabela11[#All],IF(D9=12,Tabela12[#All],IF(D9=13,Tabela13[#All],IF(D9=14,Tabela14[#All],IF(D9=15,Tabela15[#All]))))))))))))))),6,FALSE) -> #N/A
A25: Recorte do Tema Geral | B25: =VLOOKUP(B19,IF(D9=1,Tabela1[#All],IF(D9=2,Tabela2[#All],IF(D9=3,Tabela3[#All],IF(D9=4,Tabela4[#All],IF(D9=5,Tabela5[#All],IF(D9=6,Tabela6[#All],IF(D9=7,Tabela7[#All],IF(D9=8,Tabela8[#All],IF(D9=9,Tabela9[#All],IF(D9=10,Tabela10[#All],IF(D9=11,Tabela11[#All],IF(D9=12,Tabela12[#All],IF(D9=13,Tabela13[#All],IF(D9=14,Tabela14[#All],IF(D9=15,Tabela15[#All]))))))))))))))),7,FALSE) -> #N/A
A26: Nivel de aprendizagem | B26: =VLOOKUP(B19,IF(D9=1,Tabela1[#All],IF(D9=2,Tabela2[#All],IF(D9=3,Tabela3[#All],IF(D9=4,Tabela4[#All],IF(D9=5,Tabela5[#All],IF(D9=6,Tabela6[#All],IF(D9=7,Tabela7[#All],IF(D9=8,Tabela8[#All],IF(D9=9,Tabela9[#All],IF(D9=10,Tabela10[#All],IF(D9=11,Tabela11[#All],IF(D9=12,Tabela12[#All],IF(D9=13,Tabela13[#All],IF(D9=14,Tabela14[#All],IF(D9=15,Tabela15[#All]))))))))))))))),8,FALSE) -> #N/A
A27: Capacidade a ser desenvolvida | B27: =VLOOKUP(B19,IF(D9=1,Tabela1[#All],IF(D9=2,Tabela2[#All],IF(D9=3,Tabela3[#All],IF(D9=4,Tabela4[#All],IF(D9=5,Tabela5[#All],IF(D9=6,Tabela6[#All],IF(D9=7,Tabela7[#All],IF(D9=8,Tabela8[#All],IF(D9=9,Tabela9[#All],IF(D9=10,Tabela10[#All],IF(D9=11,Tabela11[#All],IF(D9=12,Tabela12[#All],IF(D9=13,Tabela13[#All],IF(D9=14,Tabela14[#All],IF(D9=15,Tabela15[#All]))))))))))))))),9,FALSE) -> #N/A
A28: Resultado que trará para a organização | B28: =VLOOKUP(B19,IF(D9=1,Tabela1[#All],IF(D9=2,Tabela2[#All],IF(D9=3,Tabela3[#All],IF(D9=4,Tabela4[#All],IF(D9=5,Tabela5[#All],IF(D9=6,Tabela6[#All],IF(D9=7,Tabela7[#All],IF(D9=8,Tabela8[#All],IF(D9=9,Tabela9[#All],IF(D9=10,Tabela10[#All],IF(D9=11,Tabela11[#All],IF(D9=12,Tabela12[#All],IF(D9=13,Tabela13[#All],IF(D9=14,Tabela14[#All],IF(D9=15,Tabela15[#All]))))))))))))))),10,FALSE) -> #N/A
A29: Solução possível para resolver essa necessidade | B29: =VLOOKUP(B19,IF(D9=1,Tabela1[#All],IF(D9=2,Tabela2[#All],IF(D9=3,Tabela3[#All],IF(D9=4,Tabela4[#All],IF(D9=5,Tabela5[#All],IF(D9=6,Tabela6[#All],IF(D9=7,Tabela7[#All],IF(D9=8,Tabela8[#All],IF(D9=9,Tabela9[#All],IF(D9=10,Tabela10[#All],IF(D9=11,Tabela11[#All],IF(D9=12,Tabela12[#All],IF(D9=13,Tabela13[#All],IF(D9=14,Tabela14[#All],IF(D9=15,Tabela15[#All]))))))))))))))),11,FALSE) -> #N/A
A30: Envolve uma ação de desenvolvimento a nível de educação formal | B30: =VLOOKUP(B19,IF(D9=1,Tabela1[#All],IF(D9=2,Tabela2[#All],IF(D9=3,Tabela3[#All],IF(D9=4,Tabela4[#All],IF(D9=5,Tabela5[#All],IF(D9=6,Tabela6[#All],IF(D9=7,Tabela7[#All],IF(D9=8,Tabela8[#All],IF(D9=9,Tabela9[#All],IF(D9=10,Tabela10[#All],IF(D9=11,Tabela11[#All],IF(D9=12,Tabela12[#All],IF(D9=13,Tabela13[#All],IF(D9=14,Tabela14[#All],IF(D9=15,Tabela15[#All]))))))))))))))),12,FALSE) -> #N/A
A31: Ação de desenvolvimento sugerida pela Enap | B31: =VLOOKUP(B19,IF(D9=1,Tabela1[#All],IF(D9=2,Tabela2[#All],IF(D9=3,Tabela3[#All],IF(D9=4,Tabela4[#All],IF(D9=5,Tabela5[#All],IF(D9=6,Tabela6[#All],IF(D9=7,Tabela7[#All],IF(D9=8,Tabela8[#All],IF(D9=9,Tabela9[#All],IF(D9=10,Tabela10[#All],IF(D9=11,Tabela11[#All],IF(D9=12,Tabela12[#All],IF(D9=13,Tabela13[#All],IF(D9=14,Tabela14[#All],IF(D9=15,Tabela15[#All]))))))))))))))),13,FALSE) -> #N/A
A32: Escola de governo ofertante | B32: =VLOOKUP(B19,IF(D9=1,Tabela1[#All],IF(D9=2,Tabela2[#All],IF(D9=3,Tabela3[#All],IF(D9=4,Tabela4[#All],IF(D9=5,Tabela5[#All],IF(D9=6,Tabela6[#All],IF(D9=7,Tabela7[#All],IF(D9=8,Tabela8[#All],IF(D9=9,Tabela9[#All],IF(D9=10,Tabela10[#All],IF(D9=11,Tabela11[#All],IF(D9=12,Tabela12[#All],IF(D9=13,Tabela13[#All],IF(D9=14,Tabela14[#All],IF(D9=15,Tabela15[#All]))))))))))))))),14,FALSE) -> #N/A
A33: Link do curso | B33: =VLOOKUP(B19,IF(D9=1,Tabela1[#All],IF(D9=2,Tabela2[#All],IF(D9=3,Tabela3[#All],IF(D9=4,Tabela4[#All],IF(D9=5,Tabela5[#All],IF(D9=6,Tabela6[#All],IF(D9=7,Tabela7[#All],IF(D9=8,Tabela8[#All],IF(D9=9,Tabela9[#All],IF(D9=10,Tabela10[#All],IF(D9=11,Tabela11[#All],IF(D9=12,Tabela12[#All],IF(D9=13,Tabela13[#All],IF(D9=14,Tabela14[#All],IF(D9=15,Tabela15[#All]))))))))))))))),15,FALSE) -> #N/A

Sheet listas
B1: Unidade
A2: 1 | B2: Câmpus Bagé
A3: 2 | B3: Câmpus Camaquã
A4: 3 | B4: Câmpus Charqueadas
A5: 4 | B5: Câmpus Gravataí
A6: 5 | B6: Câmpus Jaguarão
A7: 6 | B7: Câmpus Lajeado
A8: 7 | B8: Câmpus Novo Hamburgo
A9: 8 | B9: Câmpus Passo Fundo
A10: 9 | B10: Câmpus Pelotas
A11: 10 | B11: Câmpus Pelotas Visconde da Graça
A12: 12 | B12: Câmpus Santana do Livramento
A13: 13 | B13: Câmpus Sapiranga
... A16: 11 | B16: Reitoria

Sheet Bagé
A1: Nº | B1: O que NÃO SE SABE FAZER ou NÃO SER | C1: Perfil dos agentes públicos | D1: Agentes Públicos | E1: Solução para este problema de desempenho | F1: Tema Geral | G1: Recorte do Tema Geral | H1: Nivel de aprendizagem | I1: Capacidade a ser desenvolvida | J1: Resultado que trará para a organização | K1: Solução possível para resolver essa necessidade | L1: Envolve uma ação de desenvolvimento a nível de educação formal | M1: Ação de desenvolvimento sugerida pela Enap | N1: Escola de governo ofertante | O1: Link do curso
A2: 1 | B2: Aprender mais sobre a educação profissional e tecnológica e a gestão pública escolar | C2: todos os servidores | D2: 20 | E2: Especializar em um saber, atividade ou ferramenta de trabalho | F2: Administração Educacional | G2: gestão na educação profissional e tecnológica | H2: APLICAR: quando se precisa executar ou implementar na prática o conteúdo que será aprendido | I2: Superar o desempenho padrão, apresentando soluções alinhadas ao cumprimento de metas e ao alcance dos objetivos estratégicos das organizações públicas | J2: Melhor atuação dos Administradores no IFSul | K2: ACE - centros de excelência | L2: DOUTORADO
A3: 2 | B3: aprender mais sobre a instituição, educação profissional, gestão escolar, gestão pública | C3: administrador | D3: 2 | E3: Especializar em um saber, atividade ou ferramenta de trabalho | F3: Administração Educacional | G3: Gestão e educação profissional | H3: APLICAR: quando se precisa executar ou implementar na prática o conteúdo que será aprendido | I3: Superar o desempenho padrão, apresentando soluções alinhadas ao cumprimento de metas e ao alcance dos objetivos estratégicos das organizações públicas | J3: melhor entendimento da instituição e seu papel dentro dela contribuirá para desempenhar melhor suas funções e atingir os objetivos de ambos | K3: AE - cursos presenciais | L3: MESTRADO | M3: gestão de projetos educacionais | administração pública e contexto institucional contemporâneo | gestão do conhecimento no setor público | N3: EVG(ENAP) | EVG(ENAP) | EVG(ENAP) | O3: https://www.escolavirtual.gov.br/curso/415 | https://www.escolavirtual.gov.br/curso/422 | https://www.escolavirtual.gov.br/curso/414
A4: 3 | B4: APRIMORAR CAPACIDADES E ATUALIZAR CONHECIMENTOS SOBRE NOVAS NORMATIVAS E FERRAMENTAS OPERACIONAIS/SISTEMAS | C4: ATUAÇÃO NAS ÁREAS ADMINISTRATIVAS, FINANCEIRA, CONTÁBIL, SETOR DE COMPRAS E LICITAÇÕES , GESTÃO DE CONTRATOS, GESTÃO ADMINISTRATIVA, CONTROLE DE ALMOXARIFADO / PATRIMONIO | D4: 18 | E4: Especializar em um saber, atividade ou ferramenta de trabalho | F4: Governança e Gestão de Riscos | G4: APRIMORAR O CONHECIMENTO SOBRE GESTÃO DE CONTRATOS , REGISTROS CONTÁBEIS, PATRIMONIAIS e FINANCEIROS, QUALIFICAR A GESTÃO ADMINISTRATIVA | H4: APLICAR: quando se precisa executar ou implementar na prática o conteúdo que será aprendido | I4: Idear soluções inovadoras e efetivas para problemas de baixa, média ou elevada complexidade com a utilização de dados (numéricos e não numéricos) e evidências que aumentem a precisão e viabilidade das soluções | J4: QUALIFICAÇÃO DOS SERVIDORES, ENTREGA DE MELHORES SERVIÇOS PARA A SOCIEDADE, DIMINUIÇÃO DE RISCOS OPERACIONAIS PARA INSTITUIÇÃO | K4: GC - regras e procedimentos | L4: Não. | M4: fiscalização e gestão de contratos de tic | introdução à gestão de riscos | gestão de riscos nas contratações públicas | N4: EVG(ENAP) | EVG(ENAP) | SUAP(ENAP) | O4: https://www.escolavirtual.gov.br/curso/371 | https://www.escolavirtual.gov.br/curso/923 | https://suap.enap.gov.br/portaldoaluno/curso/2072/?area=7
A5: 4 | B5: Aprimorar conhecimentos nas áreas de integração lavoura-pecuária, manejo de pastagens e ovinocultura | C5: Médico Veterinário do Campus Bagé | D5: 1 | E5: Melhorar o que já executo | F5: Pastagem e Forragicultura | G5: Integração lavoura-pecuária, pastagens perenes e anuais de inverno e verão | H5: APLICAR: quando se precisa executar ou implementar na prática o conteúdo que será aprendido | I5: Tomar decisões e gerenciar de forma competente e estratégica os atos da organização | J5: Melhoria na estrutura de aprendizado prático oferecida aos alunos, melhor utilização dos recursos disponíveis e alinhamento com as novas tecnologias utilizadas a campo | K5: GC - melhores práticas | L5: Não.
A6: 5 | B6: Aprimorar conhecimentos relativos a educação profissional e tecnológica. | C6: Assistentes em Administração | D6: 7 | E6: Especializar em um saber, atividade ou ferramenta de trabalho | F6: Administração de Setores Específicos | G6: Mestrado Profissional em Educação Profissional e Tecnologia | H6: CRIAR: quando se precisa generalizar, planejar ou produzir sobre o conteúdo que será aprendido | I6: Idear soluções inovadoras e efetivas para problemas de baixa, média ou elevada complexidade com a utilização de dados (numéricos e não numéricos) e evidências que aumentem a precisão e viabilidade das soluções | J6: Capacidade de promover resultados significativos de melhoramento e produção institucional. | K6: GC - melhores práticas | L6: MESTRADO
A7: 6 | B7: Aprimorar e adquirir capacidades que envolvem tecnologias emergentes, utilizadas no contexto atual da Tecnologia da Informação | C7: Servidores da área de Tecnologia da Informação | D7: 2 | E7: Desenvolver novos saberes, processos ou ferramentas relacionadas ao meu trabalho | F7: Tecnologia da Informação | G7: Tecnologias emergentes da área de Tecnologia da Informação | H7: APLICAR: quando se precisa executar ou implementar na prática o conteúdo que será aprendido | I7: Construir soluções criativas, estratégicas e tempestivas adequadas ao contexto | J7: Aperfeiçoamento sobre as tecnologias atuais utilizadas no âmbito da Tecnologia da Informação | K7: AE - cursos presenciais | L7: Não. | M7: internet das coisas (iot) aplicada para resolução de desafios | inovações em tecnologia educacional | praticando business intelligence | N7: EVG(ENAP) | EVG(ENAP) | SUAP(ENAP) | O7: https://www.escolavirtual.gov.br/curso/534 | https://www.escolavirtual.gov.br/curso/511 | https://suap.enap.gov.br/portaldoaluno/curso/2016/?area=2
A8: 7 | B8: Aprimorar e adquirir capacidades que envolvem tecnologias emergentes, utilizadas no contexto atual da Tecnologia da Informação e Educação | C8: Servidores da área de Tecnologia da Informação | D8: 2 | E8: Desenvolver novos saberes, processos ou ferramentas relacionadas ao meu trabalho | F8: Tecnologia da Informação | G8: Tecnologias emergentes da área de Tecnologia da Informação e Educação | H8: APLICAR: quando se precisa executar ou implementar na prática o conteúdo que será aprendido | I8: Construir soluções criativas, estratégicas e tempestivas adequadas ao contexto | J8: Aperfeiçoamento sobre as tecnologias atuais utilizadas no âmbito da Tecnologia da Informação e Educação | K8: AE - e-learning | L8: MESTRADO | M8: inovações em tecnologia educacional | praticando business intelligence | N8: EVG(ENAP) | SUAP(ENAP) | O8: https://www.escolavirtual.gov.br/curso/511 | https://suap.enap.gov.br/portaldoaluno/curso/2016/?area=2
A9: 8 | B9: APRIMORAR E ATUALIZAR OS CONHECIMENTOS PARA ATENDER DE FORMA PLENA E COM SEGURANÇA SUAS ATIVIDADES EM ATENDIMENTO ÀS NORMAS EXISTENTES. | C9: AGENTES QUE DESENVOLVEM SUAS ATIVIDADES RELACIONADAS A ELABORAÇÃO DE CONTRATOS, GESTÃO E FISCALIZAÇÃO DE CONTRATOS, PLANILHA DE CUSTOS, ELABORAÇÃO DE TERMOS DE REFERÊNCIAS, PROCESSOS LICITATÓRIOS. | D9: 12 | E9: Melhorar o que já executo | F9: Governança e Gestão de Riscos | G9: APRIMORAR CONHECIMENTOS NA ELABORAÇÃO DE CONTRATOS, PROCESSOS DE COMPRAS DE MATERIAIS E SERVIÇOS E, NA GESTÃO DE RISCOS | H9: APLICAR: quando se precisa executar ou implementar na prática o conteúdo que será aprendido | I9: Antecipar, identificar e administrar a ocorrência de situações de risco | J9: MELHOR EFICIÊNCIA, EFICÁCIA E PADRONIZAÇÃO DE PROCEDIMENTOS. | K9: AE - cursos presenciais | L9: Não.
A10: 9 | B10: Aprofundar conhecimentos da área, desde teóricos à práticos, através da participação de eventos, congressos, intercâmbios, ou pós-graduação | C10: Docentes EBTT e TAEs | D10: 20 | E10: Especializar em um saber, atividade ou ferramenta de trabalho | F10: Química Orgânica | G10: Ensino e/ou pesquisa envolvendo reações químicas. | H10: APLICAR: quando se precisa executar ou implementar na prática o conteúdo que será aprendido | I10: Idear soluções inovadoras e efetivas para problemas de baixa, média ou elevada complexidade com a utilização de dados (numéricos e não numéricos) e evidências que aumentem a precisão e viabilidade das soluções | J10: Desenvolvimento de novas tecnologias, produtos, conhecimentos e habilidades. | K10: ACE - centros de excelência | L10: Não.
A11: 10 | B11: Capacidade de produzir atividades baseadas em conhecimento atualizado na área de finanças, compras, almoxarifado, patrimônio e contratos. | C11: Assistentes em Administração | D11: 7 | E11: Especializar em um saber, atividade ou ferramenta de trabalho | F11: Administração de Setores Específicos | G11: Compras e Licitações, Orçamento Financiero e Contabilidade, Contratos, Almoxarifado e Patrimônio. | H11: APLICAR: quando se precisa executar ou implementar na prática o conteúdo que será aprendido | I11: Colaborar e cooperar em atividades desenvolvidas coletivamente para atingir metas compartilhadas | J11: Atividades desenvolvidas com maior aprimoramento e de forma mais eficiente. | K11: RSC - membros, eventos, informações e recursos de comunidade | L11: Não.
A12: 11 | B12: Capacitação sobre atualizações nas Legislações Tributárias, Suprimento de Fundos e Operacionalização dos Sistemas: Comprasnet Contratos, SIAFI e SCDP. | C12: Servidores lotados nas COCAFs | D12: 3 | E12: Especializar em um saber, atividade ou ferramenta de trabalho | F12: Gestor Público | G12: Finanças Públicas | H12: APLICAR: quando se precisa executar ou implementar na prática o conteúdo que será aprendido | I12: Orientar suas ações com base em desempenho, metas, resultados e seus impactos, construídos de forma aderente ao contexto organizacional e social existente | J12: Melhora dos processos e conhecimentos necessários para a execução do trabalho. | K12: AE - cursos presenciais | L12: MESTRADO | M12: scdp - aprovação e pagamento | lei de responsabilidade fiscal (lrf) e novo regime fiscal (nrf) | O arrolamento de bens para a proteção do crédito tributário no âmbito da Receita Federal | N12: EVG(ENAP) | EVG(ENAP) | EVG(Enap) | O12: https://www.escolavirtual.gov.br/curso/362 | https://www.escolavirtual.gov.br/curso/341 | https://www.escolavirtual.gov.br/curso/460
A13: 12 | B13: Comunicação Não Violenta | C13: Assistentes em Administração | D13: 7 | E13: Aprender o básico | F13: Comunicação Institucional | G13: Comunicação Não Violenta | H13: CRIAR: quando se precisa generalizar, planejar ou produzir sobre o conteúdo que será aprendido | I13: Adotar novos insights à sua ação | J13: Ambiente de Trabalhoharmonizado bem como produção de documentos com melhores resultados e níveis de entendimento no grupo. | K13: GT - competências e níveis de proficiência | L13: Não. | M13: comunicação não violenta | N13: EVG(ENAP) | O13: https://www.escolavirtual.gov.br/curso/463
A14: 13 | B14: Ética no serviço Público | C14: Assistentes em Administração | D14: 7 | E14: Aprender o básico | F14: Ética no Setor Público | G14: Ética | H14: CRIAR: quando se precisa generalizar, planejar ou produzir sobre o conteúdo que será aprendido | I14: Colaborar e cooperar em atividades desenvolvidas coletivamente para atingir metas compartilhadas | J14: Espera-se que o servidor tenha suas ações e práticas pautadas na ética prevista em seu código de ações no trabalho. | K14: ACE - centros de excelência | L14: Não. | M14: Ética e Integridade Pública(trilha) | ética e serviço público | introdução à gestão e apuração da ética pública | N14: EVG(ENAP) | EVG(ENAP) | EVG(ENAP) | O14: https://www.escolavirtual.gov.br/trilha/239 | https://www.escolavirtual.gov.br/curso/4 | https://www.escolavirtual.gov.br/curso/347
A15: 14 | B15: Gestão de Pessoas | C15: Assistentes em Administração | D15: 7 | E15: Desenvolver novos saberes, processos ou ferramentas relacionadas ao meu trabalho | F15: Gestão de Pessoas | G15: Gestão de Pessoas | H15: ANALISAR: quando se precisa diferenciar, organizar, atribuir ou concluir sobre o conteúdo que será aprendido | I15: Construir parcerias e fortalecer as relações institucionais, atuando em um ambiente de governança em rede | J15: Colaboração com a gestão de pessoas da insituição | K15: RSC - outras pessoas em funções similares ou relacionadas | L15: Não. | M15: Gestão de Pessoas | N15: EVG(Enap) | O15: https://www.escolavirtual.gov.br/curso/1338
A16: 15 | B16: Há a necessidade de aprimorar os conhecimentos técnicos, de forma mais aprofundada. | C16: Engenheiro Agrônomo do IFSul - Câmpus Bagé. | D16: 1 | E16: Desenvolver novos saberes, processos ou ferramentas relacionadas ao meu trabalho | F16: Ciência do Solo | G16: Agricultura Regenerativa voltada ao estudo de microrganismos, saúde e sustentabilidade do uso solo. | H16: ANALISAR: quando se precisa diferenciar, organizar, atribuir ou concluir sobre o conteúdo que será aprendido | I16: Idear soluções inovadoras e efetivas para problemas de baixa, média ou elevada complexidade com a utilização de dados (numéricos e não numéricos) e evidências que aumentem a precisão e viabilidade das soluções | J16: Com a aprendizagem concluída, conseguirei atender de forma mais eficiente as demandas do setor em que atuo, desenvolvendo atividades de ensino, pesquisa e extensão, de forma mais adequada e tecnicamente mais aprofundada. | K16: GC - tópicos de informação | L16: DOUTORADO
A17: 16 | B17: Habilidades para gerenciar e trabalhar em grupo. | C17: Assistentes em Administração | D17: 7 | E17: Desenvolver novos saberes, processos ou ferramentas relacionadas ao meu trabalho | F17: Gestor Público | G17: Gerenciar equipe, trabalhar em grupo, relacionar-se no ambiente de trabalho, trabalhar em home office, trabalho remoto, trabalho a distância. | H17: CRIAR: quando se precisa generalizar, planejar ou produzir sobre o conteúdo que será aprendido | I17: Colaborar e cooperar em atividades desenvolvidas coletivamente para atingir metas compartilhadas | J17: Eficiência no trabalho remoto, em grupo e situações gerenciais. | K17: AE - cursos presenciais | L17: Não. | M17: Engajamento de pessoas e equipes(trilha) | Habilidades de Gestão de Pessoas | Desenvolvimento de Equipes | N17: EVG(ENAP) | SUAP(ENAP) | SUAP(ENAP) | O17: https://www.escolavirtual.gov.br/trilha/268 | https://suap.enap.gov.br/portaldoaluno/curso/2023/ | https://suap.enap.gov.br/portaldoaluno/curso/2760/
A18: 17 | B18: O doutorado ou pós-doutorado é crucial para aprimorar conhecimentos e habilidades em Ciências e Educação, contribuindo para o docente e a instituição | C18: Docentes | D18: 4 | E18: Especializar em um saber, atividade ou ferramenta de trabalho | F18: Educação e Docência | G18: Análise e melhorias na Educação e Ciências | H18: ANALISAR: quando se precisa diferenciar, organizar, atribuir ou concluir sobre o conteúdo que será aprendido | I18: Identificar suas capacidades e limitações, assumindo o compromisso pelo próprio desenvolvimento, mediante a adoção de uma postura de abertura à aprendizagem contínua | J18: Avanços na qualidade da pesquisa, inovação, desenvolvimento, capacitação, impacto social e acadêmico | K18: GT - objetivos de trabalho e desenvolvimento | L18: DOUTORADO
A19: 18 | B19: O doutorado ou pós-doutorado é crucial para aprimorar conhecimentos e habilidades em Ciências e Educação, contribuindo para o docente e a instituição. | C19: Professores de Ciências, incluindo Química, Física e Biologia. | D19: 2 | E19: Especializar em um saber, atividade ou ferramenta de trabalho | F19: Ensino-Aprendizagem | G19: Análise e melhorias na Educação e Ciências | H19: ANALISAR: quando se precisa diferenciar, organizar, atribuir ou concluir sobre o conteúdo que será aprendido | I19: Identificar suas capacidades e limitações, assumindo o compromisso pelo próprio desenvolvimento, mediante a adoção de uma postura de abertura à aprendizagem contínua | J19: Avanços na qualidade da pesquisa, inovação, desenvolvimento, capacitação, impacto social e acadêmico. | K19: GT - objetivos de trabalho e desenvolvimento | L19: DOUTORADO
A20: 19 | B20: Ortografia e normas técnicas relativas a documentos institucionais | C20: Assistentes em Administração | D20: 7 | E20: Aprender o básico | F20: Língua Portuguesa | G20: Aprimorr o uso da língua falada e escrita | H20: CRIAR: quando se precisa generalizar, planejar ou produzir sobre o conteúdo que será aprendido | I20: Escutar, indagar e expressar conceitos e ideias nos momentos apropriados e de forma efetiva, garantindo uma dinâmica produtiva das interações internas e externas | J20: Documentos mais claros, precisos e corretos | K20: AE - cursos presenciais | L20: Não. | M20: elaboração de editais para aquisições no setor público | Praticando a Aplicação de Penalidades nos Contratos Administrativos | Praticando a Elaboração de Indicadores de Desempenho Institucional | N20: EVG(ENAP) | SUAP(ENAP) | SUAP(ENAP) | O20: https://www.escolavirtual.gov.br/curso/431 | https://suap.enap.gov.br/portaldoaluno/curso/2037/ | https://suap.enap.gov.br/portaldoaluno/curso/2051/
A21: 20 | B21: Profissionalização em Educação e Tecnologia. | C21: Assistentes em Administração | D21: 7 | E21: Desenvolver novos saberes, processos ou ferramentas relacionadas ao meu trabalho | F21: Sociologia do Desenvolvimento | G21: Tecnologias e Educação | H21: CRIAR: quando se precisa generalizar, planejar ou produzir sobre o conteúdo que será aprendido | I21: Autoregular suas emoções de modo a construir uma cultura organizacional fundada em valores humanos, reconhecendo intimamente suas forças e fraquezas de ordem comportamental | J21: Capacidade de promover o uso do aprendizado no ambiente do trabalho | K21: AE - cursos presenciais | L21: DOUTORADO
A22: 21 | B22: RETENÇÕES TRIBUTÁRIAS, SIAFI, LIQUIDAÇÕES, PAGTO., CONTAS VINCULADAS BB, CONFORMIDADE CONTÁBIL E DE GESTÃO E DEMAIS PROCEDIMENTOS CONTÁBEIS | C22: Técnico Contábil - áreas contábil, financeira, orçamentária | D22: 4 | E22: Desenvolver novos saberes, processos ou ferramentas relacionadas ao meu trabalho | F22: Governança e Gestão de Riscos | G22: Desenvolver as atividades do setor com segurança e menores riscos para a instituição. | H22: APLICAR: quando se precisa executar ou implementar na prática o conteúdo que será aprendido | I22: Idear soluções inovadoras e efetivas para problemas de baixa, média ou elevada complexidade com a utilização de dados (numéricos e não numéricos) e evidências que aumentem a precisão e viabilidade das soluções | J22: PADRONIZAÇÃO DE PROCEDIMENTOS E REDUÇÃO DE RISCOS | K22: AE - cursos presenciais | L22: Não. | M22: lei de responsabilidade fiscal (lrf) e novo regime fiscal (nrf) | contabilidade com foco na gestão do patrimônio público | boas práticas em contratos de serviços terceirizados | N22: EVG(ENAP) | EVG(ENAP) | EVG(ENAP) | O22: https://www.escolavirtual.gov.br/curso/341 | https://www.escolavirtual.gov.br/curso/342 | https://www.escolavirtual.gov.br/curso/929
A23: 22 | B23: Treinamentos na área de patrimônio e almoxarifado, licitações | C23: Treinamentos na área de patrimônio e almoxarifado, licitações | D23: 4 | E23: Especializar em um saber, atividade ou ferramenta de trabalho | F23: Políticas Públicas | G23: Gestão de patrimônio e almoxarifado, licitações | H23: APLICAR: quando se precisa executar ou implementar na prática o conteúdo que será aprendido | I23: Escutar, indagar e expressar conceitos e ideias nos momentos apropriados e de forma efetiva, garantindo uma dinâmica produtiva das interações internas e externas | J23: Atingimento de resultados, transparência e motivação. | K23: SD - modelos | L23: MESTRADO

Sheet Camaquã
A1: Nº | B1: O que NÃO SE SABE FAZER ou NÃO SER | C1: Perfil dos agentes públicos | D1: Agentes Públicos | E1: Solução para este problema de desempenho | F1: Tema Geral | G1: Recorte do Tema Geral | H1: Nivel de aprendizagem | I1: Capacidade a ser desenvolvida | J1: Resultado que trará para a organização | K1: Solução possível para resolver essa necessidade | L1: Envolve uma ação de desenvolvimento a nível de educação formal | M1: Ação de desenvolvimento sugerida pela Enap | N1: Escola de governo ofertante | O1: Link do curso
A2: 1 | B2: Adquirir novos conhecimentos que ajudarão a aperfeiçoar o trabalho desenvolvido e aprofundar conhecimentos já adquiridos. | C2: Todos os servidores | D2: 10 | E2: Melhorar o que já executo | F2: Outro - não especificado | G2: Aperfeiçoamento de saberes nas áreas administrativa e do ensino, para aprimoramento do trabalho executado. | H2: APLICAR: quando se precisa executar ou implementar na prática o conteúdo que será aprendido | I2: Identificar suas capacidades e limitações, assumindo o compromisso pelo próprio desenvolvimento, mediante a adoção de uma postura de abertura à aprendizagem contínua | J2: Qualificação do trabalho com desenvolvimento pessoal e profissional | K2: SD - explicações e orientações | L2: Não. | M2: praticando business intelligence | criatividade e inovação aplicada ao serviço público | N2: SUAP(ENAP) | EVG(ENAP) | O2: https://suap.enap.gov.br/portaldoaluno/curso/2016/?area=2 | https://www.escolavirtual.gov.br/curso/467
A3: 2 | B3: Ampliar conhecimento para análise de proteínas hipotéticas e identificar aquelas com potencial para aplicações no controle de agentes patogênicos. | C3: As atividades são de interesse para professores/pesquisadores da área de Biologia Molecular/Genômica que analisam dados de sequenciamento de genomas utilizando ferramentas da Bioinformática e profissionais da informática envolvidos em estudos que analisam dados de sequenciamento de genes. | D3: 1 | E3: Especializar em um saber, atividade ou ferramenta de trabalho | F3: Biologia Molecular | G3: Aplicação de ferramentas de Bioinformática para análise in sílico da sequência de aminoácidos de proteínas hipotéticas, que indiquem provável função. | H3: ANALISAR: quando se precisa diferenciar, organizar, atribuir ou concluir sobre o conteúdo que será aprendido | I3: Idear soluções inovadoras e efetivas para problemas de baixa, média ou elevada complexidade com a utilização de dados (numéricos e não numéricos) e evidências que aumentem a precisão e viabilidade das soluções | J3: Produção de um artigo científico para publicação em revista especializada; continuidade dos projetos de pesquisa e maior envolvimento dos alunos de Ensino Médio na aplicação de ferramentas de Bioinformática para análise de dados genômicos. | K3: RSC - outras pessoas em funções similares ou relacionadas | L3: PÓS-DOUTORADO
A4: 3 | B4: Aprimorar as capacidades existentes | C4: Servidores Técnico-Administrativos | D4: 10 | E4: Melhorar o que já executo | F4: Administração de Setores Específicos | G4: Administração pública | H4: ENTENDER: quando se precisa interpretar, classificar, resumir, inferir, comparar ou explicar o conteúdo que será aprendido | I4: Garantir o atendimento das necessidades dos usuários e dos cidadãos | J4: Melhoria na realização do trabalho diário | K4: GC - melhores práticas | L4: Não. | M4: gerenciamento de serviços de tic focado na administração pública | como fiscalizar com eficiência contratos públicos | praticando o direito administrativo no setor público | N4: EVG(ENAP) | EVG(ENAP) | SUAP(ENAP) | O4: https://www.escolavirtual.gov.br/curso/535 | https://www.escolavirtual.gov.br/curso/706 | https://suap.enap.gov.br/portaldoaluno/curso/1290/?area=13
A5: 4 | B5: Aprimorar as competências socioemocionais, contribuindo para um ambiente escolar não violento. | C5: Técnicos Administrativos em Educação, Técnicos em Assuntos Educacionais, Servidores envolvidos com ações educativas e de apoio ao ensino. | D5: 4 | E5: Melhorar o que já executo | F5: Educação e Docência | G5: Tipos de violência na escola: física, verbal, psicológica, cyberbullying etc., legislação existente, maneiras de prevenção. | H5: APLICAR: quando se precisa executar ou implementar na prática o conteúdo que será aprendido | I5: Antecipar, identificar e administrar a ocorrência de situações de risco | J5: Desenvolimento de um ambiente educacional saudável e pacífico. | K5: GC - regras e procedimentos | L5: Não.
A6: 5 | B6: Aprimorar conhecimentos sobre a educação profissional e a rede federal de ensino | C6: Todos os servidores | D6: 1 | E6: Especializar em um saber, atividade ou ferramenta de trabalho | F6: Educação e Docência | G6: Educação | H6: ENTENDER: quando se precisa interpretar, classificar, resumir, inferir, comparar ou explicar o conteúdo que será aprendido | I6: Identificar suas capacidades e limitações, assumindo o compromisso pelo próprio desenvolvimento, mediante a adoção de uma postura de abertura à aprendizagem contínua | J6: Desenvolvendo pessoal e profissional do servidor | K6: SD - explicações e orientações | L6: MESTRADO | M6: noções básicas para coordenar cursos on-line | N6: EVG(ENAP) | O6: https://www.escolavirtual.gov.br/curso/198
A7: 6 | B7: Aprimorar os conhecimentos, com a finalidade de aplicá-los na prática das rotinas relacionadas à fiscalização e gestão dos contratos administrativos. | C7: servidores ligados às realizações de licitações e à gestão e fiscalização de contratos | D7: 5 | E7: Especializar em um saber, atividade ou ferramenta de trabalho | F7: Administração Educacional | G7: Estudo da aplicação da nova lei de licitações nas fiscalizações e na gestão dos contratos administrativos do Campus. | H7: CRIAR: quando se precisa generalizar, planejar ou produzir sobre o conteúdo que será aprendido | I7: Idear soluções inovadoras e efetivas para problemas de baixa, média ou elevada complexidade com a utilização de dados (numéricos e não numéricos) e evidências que aumentem a precisão e viabilidade das soluções | J7: Será alcançada uma maior eficiência e eficácia nas fiscalizações e na gestão dos contratos administrativos. | K7: GC - regras e procedimentos | L7: Não. | M7: Praticando a gestão e fiscalização de contratos administrativos | gestão e fiscalização de contratos administrativos | Gestão Municipal de Contratos Administrativos | N7: SUAP(ENAP) | EVG(ENAP) | EVG(Enap) | O7: https://suap.enap.gov.br/portaldoaluno/curso/2079/ | https://www.escolavirtual.gov.br/curso/939 | https://www.escolavirtual.gov.br/curso/497
A8: 7 | B8: Aprimorar/aprofundar conhecimentos/habilidades para execução das atividades pertinentes ao setor que atuo, melhorando o atendimento às demandas. | C8: Servidor TAE | D8: 1 | E8: Melhorar o que já executo | F8: Gestão de Pessoas | G8: Sistemas/Legislação e Normas/Conhecimentos específicos da Gestão de Pessoas e demais setores ligados ao Administrativo de IFs. | H8: APLICAR: quando se precisa executar ou implementar na prática o conteúdo que será aprendido | I8: Garantir o atendimento das necessidades dos usuários e dos cidadãos | J8: Eficiência e qualidade na execução das demandas. | K8: GC - melhores práticas | L8: Não. | M8: gerenciamento de serviços de tic focado na administração pública | gestão por competências | praticando o direito administrativo no setor público | N8: EVG(ENAP) | EVG(ENAP) | SUAP(ENAP) | O8: https://www.escolavirtual.gov.br/curso/535 | https://www.escolavirtual.gov.br/curso/175 | https://suap.enap.gov.br/portaldoaluno/curso/1290/?area=13
A9: 8 | B9: Atividades relacionadas com a proposição de projetos de pesquisa | C9: Docentes da área de informática | D9: 5 | E9: Melhorar o que já executo | F9: Sistemas de Computação | G9: Desenvolvimento de sistemas robóticos | H9: ENTENDER: quando se precisa interpretar, classificar, resumir, inferir, comparar ou explicar o conteúdo que será aprendido | I9: Idear soluções inovadoras e efetivas para problemas de baixa, média ou elevada complexidade com a utilização de dados (numéricos e não numéricos) e evidências que aumentem a precisão e viabilidade das soluções | J9: Aumento de proposição de projetos de pesquisa | K9: AE - cursos presenciais | L9: DOUTORADO | M9: gestão de projetos educacionais | inovando na gestão de projetos | uso do design em políticas públicas | N9: EVG(ENAP) | EVG(ENAP) | EVG(ENAP) | O9: https://www.escolavirtual.gov.br/curso/415 | https://www.escolavirtual.gov.br/curso/956 | https://www.escolavirtual.gov.br/curso/506
A10: 9 | B10: Criar e aprimorar novos saberes, processos e ferramentas relacionadas às práticas administrativas e educacionais. | C10: Técnico Assistente em administração | D10: 3 | E10: Desenvolver novos saberes, processos ou ferramentas relacionadas ao meu trabalho | F10: Educação e Docência | G10: Estudos aplicados à educação básica, processos sociais e históricos, tecnologias e seus reflexos no mundo do trabalho e nos movimentos culturais. | H10: CRIAR: quando se precisa generalizar, planejar ou produzir sobre o conteúdo que será aprendido | I10: Idear soluções inovadoras e efetivas para problemas de baixa, média ou elevada complexidade com a utilização de dados (numéricos e não numéricos) e evidências que aumentem a precisão e viabilidade das soluções | J10: Maior qualidade no planejamento, criação e execução de atividades administrativas e educacionais, considerando a missão institucional. | K10: AE - cursos presenciais | L10: DOUTORADO | M10: gestão de projetos educacionais | metodologias ativas | praticando business intelligence | desenho instrucional para soluções de capacitações presenciais | N10: EVG(ENAP) | EVG(ENAP) | SUAP(ENAP) | EVG(ENAP) | O10: https://www.escolavirtual.gov.br/curso/415 | https://www.escolavirtual.gov.br/curso/628 | https://suap.enap.gov.br/portaldoaluno/curso/2016/?area=2 | https://www.escolavirtual.gov.br/curso/250
A11: 10 | B11: Deficiência de doutoras e doutores no quadro do Campus na área de filosofia, para qualificar o corpo docente. | C11: Docente EBTT | D11: 5 | E11: Especializar em um saber, atividade ou ferramenta de trabalho | F11: Educação e Docência | G11: Filosofia, Ética Normativa, Metaética e Ética Aplicada, Aprendizagem e ensino, Tecnologias em sala de aula, Inteligência artificial, | H11: CRIAR: quando se precisa generalizar, planejar ou produzir sobre o conteúdo que será aprendido | I11: Qualificação no campo da pesquisa da educação e na prática docente. | J11: Qualificação da prática docente, ampliando a atuação na área | K11: GC - melhores práticas | L11: DOUTORADO
A12: 11 | B12: Desenvolver novos saberes, processos educativos ou ferramentas relacionadas ao meu trabalho. | C12: Docentes | D12: 10 | E12: Desenvolver novos saberes, processos ou ferramentas relacionadas ao meu trabalho | F12: Educação e Docência | G12: Participação em atividades de formação como congressos, seminários, encontros, simpósios e afins. | H12: CRIAR: quando se precisa generalizar, planejar ou produzir sobre o conteúdo que será aprendido | I12: Criar um ambiente propício à experimentação e à melhoria contínua | J12: Melhoria dos processos de ensino e aprendizagens alinhados com as metas institucionais | K12: GC - melhores práticas | L12: Não. | M12: metodologias ativas | temos que dar aulas remotas... e agora? | criatividade e inovação aplicada ao serviço público | N12: EVG(ENAP) | EVG(ENAP) | EVG(ENAP) | O12: https://www.escolavirtual.gov.br/curso/628 | https://www.escolavirtual.gov.br/curso/313 | https://www.escolavirtual.gov.br/curso/467
A13: 12 | B13: Desenvolver novos saberes, processos ou ferramentas relacionadas ao meu trabalho | C13: Técnico Administrativo em Educação | D13: 1 | E13: Melhorar o que já executo | F13: Direito Público | G13: Compreender o conceito de direito educacional e os aspectos importantes sobre os processos administrativos educacionais. | H13: ENTENDER: quando se precisa interpretar, classificar, resumir, inferir, comparar ou explicar o conteúdo que será aprendido | I13: Garantir o atendimento das necessidades dos usuários e dos cidadãos | J13: Cooperar para o desenvolvimento de um ambiente escolar democrático. | K13: GC - melhores práticas | L13: Não.
A14: 13 | B14: Desenvolver novos saberes, processos ou ferramentas relacionadas ao meu trabalho | C14: Técnico Administrativo em Educação | D14: 1 | E14: Melhorar o que já executo | F14: Administração de Empresas | G14: Aprendizado, planejamento e execução de atividades administrativas. | H14: ENTENDER: quando se precisa interpretar, classificar, resumir, inferir, comparar ou explicar o conteúdo que será aprendido | I14: Garantir o atendimento das necessidades dos usuários e dos cidadãos | J14: Melhoria de processos | K14: GC - melhores práticas | L14: Não. | M14: praticando business intelligence | praticando a gestão do conhecimento no setor público | gestão de projetos educacionais | N14: SUAP(ENAP) | SUAP(ENAP) | EVG(ENAP) | O14: https://suap.enap.gov.br/portaldoaluno/curso/2016/?area=2 | https://suap.enap.gov.br/portaldoaluno/curso/2061/?area=22 | https://www.escolavirtual.gov.br/curso/415
A15: 14 | B15: Desenvolver novos saberes, processos ou ferramentas relacionadas ao meu trabalho | C15: Técnico Administrativo em Educação | D15: 1 | E15: Melhorar o que já executo | F15: Combate à Corrupção | G15: Compreender a importância, os desafios e os princípios para a construção de estruturas de governança adequadas e confiáveis. | H15: ENTENDER: quando se precisa interpretar, classificar, resumir, inferir, comparar ou explicar o conteúdo que será aprendido | I15: CT - Ética e integridade pública: Capacidade de agir de forma refletida e consciente, nas relações profissionais e interpessoais, considerando princíp | J15: Tornar o trabalho mais eficiente e transparente | K15: GC - melhores práticas | L15: Não. | M15: papéis de trabalho em auditoria interna governamental | a responsabilização administrativa na lei anticorrupção | governança, compliance e integridade na administração pública: novidades, desafios e tendências | N15: EVG(ENAP) | EVG(ENAP) | SUAP(ENAP) | O15: https://www.escolavirtual.gov.br/curso/792 | https://www.escolavirtual.gov.br/curso/1058 | https://suap.enap.gov.br/portaldoaluno/curso/2049/?area=3
A16: 15 | B16: Desenvolver novos saberes, processos ou ferramentas relacionadas ao meu trabalho | C16: Mestrado Profissional - Servidores Públicos | D16: 1 | E16: Desenvolver novos saberes, processos ou ferramentas relacionadas ao meu trabalho | F16: Educação e Docência | G16: Educação Profissional | H16: CRIAR: quando se precisa generalizar, planejar ou produzir sobre o conteúdo que será aprendido | I16: Identificar os principais marcos institucionais que podem impactar os processos decisórios e a gestão de programas e projetos no âmbito do setor público | J16: Uma Visão ampliada sobre o que é educação profissional | K16: GT - objetivos de trabalho e desenvolvimento | L16: MESTRADO | M16: aprendizagem organizacional e trilhas de aprendizagem | desenho instrucional para soluções de capacitações presenciais | metodologias ativas | N16: EVG(ENAP) | EVG(ENAP) | EVG(ENAP) | O16: https://www.escolavirtual.gov.br/curso/423 | https://www.escolavirtual.gov.br/curso/250 | https://www.escolavirtual.gov.br/curso/628
A17: 16 | B17: Desenvolver novos saberes, processos ou ferramentas relacionadas ao meu trabalho. | C17: Técnico administrativo em educação. Assistente em administração. | D17: 10 | E17: Melhorar o que já executo | F17: Administração de Setores Específicos | G17: Direito e Educação. Processo administrativo educacional. Modalidades de educação e ensino. | H17: ENTENDER: quando se precisa interpretar, classificar, resumir, inferir, comparar ou explicar o conteúdo que será aprendido | I17: Garantir o atendimento das necessidades dos usuários e dos cidadãos | J17: Maior qualidade na execução das atividades administrativas e no atendimento aos cidadãos. | K17: GC - melhores práticas | L17: Não.
A18: 17 | B18: Desenvolver novos saberes, processos ou ferramentas relacionadas ao meu trabalho. | C18: Técnico administrativo em educação. Assistente em administração. | D18: 10 | E18: Desenvolver novos saberes, processos ou ferramentas relacionadas ao meu trabalho | F18: Administração de Setores Específicos | G18: Governança. Combate à fraude. Auditoria. | H18: ENTENDER: quando se precisa interpretar, classificar, resumir, inferir, comparar ou explicar o conteúdo que será aprendido | I18: Superar o desempenho padrão, apresentando soluções alinhadas ao cumprimento de metas e ao alcance dos objetivos estratégicos das organizações públicas | J18: Maior qualidade na execução das atividades administrativas e no atendimento aos cidadãos. | K18: GC - melhores práticas | L18: Não. | M18: papéis de trabalho em auditoria interna governamental | contratação e fiscalização de obras públicas | como fiscalizar com eficiência contratos públicos | N18: EVG(ENAP) | EVG(ENAP) | EVG(ENAP) | O18: https://www.escolavirtual.gov.br/curso/792 | https://www.escolavirtual.gov.br/curso/949 | https://www.escolavirtual.gov.br/curso/706
A19: 18 | B19: Desenvolver novos saberes, processos ou ferramentas relacionadas ao meu trabalho. | C19: Técnico administrativo em educação. Assistente em administração. | D19: 10 | E19: Desenvolver novos saberes, processos ou ferramentas relacionadas ao meu trabalho | F19: Administração de Setores Específicos | G19: Papel do agente público. Governança. Compliance. Órgãos de controle. | H19: ENTENDER: quando se precisa interpretar, classificar, resumir, inferir, comparar ou explicar o conteúdo que será aprendido | I19: Superar o desempenho padrão, apresentando soluções alinhadas ao cumprimento de metas e ao alcance dos objetivos estratégicos das organizações públicas | J19: Maior qualidade na execução das atividades administrativas e no atendimento ao público. | K19: GC - melhores práticas | L19: Não. | M19: papéis de trabalho em auditoria interna governamental | como fiscalizar com eficiência contratos públicos | gerenciamento de serviços de tic focado na administração pública | N19: EVG(ENAP) | EVG(ENAP) | EVG(ENAP) | O19: https://www.escolavirtual.gov.br/curso/792 | https://www.escolavirtual.gov.br/curso/706 | https://www.escolavirtual.gov.br/curso/535
A20: 19 | B20: Desenvolvimento Profissional em Alfabetização Informacional e Treinamento em Atendimento ao Público em Bibliotecas | C20: Bibliotecários e auxiliar de biblioteca | D20: 3 | E20: Melhorar o que já executo | F20: Biblioteconomia | G20: capacitação em serviços bibliotecários | H20: APLICAR: quando se precisa executar ou implementar na prática o conteúdo que será aprendido | I20: Superar o desempenho padrão, apresentando soluções alinhadas ao cumprimento de metas e ao alcance dos objetivos estratégicos das organizações públicas | J20: Alcançar metas de melhorar o acesso à informação, promover a pesquisa acadêmica e educar a comunidade usuária | K20: RSC - membros, eventos, informações e recursos de comunidade | L20: Não. | M20: Não existem cursos que correspondam à(s) necessidade(s). | N20: [] | O20: []
A21: 20 | B21: É essencial aprimorar o uso de tecnologias educacionais digitais, integrando-as ao ensino, pesquisa e extensão para inovar e melhorar a aprendizagem. | C21: Docentes | D21: 10 | E21: Melhorar o que já executo | F21: Educação e Docência | G21: Informática na Educação | H21: CRIAR: quando se precisa generalizar, planejar ou produzir sobre o conteúdo que será aprendido | I21: Questionar abordagens convencionais na solução de problemas | J21: O aprimoramento do uso de tecnologias educacionais digitais resultará em melhor aprendizagem, inovação pedagógica, contribuindo para a modernização do ensino, o fortalecimento do pensamento computacional e o alinhamento às metas institucionais. | K21: GC - melhores práticas | L21: DOUTORADO | M21: ambientes digitais de aprendizagem | N21: EVG(ENAP) | O21: https://www.escolavirtual.gov.br/curso/418
A22: 21 | B22: É essencial aprimorar o uso de tecnologias educacionais digitais, integrando-as ao ensino, pesquisa e extensão para inovar e melhorar a aprendizagem. | C22: Docentes | D22: 10 | E22: Melhorar o que já executo | F22: Educação e Docência | G22: Informática na educação | H22: CRIAR: quando se precisa generalizar, planejar ou produzir sobre o conteúdo que será aprendido | I22: Adotar novos insights à sua ação | J22: O aprimoramento do uso de tecnologias educacionais digitais resultará em melhor aprendizagem, inovação pedagógica, contribuindo para a modernização do ensino, o fortalecimento do pensamento computacional e o alinhamento às metas institucionais. | K22: GC - melhores práticas | L22: DOUTORADO | M22: ambientes digitais de aprendizagem | N22: EVG(ENAP) | O22: https://www.escolavirtual.gov.br/curso/418
A23: 22 | B23: Emprego Correto da Lingua Culta, Atendimento ao Público, Redação Oficial | C23: Servidores do Registro Acadêmico | D23: 5 | E23: Desenvolver novos saberes, processos ou ferramentas relacionadas ao meu trabalho | F23: Administração Educacional | G23: Serviços burocráticos e o atendimento ao público | H23: APLICAR: quando se precisa executar ou implementar na prática o conteúdo que será aprendido | I23: Idear soluções inovadoras e efetivas para problemas de baixa, média ou elevada complexidade com a utilização de dados (numéricos e não numéricos) e evidências que aumentem a precisão e viabilidade das soluções | J23: Melhor atendimento ao público | K23: GT - objetivos de trabalho e desenvolvimento | L23: Não.
A24: 23 | B24: Língua Portuguesa, Informática, Atendimento ao público | C24: Capacitar os servidores da CORAC para o desempenho de suas funções | D24: 5 | E24: Especializar em um saber, atividade ou ferramenta de trabalho | F24: Administração Educacional | G24: Língua Portuguesa , Informática, Atendimento ao público | H24: ENTENDER: quando se precisa interpretar, classificar, resumir, inferir, comparar ou explicar o conteúdo que será aprendido | I24: Identificar suas capacidades e limitações, assumindo o compromisso pelo próprio desenvolvimento, mediante a adoção de uma postura de abertura à aprendizagem contínua | J24: Atendimento especializado | K24: SD - conselhos e recomendações | L24: Não. | M24: língua brasileira de sinais no serviço público | linguagem simples aproxima o governo das pessoas. como usar? | introdução à libras | linguagem simples aproxima o governo das pessoas. como usar? | sei usar 4.0 | N24: SUAP(ENAP) | EVG(ENAP) | EVG(ENAP) | EVG(ENAP) | EVG(ENAP) | O24: https://suap.enap.gov.br/vitrine/curso/2366/ | https://www.escolavirtual.gov.br/curso/332 | https://www.escolavirtual.gov.br/curso/11 | https://www.escolavirtual.gov.br/curso/332 | https://www.escolavirtual.gov.br/curso/1052
A25: 24 | B25: Qualificação do servidor | C25: Servidores Técnico Administrativos | D25: 5 | E25: Desenvolver novos saberes, processos ou ferramentas relacionadas ao meu trabalho | F25: Administração Educacional | G25: Conhecer a Rede Federal | H25: ENTENDER: quando se precisa interpretar, classificar, resumir, inferir, comparar ou explicar o conteúdo que será aprendido | I25: Identificar os principais marcos institucionais que podem impactar os processos decisórios e a gestão de programas e projetos no âmbito do setor público | J25: Servidores qualificados, capacitados e seguros de seu papel na sociedade | K25: RSC - outras pessoas em funções similares ou relacionadas | L25: MESTRADO

Sheet Charqueadas
A1: Nº | B1: O que NÃO SE SABE FAZER ou NÃO SER | C1: Perfil dos agentes públicos | D1: Agentes Públicos | E1: Solução para este problema de desempenho | F1: Tema Geral | G1: Recorte do Tema Geral | H1: Nivel de aprendizagem | I1: Capacidade a ser desenvolvida | J1: Resultado que trará para a organização | K1: Solução possível para resolver essa necessidade | L1: Envolve uma ação de desenvolvimento a nível de educação formal | M1: Ação de desenvolvimento sugerida pela Enap | N1: Escola de governo ofertante | O1: Link do curso
A2: 1 | B2: Aprimorar capacidades e atualizar conhecimentos sobre novas normativas e ferramentas operacionais e sistemas. | C2: servidores administrativos | D2: 15 | E2: Melhorar o que já executo | F2: Administração de Setores Específicos | G2: Atuação nas áreas administrativas, financeira, contábil, setor de compras e licitações, gestão de contratos, gestão administrativa. | H2: APLICAR: quando se precisa executar ou implementar na prática o conteúdo que será aprendido | I2: Escutar, indagar e expressar conceitos e ideias nos momentos apropriados e de forma efetiva, garantindo uma dinâmica produtiva das interações internas e externas | J2: Conhecimento aprimorado | K2: SD - explicações e orientações | L2: Não.
A3: 2 | B3: Aprimorar conhecimentos para atendimento educacional especializado | C3: Técnicos Administrativos do Ensino - Assistentes de Alunos | D3: 5 | E3: Desenvolver novos saberes, processos ou ferramentas relacionadas ao meu trabalho | F3: Educação e Docência | G3: Atendimento Educacional Especializado | H3: APLICAR: quando se precisa executar ou implementar na prática o conteúdo que será aprendido | I3: CT - Diversidade e inclusão: Capacidade de reconhecer e valorizar a diversidade de características, identidades, vivências e perspectivas de pessoas e | J3: Proporcionar atendimento e ou acompanhamento à estudantes com transtorno do espectro autista/ TEA. | K3: ACE - centros de excelência | L3: Não.
A4: 3 | B4: Aprimorar conhecimentos sobre planejamento de contratação, para auxiliar as áreas requisitantes na elaboração dos documentos para esta etapa. | C4: Servidores técnico-administrativos de áreas requisitantes na contratação de serviços. | D4: 15 | E4: Desenvolver novos saberes, processos ou ferramentas relacionadas ao meu trabalho | F4: Logística e Compras Públicas | G4: Aquisições dentro das necessidades do órgão. | H4: APLICAR: quando se precisa executar ou implementar na prática o conteúdo que será aprendido | I4: Colaborar e cooperar em atividades desenvolvidas coletivamente para atingir metas compartilhadas | J4: Desenvolvimento de projetos de planejamento eficazes para o período e posteriores. | K4: GC - melhores práticas | L4: Não. | M4: planejamento da contratação de soluções de tic | elaboração de termos de referência para contratação de bens e serviços na nova lei de licitações | N4: EVG(ENAP) | EVG(ENAP) | O4: https://www.escolavirtual.gov.br/curso/343 | https://www.escolavirtual.gov.br/curso/941
A5: 4 | B5: Atualização em relaçâo às Leis que regem a Educação Nacional | C5: Servidores Técnicos Administrativos vinculados ao ensino (DEPEX) | D5: 40 | E5: Especializar em um saber, atividade ou ferramenta de trabalho | F5: Fundamentos da Educação | G5: A educação no texto constitucional e seus desdobramentos | H5: ENTENDER: quando se precisa interpretar, classificar, resumir, inferir, comparar ou explicar o conteúdo que será aprendido | I5: Garantir o atendimento das necessidades dos usuários e dos cidadãos | J5: Embasamento legal para as ações desenvolvidas no ambiente educacional. | K5: ACE - centros de excelência | L5: Não.
A6: 5 | B6: Atualização no uso das ferramentas digitais como: Planilhas, editores de texto e apresentações (Excel, Word, Googleforms...) | C6: Servidores TAE vinculados ao Depex | D6: 40 | E6: Melhorar o que já executo | F6: Tecnologia da Informação | G6: Ferramentas Digitais para uso no serviço público | H6: APLICAR: quando se precisa executar ou implementar na prática o conteúdo que será aprendido | I6: Integrar as tecnologias digitais com: os modelos de gestão; os processos de tomada de decisão e geração de produtos e serviços; e os meios de comunicação interna, externa e de relacionamento com usuários | J6: Eficiência e eficácia no desempenho das atividades relacionadas com a utilização de ferramenta digitais | K6: SD - instruções passo a passo | L6: Não. | M6: o papel do devops na transformação digital dos serviços públicos | cadastro de informações sobre serviços no portal gov.br | estratégias de marketing digital para a administração pública | N6: EVG(ENAP) | EVG(ENAP) | EVG(ENAP) | O6: https://www.escolavirtual.gov.br/curso/366 | https://www.escolavirtual.gov.br/curso/509 | https://www.escolavirtual.gov.br/curso/806
A7: 6 | B7: Atualizar e preparar para as demandas atuais do ensino de inglês, por meio do desenvolvimento de competências teóricas e metodológicas variadas. | C7: Professores EBTT - Língua Inglesa | D7: 1 | E7: Melhorar o que já executo | F7: Línguas Estrangeiras Modernas | G7: Organização do trabalho com grupos heterogêneos e Resistência à aprendizagem de inglês na EJA. | H7: APLICAR: quando se precisa executar ou implementar na prática o conteúdo que será aprendido | I7: Idear soluções inovadoras e efetivas para problemas de baixa, média ou elevada complexidade com a utilização de dados (numéricos e não numéricos) e evidências que aumentem a precisão e viabilidade das soluções | J7: Aprendizagem significativa. | K7: SD - explicações e orientações | L7: ESPECIALIZAÇÃO
A8: 7 | B8: Busca por aprimoramento de processos e tramites ligadas a gestão de entes públicos no geral. | C8: Servidores técnicos administrativos ligados ao DEAP. | D8: 20 | E8: Melhorar o que já executo | F8: Gestor Público | G8: Gestão pública | H8: APLICAR: quando se precisa executar ou implementar na prática o conteúdo que será aprendido | I8: Idear soluções inovadoras e efetivas para problemas de baixa, média ou elevada complexidade com a utilização de dados (numéricos e não numéricos) e evidências que aumentem a precisão e viabilidade das soluções | J8: Melhoria nos processos gerenciais e melhor desempenho das funções inerentes ai cargo. | K8: GC - melhores práticas | L8: ESPECIALIZAÇÃO | M8: gerenciamento de serviços de tic focado na administração pública | gestão estratégica e execução do plano de governo no dia a dia | análise e melhoria de processos | N8: EVG(ENAP) | EVG(ENAP) | EVG(ENAP) | O8: https://www.escolavirtual.gov.br/curso/535 | https://www.escolavirtual.gov.br/curso/496 | https://www.escolavirtual.gov.br/curso/424
A9: 8 | B9: Consciência ambiental | C9: Público diversificado, todos os setores poderiam estar envolvidos. | D9: 100 | E9: Desenvolver novos saberes, processos ou ferramentas relacionadas ao meu trabalho | F9: Outro - não especificado | G9: Educação e Tecnologia ambiental | H9: APLICAR: quando se precisa executar ou implementar na prática o conteúdo que será aprendido | I9: Construir soluções criativas, estratégicas e tempestivas adequadas ao contexto | J9: Ambientes mais saudáveis, com redução de resíduos e uma desenvolvimento de consciência coletiva. | K9: GT - objetivos de trabalho e desenvolvimento | L9: DOUTORADO
A10: 9 | B10: Desempenhar da melhor forma e com atualização dos cenários atuais ligados a administração pública. | C10: Técnicos administrativos | D10: 20 | E10: Melhorar o que já executo | F10: Administração de Setores Específicos | G10: Gestão pública, atualização de legislações e práticas vigentes. | H10: APLICAR: quando se precisa executar ou implementar na prática o conteúdo que será aprendido | I10: Superar o desempenho padrão, apresentando soluções alinhadas ao cumprimento de metas e ao alcance dos objetivos estratégicos das organizações públicas | J10: Melhor desempenho dos servidores, constante capacitação para um melhor desempenho das atividades diárias. | K10: GT - funções e descrições de cargo | L10: Não. | M10: gestão estratégica e execução do plano de governo no dia a dia | análise ex ante de políticas públicas | políticas públicas e governo local | Gestão Integrada na Administração Pública | N10: EVG(ENAP) | EVG(ENAP) | EVG(ENAP) | SUAP(ENAP) | O10: https://www.escolavirtual.gov.br/curso/496 | https://www.escolavirtual.gov.br/curso/142 | https://www.escolavirtual.gov.br/curso/124 | https://suap.enap.gov.br/portaldoaluno/curso/2743/
A11: 10 | B11: Desenvolver conhecimentos sobre gestão de projetos, a fim de aplicá-los na prática. | C11: Ocupante de cargo de tecnólogo/formação. | D11: 1 | E11: Melhorar o que já executo | F11: Estratégia, Projetos e Processos | G11: Planejamento e execução. | H11: APLICAR: quando se precisa executar ou implementar na prática o conteúdo que será aprendido | I11: Identificar os principais marcos institucionais que podem impactar os processos decisórios e a gestão de programas e projetos no âmbito do setor público | J11: Melhoria da capacidade de desenvolver atividades ligadas ao setor de lotação. | K11: GC - regras e procedimentos | L11: Não. | M11: gestão de projetos | inovando na gestão de projetos | Dominando a Gestão de Projetos | N11: EVG(ENAP) | EVG(ENAP) | SUAP(ENAP) | O11: https://www.escolavirtual.gov.br/curso/787 | https://www.escolavirtual.gov.br/curso/956 | https://suap.enap.gov.br/portaldoaluno/curso/2026/
A12: 11 | B12: Fundamentação teórica acerca das atividades de secretariado escolar | C12: Técnicos Administrativos em Educação vinculados ao Ensino (DEPEX/CORAC) | D12: 50 | E12: Desenvolver novos saberes, processos ou ferramentas relacionadas ao meu trabalho | F12: Administração Educacional | G12: Práticas de organização e gerenciamento no âmbito da secretaria escolar | H12: APLICAR: quando se precisa executar ou implementar na prática o conteúdo que será aprendido | I12: Garantir o atendimento das necessidades dos usuários e dos cidadãos | J12: Propiciar a atualização e/ou modernização das atividades desempenhadas no âmbito da secretaria escolar | K12: GC - melhores práticas | L12: Não. | M12: estruturas de gestão pública | praticando a gestão do conhecimento no setor público | gestão de projetos educacionais | N12: EVG(ENAP) | SUAP(ENAP) | EVG(ENAP) | O12: https://www.escolavirtual.gov.br/curso/281 | https://suap.enap.gov.br/portaldoaluno/curso/2061/?area=22 | https://www.escolavirtual.gov.br/curso/415
A13: 12 | B13: Habilidades na área de relações interpessoais, ética no serviço público | C13: Servidores que desenvolvam ações direcionadas aos estudantes e suas familias | D13: 3 | E13: Desenvolver novos saberes, processos ou ferramentas relacionadas ao meu trabalho | F13: Fundamentos do Serviço Social | G13: Serviço Social na Área da educação | H13: APLICAR: quando se precisa executar ou implementar na prática o conteúdo que será aprendido | I13: CT - Diversidade e inclusão: Capacidade de reconhecer e valorizar a diversidade de características, identidades, vivências e perspectivas de pessoas e | J13: Uma ação profissional mais reflexiva e potente, voltada ao cumprimento da missão institucional | K13: RSC - membros, eventos, informações e recursos de comunidade | L13: Não. | M13: Ética e Integridade Pública(trilha) | gestão e apuração da ética pública - avançado | Ética em Contratações Públicas | Gestão e Apuração da Ética - Básico | N13: EVG(ENAP) | SUAP(ENAP) | SUAP(ENAP) | SUAP(ENAP) | O13: https://www.escolavirtual.gov.br/trilha/239 | https://suap.enap.gov.br/portaldoaluno/curso/2034/?area=24 | https://suap.enap.gov.br/portaldoaluno/curso/2031/ | https://suap.enap.gov.br/portaldoaluno/curso/2032/
A14: 13 | B14: Lidar melhor com situações específicas pertinentes à área de educação | C14: Servidores Técnicos Administrativos em Educação vinculados ao DEAP | D14: 2 | E14: Desenvolver novos saberes, processos ou ferramentas relacionadas ao meu trabalho | F14: Educação e Docência | G14: Mestrado em Educação Profissional e Tecnológica | H14: ENTENDER: quando se precisa interpretar, classificar, resumir, inferir, comparar ou explicar o conteúdo que será aprendido | I14: Um melhor desenvolvimento com relação ao setor no que tange à questões pertinentes à educação | J14: Lidar melhor com situações específicas pertinentes à área de educação | K14: GC - melhores práticas | L14: MESTRADO | M14: desenho instrucional para soluções de capacitações presenciais | formação de facilitadores de aprendizagem | estratégias para facilitação de aulas remotas | N14: EVG(ENAP) | EVG(ENAP) | SUAP(ENAP) | O14: https://www.escolavirtual.gov.br/curso/250 | https://www.escolavirtual.gov.br/curso/141 | https://suap.enap.gov.br/portaldoaluno/curso/2040/?area=14
A15: 14 | B15: Melhoria de processos, agilidade na busca por informações dos resultados de licitações e acompanhamento de atas de registro de preços. | C15: TAEs | D15: 7 | E15: Desenvolver novos saberes, processos ou ferramentas relacionadas ao meu trabalho | F15: Tecnologia da Informação | G15: Uso do chat GPT e outras ferramentas de inteligência artificial para melhoria das rotinas de trabalho | H15: ENTENDER: quando se precisa interpretar, classificar, resumir, inferir, comparar ou explicar o conteúdo que será aprendido | I15: Integrar as tecnologias digitais com: os modelos de gestão; os processos de tomada de decisão e geração de produtos e serviços; e os meios de comunicação interna, externa e de relacionamento com usuários | J15: Maior celeridade nas tomadas de decisão de gestão, bases de dados mais eficientes. | K15: GC - tópicos de informação | L15: Não.
A16: 15 | B16: Mudanças dadas pela Lei 14.133/2021 e seus desdobramentos nas coordenadorias de licitações e compras bem como demais setores que apoiam os processos. | C16: TAEs | D16: 7 | E16: Melhorar o que já executo | F16: Logística e Compras Públicas | G16: Mudanças trazidas pela NLCC 14.133/2021 | H16: APLICAR: quando se precisa executar ou implementar na prática o conteúdo que será aprendido | I16: Tomar decisões e gerenciar de forma competente e estratégica os atos da organização | J16: Contratações mais eficientes e alinhadas a visão estratégica do IF Sul. | K16: ACE - centros de excelência | L16: Não. | M16: contratações diretas na nova lei de licitações | nova lei de licitações e contratos: aspectos gerais e pontos de atenção | nova lei de licitações: gestão contratual | N16: EVG(ENAP) | EVG(ENAP) | EVG(ENAP) | O16: https://www.escolavirtual.gov.br/curso/926 | https://www.escolavirtual.gov.br/curso/887 | https://www.escolavirtual.gov.br/curso/440
A17: 16 | B17: Qualificação no desempenho das atividades pertinentes ao cargo. | C17: Servidores TAEs - Engenheiro - área civil | D17: 5 | E17: Desenvolver novos saberes, processos ou ferramentas relacionadas ao meu trabalho | F17: Construção Civil | G17: Estruturas, eficiência energética, meio-ambiente, edificações e obras de infraestrutura. | H17: CRIAR: quando se precisa generalizar, planejar ou produzir sobre o conteúdo que será aprendido | I17: Idear soluções inovadoras e efetivas para problemas de baixa, média ou elevada complexidade com a utilização de dados (numéricos e não numéricos) e evidências que aumentem a precisão e viabilidade das soluções | J17: Melhorias nos projetos desenvolvidos para as edificações e infraestrutura geral dos campi do instituto. | K17: GC - melhores práticas | L17: DOUTORADO | M17: fiscalização de projetos e obras de engenharia | estratégias de produtividade: clareza, propósito e priorização de tarefas | N17: EVG(ENAP) | EVG(ENAP) | O17: https://www.escolavirtual.gov.br/curso/940 | https://www.escolavirtual.gov.br/curso/444
A18: 17 | B18: reflexão sobre os princípios e fundamentos relacionados à ética | C18: TAES ligados ao DEAP | D18: 10 | E18: Especializar em um saber, atividade ou ferramenta de trabalho | F18: Ética no Setor Público | G18: Ética no Serviço Público | H18: ENTENDER: quando se precisa interpretar, classificar, resumir, inferir, comparar ou explicar o conteúdo que será aprendido | I18: CT - Ética e integridade pública: Capacidade de agir de forma refletida e consciente, nas relações profissionais e interpessoais, considerando princíp | J18: reflexão sobre os princípios e fundamentos relacionados à ética | K18: GC - melhores práticas | L18: Não. | M18: ética em ia | gestão e apuração da ética pública - avançado | Ética em Contratações Públicas | introdução à gestão e apuração da ética pública | N18: EVG(ENAP) | SUAP(ENAP) | SUAP(ENAP) | EVG(ENAP) | O18: https://www.escolavirtual.gov.br/curso/1090 | https://suap.enap.gov.br/portaldoaluno/curso/2034/?area=24 | https://suap.enap.gov.br/portaldoaluno/curso/2031/ | https://www.escolavirtual.gov.br/curso/347

Sheet Gravataí
A1: Nº | B1: O que NÃO SE SABE FAZER ou NÃO SER | C1: Perfil dos agentes públicos | D1: Agentes Públicos | E1: Solução para este problema de desempenho | F1: Tema Geral | G1: Recorte do Tema Geral | H1: Nivel de aprendizagem | I1: Capacidade a ser desenvolvida | J1: Resultado que trará para a organização | K1: Solução possível para resolver essa necessidade | L1: Envolve uma ação de desenvolvimento a nível de educação formal | M1: Ação de desenvolvimento sugerida pela Enap | N1: Escola de governo ofertante | O1: Link do curso
A2: 1 | B2: Aprimoramento na carreira profissional TAE. | C2: Servidores(as) de nível médio, técnico e superior da carreira TAE. | D2: 4 | E2: Desenvolver novos saberes, processos ou ferramentas relacionadas ao meu trabalho | F2: Educação e Docência | G2: Mestrado em Educação, Administração, Economia, PROFEPT, Direito | H2: ANALISAR: quando se precisa diferenciar, organizar, atribuir ou concluir sobre o conteúdo que será aprendido | I2: Identificar os principais marcos institucionais que podem impactar os processos decisórios e a gestão de programas e projetos no âmbito do setor público | J2: Melhoria e aprimoramento na entrega de um serviço público gratuito, para a comunidade escolar. | K2: RSC - membros, eventos, informações e recursos de comunidade | L2: MESTRADO
A3: 2 | B3: Aprimorar conhecimento de diferentes métodos e ferramentas para trabalhar com grande volume de dados | C3: Professor EBTT da área de TI | D3: 1 | E3: Desenvolver novos saberes, processos ou ferramentas relacionadas ao meu trabalho | F3: Análise e Ciência de Dados | G3: Gestão de Big Data e Business Analytics | H3: APLICAR: quando se precisa executar ou implementar na prática o conteúdo que será aprendido | I3: Idear soluções inovadoras e efetivas para problemas de baixa, média ou elevada complexidade com a utilização de dados (numéricos e não numéricos) e evidências que aumentem a precisão e viabilidade das soluções | J3: Avaliar, propor e definir soluções nas situações que envolvem a análise de grande volume de dados, estruturados e não-estruturados, para a solução de problemas, na detecção de padrões e/ou obtenção de insights para possíveis tomadas de decisão | K3: AE - e-learning | L3: ESPECIALIZAÇÃO | M3: big data em apoio à tomada de decisão | praticando business intelligence | análise de dados como suporte à tomada de decisão | N3: EVG(ENAP) | SUAP(ENAP) | EVG(ENAP) | O3: https://www.escolavirtual.gov.br/curso/800 | https://suap.enap.gov.br/portaldoaluno/curso/2016/?area=2 | https://www.escolavirtual.gov.br/curso/406
A4: 3 | B4: Aprimorar conhecimentos na área de administração de sistemas em distribuições Linux p/ aperfeiçoamento da configuração/oferta de serviços na internet | C4: Professor EBTT / área de TI | D4: 1 | E4: Melhorar o que já executo | F4: Tecnologia da Informação | G4: Administração de Sistemas | H4: APLICAR: quando se precisa executar ou implementar na prática o conteúdo que será aprendido | I4: Incrementar melhorias na aulas práticas na área de sistemas operacionais e redes de computadores | J4: Incrementar melhorias na aulas práticas na área de sistemas operacionais e redes de computadores | K4: AE - e-learning | L4: Não. | M4: sistema eletrônico de informações - sei! administrar | introdução ao sistema sigepe - afd | sistema eletrônico de informações - sei! usar | N4: EVG(ENAP) | EVG(ENAP) | EVG(ENAP) | O4: https://www.escolavirtual.gov.br/curso/304 | https://www.escolavirtual.gov.br/curso/223 | https://www.escolavirtual.gov.br/curso/74
A5: 4 | B5: Aprimorar conhecimentos na área de ensino de língua estrangeira, em especial, língua inglesa, focando no aspecto comunicativo em tempos de IA. | C5: Professores EBTT da área de Letras | D5: 3 | E5: Melhorar o que já executo | F5: Línguas Estrangeiras Modernas | G5: Ensino de língua inglesa com foco em atividades comunicativas | H5: CRIAR: quando se precisa generalizar, planejar ou produzir sobre o conteúdo que será aprendido | I5: Suscitar e encorajar ideias de vanguarda e novas formas de se trabalhar, adotando medidas incrementais ou disruptivas para que a organização responda adequadamento ao contexto e se prepare para cenários futuros | J5: Promoção de aulas de língua inglesa mais interativas e condizentes com o momento atual, permeado por tecnologias como a IA. | K5: AE - cursos presenciais | L5: Não.
A6: 5 | B6: aprimorar conhecimentos na área de literatura brasileira, com foco em produções afro-brasileiras e indígenas. | C6: Professor EBTT da área de Letras | D6: 3 | E6: Melhorar o que já executo | F6: Literatura Comparada | G6: Literatura afro-brasileira e indígena | H6: ANALISAR: quando se precisa diferenciar, organizar, atribuir ou concluir sobre o conteúdo que será aprendido | I6: Adotar novos insights à sua ação | J6: Aulas que contemplem mais adequadamente as leis 10.639/2003 e 11.645/2008. | K6: AE - e-learning | L6: Não. | M6: Educação Patrimonial e Diversidade | N6: EVG(Enap) | O6: https://www.escolavirtual.gov.br/curso/1020
A7: 6 | B7: Aprimorar conhecimentos relativos aos processos de gestão e ensino que envolvem o acesso, a permanência e o êxito dos estudantes. | C7: Servidor técnico em assuntos educacionais que atua no Departamento de Ensino. | D7: 1 | E7: Desenvolver novos saberes, processos ou ferramentas relacionadas ao meu trabalho | F7: Educação e Docência | G7: Modalidade do Ensino Médio Integrado (incluindo o PROEJA). | H7: ANALISAR: quando se precisa diferenciar, organizar, atribuir ou concluir sobre o conteúdo que será aprendido | I7: Superar o desempenho padrão, apresentando soluções alinhadas ao cumprimento de metas e ao alcance dos objetivos estratégicos das organizações públicas | J7: A capacitação nos processos que envolvem a gestão e o ensino, voltados aos cursos EMI (incluído o PROEJA), é uma das estratégias de fortalecimento e consolidação da modalidade, em aspectos que envolvem acesso, permanência e êxito. | K7: AE - cursos presenciais | L7: DOUTORADO
A8: 7 | B8: Aprimorar conhecimentos relativos aos processos de gestão e ensino que envolvem o acesso, a permanência e o êxito dos estudantes. | C8: Técnico Administrativo em Educação | D8: 1 | E8: Desenvolver novos saberes, processos ou ferramentas relacionadas ao meu trabalho | F8: Educação e Docência | G8: Educação e políticas públicas educacionais | H8: ANALISAR: quando se precisa diferenciar, organizar, atribuir ou concluir sobre o conteúdo que será aprendido | I8: Superar o desempenho padrão, apresentando soluções alinhadas ao cumprimento de metas e ao alcance dos objetivos estratégicos das organizações públicas | J8: Melhora dos processos e aprimoramento na atuação profissional que resultem em permanência e êxito dos estudantes, colaborando com a realização dos objetivos institucionais. | K8: GC - melhores práticas | L8: DOUTORADO
A9: 8 | B9: Aprimorar conhecimentos relativos aos processos de gestão e ensino que envolvem o acesso, a permanência e o êxito dos estudantes. | C9: Servidores que atuam nos setores pedagógicos da instituição, como pedagogos, técnicos em assuntos educacionais, assistente de alunos, etc. | D9: 1 | E9: Desenvolver novos saberes, processos ou ferramentas relacionadas ao meu trabalho | F9: Educação e Docência | G9: Ensino Médio Integrado na modalidade de Educação de Jovens e Adultos | H9: ANALISAR: quando se precisa diferenciar, organizar, atribuir ou concluir sobre o conteúdo que será aprendido | I9: Garantir o atendimento das necessidades dos usuários e dos cidadãos | J9: A capacitação nos processos que envolvem a gestão e o ensino, voltados aos cursos EMI, em especial na modalidade de EJA, é uma das estratégias de fortalecimento e consolidação da modalidade. | K9: AE - cursos presenciais | L9: DOUTORADO
A10: 9 | B10: Aprimorar o atendimento a estudantes neurodivergentes. | C10: Professores EBTT que atuam especialmente com Ensino Médio | D10: 20 | E10: Aprender o básico | F10: Outro - não especificado | G10: Educação Inclusiva | H10: ENTENDER: quando se precisa interpretar, classificar, resumir, inferir, comparar ou explicar o conteúdo que será aprendido | I10: CT - Diversidade e inclusão: Capacidade de reconhecer e valorizar a diversidade de características, identidades, vivências e perspectivas de pessoas e | J10: atendimento adequado de demandas das pessoas com necessidades específicas/neurodivergentes | K10: AE - e-learning | L10: Não.
A11: 10 | B11: Atualizar a minha formação sobre : - biologia geral - habilidades de relacionamento interpessoal - habilidades de docência | C11: Professor EBTT | D11: 28 | E11: Melhorar o que já executo | F11: Biologia Geral | G11: botânica - zoologia - biologia celular - genética - bioquímica | H11: APLICAR: quando se precisa executar ou implementar na prática o conteúdo que será aprendido | I11: Suscitar e encorajar ideias de vanguarda e novas formas de se trabalhar, adotando medidas incrementais ou disruptivas para que a organização responda adequadamento ao contexto e se prepare para cenários futuros | J11: Melhoria do meu desempenho como servidora pública | K11: SD - explicações e orientações | L11: ENSINO SUPERIOR
A12: 11 | B12: Compreender de maneira mais profunda as teorias e práticas docentes contemporâneas, aperfeiçoando habilidades técnicas e estratégias pedagógicas. | C12: Docentes ativos, envolvidos com docência e projetos vinculados à instituição. | D12: 26 | E12: Especializar em um saber, atividade ou ferramenta de trabalho | F12: Educação e Docência | G12: Estudo de teorias da docência, métodos e estratégias de desenvolvimento crítico e inclusão relacionadas ao saber pedagógico. | H12: CRIAR: quando se precisa generalizar, planejar ou produzir sobre o conteúdo que será aprendido | I12: Escutar, indagar e expressar conceitos e ideias nos momentos apropriados e de forma efetiva, garantindo uma dinâmica produtiva das interações internas e externas | J12: Como resultado, adquire-se a competência de aplicar e inovar práticas pedagógicas diversas, com ênfase na criação de estratégias que incentivem uma aprendizagem ampla, relevante e inclusiva. | K12: GC - melhores práticas | L12: DOUTORADO | M12: metodologias ativas | estratégias de metodologias ativas | desenho instrucional para soluções de capacitações presenciais | Educação Museal I - Referencial Teórico | N12: EVG(ENAP) | EVG(ENAP) | EVG(ENAP) | EVG(Enap) | O12: https://www.escolavirtual.gov.br/curso/628 | https://www.escolavirtual.gov.br/curso/436 | https://www.escolavirtual.gov.br/curso/250 | https://www.escolavirtual.gov.br/curso/953
A13: 12 | B13: Compreender de maneira mais profunda as teorias linguísticas e literárias contemporâneas, aperfeiçoando habilidades técnicas e pedagógicas. | C13: Docentes da área de Linguagens (que lecionem Língua Portuguesa, Literatura Brasileira, Português Instrumental, Redação, Metodologia Científica, dentre outras disciplinas afins) atendidos pela disponibilidade de capacitação e aperfeiçoamento institucionais. | D13: 3 | E13: Especializar em um saber, atividade ou ferramenta de trabalho | F13: Língua Portuguesa | G13: Estudo de teorias contemporâneas, especialmente linguística, literatura e semiótica, compreendendo conceitos centrais para a interpretação textual. | H13: CRIAR: quando se precisa generalizar, planejar ou produzir sobre o conteúdo que será aprendido | I13: Escutar, indagar e expressar conceitos e ideias nos momentos apropriados e de forma efetiva, garantindo uma dinâmica produtiva das interações internas e externas | J13: Como resultado, desenvolve-se a capacidade de aplicar e inovar metodologias pedagógicas no ensino de Língua Portuguesa e Literatura, com ênfase no desenvolvimento de estratégias para promover a aprendizagem crítica, significativa e inclusiva. | K13: GC - melhores práticas | L13: DOUTORADO | M13: Atenção individualizada a estudantes e suas famílias | N13: EVG(Enap) | O13: https://www.escolavirtual.gov.br/curso/907
A14: 13 | B14: Deficiência de doutoras e doutores no quadro do Campus, para qualificar o corpo docente (que pode aumentar notas de cursos superiores, por exemplo). | C14: Docente EBTT | D14: 5 | E14: Especializar em um saber, atividade ou ferramenta de trabalho | F14: Educação e Docência | G14: Aprendizagem e ensino, Tecnologias em sala de aula, Inteligência artificial | H14: CRIAR: quando se precisa generalizar, planejar ou produzir sobre o conteúdo que será aprendido | I14: Qualificação no campo da pesquisa da educação e na prática docente. | J14: Qualificação da prática docente, ampliando a atuação na área | K14: GC - melhores práticas | L14: DOUTORADO
A15: 14 | B15: Deficiência de doutoras e doutores no quadro do Campus, para qualificar o corpo docente (que pode aumentar notas de cursos superiores, por exemplo). | C15: Docente EBTT - área de tecnologia da informação | D15: 5 | E15: Especializar em um saber, atividade ou ferramenta de trabalho | F15: Tecnologia da Informação | G15: Computação móvel e ubíqua, computação aplicada, redes de computadores, ciência de dados, inteligência artificial | H15: CRIAR: quando se precisa generalizar, planejar ou produzir sobre o conteúdo que será aprendido | I15: Superar o desempenho padrão, apresentando soluções alinhadas ao cumprimento de metas e ao alcance dos objetivos estratégicos das organizações públicas | J15: Qualificação da prática docente, ampliando a atuação na área | K15: GC - melhores práticas | L15: DOUTORADO
A16: 15 | B16: desenvolver meu lado profissional | C16: técnico administrativos em administração | D16: 2 | E16: Especializar em um saber, atividade ou ferramenta de trabalho | F16: Administração Educacional | G16: manejo e desenvolvimento de assuntos educacionais | H16: APLICAR: quando se precisa executar ou implementar na prática o conteúdo que será aprendido | I16: Garantir o atendimento das necessidades dos usuários e dos cidadãos | J16: melhor atendimento ao publico interno e externo | K16: GT - objetivos de trabalho e desenvolvimento | L16: MESTRADO
A17: 16 | B17: Participação em cursos e eventos acadêmicos visando a melhoria do ensino de línguas e suas literaturas no cursos técnicos integrados e superior. | C17: Docentes da área de Letras | D17: 2 | E17: Especializar em um saber, atividade ou ferramenta de trabalho | F17: Linguística Aplicada | G17: Ensino de inglês e português visando as necessidades específicas da comunidade acadêmica. | H17: APLICAR: quando se precisa executar ou implementar na prática o conteúdo que será aprendido | I17: Suscitar e encorajar ideias de vanguarda e novas formas de se trabalhar, adotando medidas incrementais ou disruptivas para que a organização responda adequadamento ao contexto e se prepare para cenários futuros | J17: Planejamento de aulas a fim de atender as necessidades especificas do campus na área de linguagens. | K17: GC - melhores práticas | L17: ENSINO MÉDIO
A18: 17 | B18: Participar de programas de capacitação contínua da área da biblioteconomia. | C18: Bibliotecária-documentalista | D18: 2 | E18: Desenvolver novos saberes, processos ou ferramentas relacionadas ao meu trabalho | F18: Biblioteconomia | G18: Bibliotecário como agente cultural. | H18: APLICAR: quando se precisa executar ou implementar na prática o conteúdo que será aprendido | I18: Superar o desempenho padrão, apresentando soluções alinhadas ao cumprimento de metas e ao alcance dos objetivos estratégicos das organizações públicas | J18: Ratificar o papel social da biblioteca via ações socioeducativas e culturais. | K18: GC - melhores práticas | L18: ESPECIALIZAÇÃO
A19: 18 | B19: Preparar para o suporte a roteadores, switches e estações de trabalho. Projetar e operar redes corporativas LAN, WAN e provedores de acesso à Internet | C19: Professor EBTT da área de TI | D19: 1 | E19: Desenvolver novos saberes, processos ou ferramentas relacionadas ao meu trabalho | F19: Tecnologia da Informação | G19: Conhecer e aprofundar o conhecimento no suporte e projeto de roteadores, switches e estações de trabalho. | H19: APLICAR: quando se precisa executar ou implementar na prática o conteúdo que será aprendido | I19: Incrementar melhorias na aulas práticas na área de sistemas operacionais e redes de computadores | J19: Incrementar melhorias na aulas práticas na área de sistemas operacionais e redes de computadores | K19: AE - e-learning | L19: Não. | M19: gestão de equipes em trabalho remoto | noções básicas do trabalho remoto | N19: EVG(ENAP) | EVG(ENAP) | O19: https://www.escolavirtual.gov.br/curso/334 | https://www.escolavirtual.gov.br/curso/293

Sheet Jaguarão
A1: Nº | B1: O que NÃO SE SABE FAZER ou NÃO SER | C1: Perfil dos agentes públicos | D1: Agentes Públicos | E1: Solução para este problema de desempenho | F1: Tema Geral | G1: Recorte do Tema Geral | H1: Nivel de aprendizagem | I1: Capacidade a ser desenvolvida | J1: Resultado que trará para a organização | K1: Solução possível para resolver essa necessidade | L1: Envolve uma ação de desenvolvimento a nível de educação formal | M1: Ação de desenvolvimento sugerida pela Enap | N1: Escola de governo ofertante | O1: Link do curso
A2: 1 | B2: Incluir o estado da arte no dia a dia dos cursos técnicos | C2: Docentes | D2: 23 | E2: Desenvolver novos saberes, processos ou ferramentas relacionadas ao meu trabalho | F2: Outro - não especificado | G2: Diversos. Por exemplo, desenvolvimento de novos algoritmos de computação científica ou para automação | H2: CRIAR: quando se precisa generalizar, planejar ou produzir sobre o conteúdo que será aprendido | I2: Prospectar cenários para além do futuro imediato | J2: Novos conhecimentos ofertados aos alunos | K2: AE - cursos presenciais | L2: Não.
A3: 2 | B3: Necessidade de aprimorar técnicas de programação de computadores, para assim conseguir melhor eficácia em relação ao ensino-aprendizagem. | C3: Perfil de docente da área técnica de curso técnico em informática para internet. | D3: 3 | E3: Melhorar o que já executo | F3: Sistemas de Computação | G3: Programação de computadores e banco de dados | H3: APLICAR: quando se precisa executar ou implementar na prática o conteúdo que será aprendido | I3: Idear soluções inovadoras e efetivas para problemas de baixa, média ou elevada complexidade com a utilização de dados (numéricos e não numéricos) e evidências que aumentem a precisão e viabilidade das soluções | J3: Melhor transmissão de conhecimento; Menor taxa de reprovação; Melhorar o ensino-aprendizado; Melhor retenção de conteúdo; | K3: SD - exemplos de aplicação | L3: Não. | M3: praticando business intelligence | formação de facilitadores de aprendizagem | inteligência artificial para simplificar o dia a dia | N3: SUAP(ENAP) | EVG(ENAP) | EVG(ENAP) | O3: https://suap.enap.gov.br/portaldoaluno/curso/2016/?area=2 | https://www.escolavirtual.gov.br/curso/141 | https://www.escolavirtual.gov.br/curso/861
A4: 3 | B4: Preciso de segurança, de guias para trabalhar de forma mais assertiva com os registros acadêmicos. Uma capacitação seria ótimo. | C4: Na minha opinião todos os agentes necessitam de desenvolvimento e capacitações nas respectivas áreas, tanto para os mais novos, quanto para atualização daqueles que já estão há mais tempo. | D4: 5 | E4: Melhorar o que já executo | F4: Outro - não especificado | G4: Trabalho desenvolvido pelo Registro Acadêmico | H4: APLICAR: quando se precisa executar ou implementar na prática o conteúdo que será aprendido | I4: Superar o desempenho padrão, apresentando soluções alinhadas ao cumprimento de metas e ao alcance dos objetivos estratégicos das organizações públicas | J4: Acredito que o resultado será mais segurança naquilo que está sendo feito. Agilidade e eficácia das demandas que chegam até o Registro Acadêmico | K4: GC - manuais e guias de usuário | L4: Não.

Sheet Lajeado
A1: Nº | B1: O que NÃO SE SABE FAZER ou NÃO SER | C1: Perfil dos agentes públicos | D1: Agentes Públicos | E1: Solução para este problema de desempenho | F1: Tema Geral | G1: Recorte do Tema Geral | H1: Nivel de aprendizagem | I1: Capacidade a ser desenvolvida | J1: Resultado que trará para a organização | K1: Solução possível para resolver essa necessidade | L1: Envolve uma ação de desenvolvimento a nível de educação formal | M1: Ação de desenvolvimento sugerida pela Enap | N1: Escola de governo ofertante | O1: Link do curso
A2: 1 | B2: Ampliar conhecimento sobre Gestão Patrimonial. | C2: Servidores Técnico Administrativos em Educação | D2: 5 | E2: Desenvolver novos saberes, processos ou ferramentas relacionadas ao meu trabalho | F2: Gestor Público | G2: Gestão Patrimonial | H2: APLICAR: quando se precisa executar ou implementar na prática o conteúdo que será aprendido | I2: Garantir o atendimento das necessidades dos usuários e dos cidadãos | J2: Melhorar a organização e gerenciamento de bens patrimoniais. | K2: RSC - membros, eventos, informações e recursos de comunidade | L2: Não.
A3: 2 | B3: Ampliar conhecimentos sobre Orçamento Público. | C3: Servidores Técnicos Administrativos em Educação | D3: 13 | E3: Aprender o básico | F3: Direito Público | G3: Orçamento e Finanças Públicas | H3: ENTENDER: quando se precisa interpretar, classificar, resumir, inferir, comparar ou explicar o conteúdo que será aprendido | I3: Garantir o atendimento das necessidades dos usuários e dos cidadãos | J3: Aprimorar conhecimentos sobre orçamento público para melhor compreender/gerenciar a aplicação de recursos públicos. | K3: AE - cursos presenciais | L3: Não. | M3: gestão orçamentária e financeira | orçamento público | básico em orçamento público | N3: EVG(ENAP) | EVG(ENAP) | EVG(ENAP) | O3: https://www.escolavirtual.gov.br/curso/257 | https://www.escolavirtual.gov.br/curso/296 | https://www.escolavirtual.gov.br/curso/115
A4: 3 | B4: Ampliar e aprimorar conhecimentos sobre liderança. | C4: Servidores Técnico Administrativos em Educação | D4: 13 | E4: Melhorar o que já executo | F4: Liderança | G4: Gestão de equipes, Gestão de Conflitos, Liderança de equipes em trabalho remoto, Inteligência emocional. | H4: APLICAR: quando se precisa executar ou implementar na prática o conteúdo que será aprendido | I4: Conduzir as pessoas ao encontro da a visão, missão e objetivos organizacionais | J4: Aprimoramento de conhecimentos sobre liderança, contribuindo para a melhora do clima organizacional, maior interação e comprometimento entre a equipe de trabalho. | K4: GC - melhores práticas | L4: Não. | M4: Liderança como Essência da Gestão | seleção de lideranças: como escolher as melhores pessoas | Liderança e Gestão no Trabalho Híbrido | N4: SUAP(ENAP) | EVG(ENAP) | EVG(Enap) | O4: https://suap.enap.gov.br/portaldoaluno/curso/2009/ | https://www.escolavirtual.gov.br/curso/1135 | https://www.escolavirtual.gov.br/curso/1350
A5: 4 | B5: Ampliar o conhecimento das políticas de educação especial na perspectiva da educação inclusiva e a sua implementação nos cotidianos da EPT. | C5: Agentes públicos que atuem no setor pedagógico, façam parte das equipes multidisciplinares dos câmpus e/ou sejam membros do NAPNE. | D5: 1 | E5: Especializar em um saber, atividade ou ferramenta de trabalho | F5: Educação e Docência | G5: Educação Especial na perspectiva inclusiva. | H5: CRIAR: quando se precisa generalizar, planejar ou produzir sobre o conteúdo que será aprendido | I5: CT - Diversidade e inclusão: Capacidade de reconhecer e valorizar a diversidade de características, identidades, vivências e perspectivas de pessoas e | J5: Aprimoramento nos processos de inclusão do campus; Capacitações para os pares; Acompanhamento de processos inclusivos no campus e indicações de melhorias. | K5: RSC - membros, eventos, informações e recursos de comunidade | L5: ESPECIALIZAÇÃO
A6: 5 | B6: Aperfeiçoar as práticas pedagógica, de gestão e de pesquisa. Proporcionar um melhor atendimento aos alunos com necessidades específicas. | C6: Docente e Coordenador | D6: 1 | E6: Desenvolver novos saberes, processos ou ferramentas relacionadas ao meu trabalho | F6: Psicologia Comparativa | G6: Psicologia - Psicolinguística - Metodologia de Pesquisa - Ensino | H6: ANALISAR: quando se precisa diferenciar, organizar, atribuir ou concluir sobre o conteúdo que será aprendido | I6: Escutar, indagar e expressar conceitos e ideias nos momentos apropriados e de forma efetiva, garantindo uma dinâmica produtiva das interações internas e externas | J6: Desenvolvimento de melhores práticas de ensino, pesquisa, extensão e gestão. Melhor compreensão das dificuldades dos alunos. | K6: GC - melhores práticas | L6: PÓS-DOUTORADO
A7: 6 | B7: Aperfeiçoar conhecimentos sobre Contabilidade Pública. | C7: Servidores Técnicos Administrativos em Educação | D7: 1 | E7: Desenvolver novos saberes, processos ou ferramentas relacionadas ao meu trabalho | F7: Ciências Contábeis | G7: Contabilidade Pública abrangendo as áreas financeira, gerencial, orçamentária e patrimonial. | H7: APLICAR: quando se precisa executar ou implementar na prática o conteúdo que será aprendido | I7: Atualização de conhecimentos de contabilidade pública que contribuem para a gestão e execução dos recursos públicos. | J7: Ampliação de conhecimentos para a gestão e execução de recursos públicos. | K7: RSC - membros, eventos, informações e recursos de comunidade | L7: Não. | M7: contabilidade pública e conformidade na gestão | contabilidade com foco na gestão da informação contábil | contabilidade com foco na gestão do patrimônio público | N7: EVG(ENAP) | EVG(ENAP) | EVG(ENAP) | O7: https://www.escolavirtual.gov.br/curso/480 | https://www.escolavirtual.gov.br/curso/548 | https://www.escolavirtual.gov.br/curso/342
A8: 7 | B8: Aprimoramento de conhecimentos e de estratégias de ensino na área de Educação e Educação Matemática. | C8: Docentes. | D8: 10 | E8: Melhorar o que já executo | F8: Educação e Docência | G8: Conhecimentos na área de Educação e de Educação Matemática, além de estratégias de ensino. | H8: ENTENDER: quando se precisa interpretar, classificar, resumir, inferir, comparar ou explicar o conteúdo que será aprendido | I8: Identificar suas capacidades e limitações, assumindo o compromisso pelo próprio desenvolvimento, mediante a adoção de uma postura de abertura à aprendizagem contínua | J8: Melhoria dos processos de ensino e aprendizagem nos diferentes níveis de ensino ofertados pelo IFSul. | K8: GC - melhores práticas | L8: Não.
A9: 8 | B9: Aprimorar conhecimentos em Gestão contemporânea das organizações e os Grandes desafios da sociedade, na linha Liderança e Comportamento Organizacional | C9: Perfil de Docência e de atuação em Gestão: coordenação pedagógica/coordenação de cursos e de polo | D9: 1 | E9: Desenvolver novos saberes, processos ou ferramentas relacionadas ao meu trabalho | F9: Gestor Público | G9: Gestão contemporânea das organizações e os Grandes desafios da sociedade Liderança e Comportamento Organizacional | H9: CRIAR: quando se precisa generalizar, planejar ou produzir sobre o conteúdo que será aprendido | I9: Construir sua identidade de líder, empregando o autoconhecimento e a inteligência emocional | J9: Aprimoramento das atividades e habilidades de ensino, pesquisa e gestão. | K9: ACE - centros de excelência | L9: PÓS-DOUTORADO | M9: Liderança como Essência da Gestão | gestão do conhecimento - teoria e práticas | liderança e gestão de equipes | N9: SUAP(ENAP) | EVG(ENAP) | EVG(ENAP) | O9: https://suap.enap.gov.br/portaldoaluno/curso/2009/ | https://www.escolavirtual.gov.br/curso/904 | https://www.escolavirtual.gov.br/curso/373
A10: 9 | B10: Aprimorar conhecimentos em minha área - Administração/Marketing, seja por meio de cursos de capacitação de curta ou longa duração, workshops etc. | C10: Atuação em áreas de Gestão Pública e Administração/Marketing. | D10: 5 | E10: Desenvolver novos saberes, processos ou ferramentas relacionadas ao meu trabalho | F10: Administração de Empresas | G10: Gestão Organizacional, Gestão Mercadológica/Marketing, Marketing Digital, Comportamento do Consumidor etc. | H10: LEMBRAR: quando se precisa apenas reconhecer e reproduzir o conteúdo que será aprendido . | I10: Integrar as tecnologias digitais com: os modelos de gestão; os processos de tomada de decisão e geração de produtos e serviços; e os meios de comunicação interna, externa e de relacionamento com usuários | J10: Aprimoramento e qualificação do quadro docente, reverberando nos estudantes. | K10: GT - objetivos de trabalho e desenvolvimento | L10: Não.
A11: 10 | B11: Aprimorar conhecimentos sobre Contabilidade Pública por meio da participação em eventos (Congresso de Contabilidade). | C11: Servidores Técnicos Administrativos em Educação | D11: 1 | E11: Especializar em um saber, atividade ou ferramenta de trabalho | F11: Ciências Contábeis | G11: Contabilidade Pública e Gerencial | H11: ENTENDER: quando se precisa interpretar, classificar, resumir, inferir, comparar ou explicar o conteúdo que será aprendido | I11: Prospectar cenários para além do futuro imediato | J11: Ampliar os conhecimentos sobre contabilidade pública e gerencial, proporcionando maior eficiência na execução das atividades administrativas. | K11: RSC - membros, eventos, informações e recursos de comunidade | L11: Não. | M11: contabilidade com foco na gestão da informação contábil | contabilidade pública e conformidade na gestão | N11: EVG(ENAP) | EVG(ENAP) | O11: https://www.escolavirtual.gov.br/curso/548 | https://www.escolavirtual.gov.br/curso/480
A12: 11 | B12: Atualização de conhecimentos para desenvolvimento de processos de ensino e aprendizagem no EMI, no ES e na Pós-Graduação, e de projetos de pesquisa. | C12: Professor EBTT | D12: 1 | E12: Melhorar o que já executo | F12: Ensino-Aprendizagem | G12: Estudo de processos para a qualificação do ensino e da aprendizagem no EMI, no ES e na Pós-Graduação, além de projetos de pesquisa. | H12: APLICAR: quando se precisa executar ou implementar na prática o conteúdo que será aprendido | I12: Melhoria dos processos de ensino e de aprendizagem no EMI, no ES e na Pós-Graduação, além de projetos de pesquisa. | J12: Melhoria dos processos de ensino e de aprendizagem no EMI, no ES e na Pós-graduação, além da qualificação de projetos de pesquisa. | K12: GC - melhores práticas | L12: Não. | M12: convênios de educação, ciência, tecnologia e inovação: atos preparatórios | inovações em tecnologia educacional | gestão de projetos educacionais | N12: EVG(ENAP) | EVG(ENAP) | EVG(ENAP) | O12: https://www.escolavirtual.gov.br/curso/655 | https://www.escolavirtual.gov.br/curso/511 | https://www.escolavirtual.gov.br/curso/415
A13: 12 | B13: Conhecimentos sobre Gestão e Fiscalização de Contratos Administrativos | C13: Servidores Técnicos Administrativos em Educação | D13: 13 | E13: Aprender o básico | F13: Direito Público | G13: Gestão e Fiscalização de Contratos Administrativos | H13: APLICAR: quando se precisa executar ou implementar na prática o conteúdo que será aprendido | I13: Garantir o atendimento das necessidades dos usuários e dos cidadãos | J13: Ampliar o conhecimento sobre a gestão e fiscalização de contratos administrativos. | K13: GT - objetivos de trabalho e desenvolvimento | L13: Não. | M13: Praticando a gestão e fiscalização de contratos administrativos | gestão e fiscalização de contratos administrativos | Gestão Municipal de Contratos Administrativos | N13: SUAP(ENAP) | EVG(ENAP) | EVG(Enap) | O13: https://suap.enap.gov.br/portaldoaluno/curso/2079/ | https://www.escolavirtual.gov.br/curso/939 | https://www.escolavirtual.gov.br/curso/497
A14: 13 | B14: Desejo aprimorar continuamente minhas habilidades em metodologias de pesquisa, redação científica e análise crítica. | C14: Docente EBTT | D14: 1 | E14: Especializar em um saber, atividade ou ferramenta de trabalho | F14: Sistemas Elétricos de Potência | G14: Modelagem Preditiva da Degradação de Turbinas Eólicas ao Longo do Tempo | H14: CRIAR: quando se precisa generalizar, planejar ou produzir sobre o conteúdo que será aprendido | I14: Idear soluções inovadoras e efetivas para problemas de baixa, média ou elevada complexidade com a utilização de dados (numéricos e não numéricos) e evidências que aumentem a precisão e viabilidade das soluções | J14: O conhecimento adquirido poderá ser transmitido aos estudantes do ensino técnico e superior, permitindo que tenham contato com tecnologias atuais e aplicadas à realidade do setor energético. | K14: ACE - centros de excelência | L14: PÓS-DOUTORADO
A15: 14 | B15: Desenvolver/ampliar conhecimentos na área de administração, marketing, gestão pública, ou seja, areas de atuação da servidora. | C15: Docente EBTT que carece ampliar/desenvolver conhecimentos na área de atuação. | D15: 8 | E15: Melhorar o que já executo | F15: Administração de Empresas | G15: Gestão Pública. Marketing. Marketing Digital. Administração. Gestão. | H15: LEMBRAR: quando se precisa apenas reconhecer e reproduzir o conteúdo que será aprendido . | I15: Integrar as tecnologias digitais com: os modelos de gestão; os processos de tomada de decisão e geração de produtos e serviços; e os meios de comunicação interna, externa e de relacionamento com usuários | J15: Aprimoramento do corpo docente, qualificando os saberes e repercutindo aos discentes. | K15: GT - objetivos de trabalho e desenvolvimento | L15: Não. | M15: gerenciamento de serviços de tic focado na administração pública | gestão do conhecimento no setor público | gestão por competências | N15: EVG(ENAP) | EVG(ENAP) | EVG(ENAP) | O15: https://www.escolavirtual.gov.br/curso/535 | https://www.escolavirtual.gov.br/curso/414 | https://www.escolavirtual.gov.br/curso/175
A16: 15 | B16: Desenvolvimento das áreas de pesquisa, ensino e extenção | C16: Docentes e técnicos | D16: 1 | E16: Especializar em um saber, atividade ou ferramenta de trabalho | F16: Administração de Empresas | G16: Desenvolvimento de competências gerenciais de gestores escolares (Tema da Tese) | H16: CRIAR: quando se precisa generalizar, planejar ou produzir sobre o conteúdo que será aprendido | I16: Tomar decisões e gerenciar de forma competente e estratégica os atos da organização | J16: Conhecimentos atinentes à gestão escolar e desenvolvimento de lideranças. | K16: GC - tópicos de informação | L16: DOUTORADO
A17: 16 | B17: Desenvolvimento pessoal para trabalhar em equipe, inteligência emocional, gestão de conflitos, organização de rotinas de trabalho e gestão do tempo. | C17: Servidores Técnicos Administrativos em Educação | D17: 13 | E17: Aprender o básico | F17: Liderança | G17: Desenvolvimento pessoal | H17: APLICAR: quando se precisa executar ou implementar na prática o conteúdo que será aprendido | I17: Suscitar e encorajar ideias de vanguarda e novas formas de se trabalhar, adotando medidas incrementais ou disruptivas para que a organização responda adequadamento ao contexto e se prepare para cenários futuros | J17: Autoconhecimento e desenvolvimento pessoal contribuem para gerar um ambiente de trabalho mais organizado bem como os relacionamentos interpessoais, que consequentemente, possibilitam melhora no desempenho das atividades administrativas. | K17: RSC - membros, eventos, informações e recursos de comunidade | L17: Não. | M17: Habilidades de Gestão de Pessoas | Desenvolvimento de Equipes | Liderança humanizada: construindo espaço de segurança psicológica | N17: SUAP(ENAP) | SUAP(ENAP) | SUAP(ENAP) | O17: https://suap.enap.gov.br/portaldoaluno/curso/2023/ | https://suap.enap.gov.br/portaldoaluno/curso/2760/ | https://suap.enap.gov.br/portaldoaluno/curso/2086/
A18: 17 | B18: Formas e métodos de avaliação pertinentes ao ensino na área de Gestão e Negócios | C18: docente ebtt | D18: 1 | E18: Desenvolver novos saberes, processos ou ferramentas relacionadas ao meu trabalho | F18: Educação e Docência | G18: modelos de ABP e PBL (entre outros) utilizados em sala de aula; Ferramentas de Realidade Virtual ou Aumentada que contribuam no ensino. | H18: APLICAR: quando se precisa executar ou implementar na prática o conteúdo que será aprendido | I18: Idear soluções inovadoras e efetivas para problemas de baixa, média ou elevada complexidade com a utilização de dados (numéricos e não numéricos) e evidências que aumentem a precisão e viabilidade das soluções | J18: maior engajamento em sala de aula | K18: GC - melhores práticas | L18: ESPECIALIZAÇÃO
A19: 18 | B19: Gerenciamento de infraestrutura e serviços de TIC | C19: Técnico em Informática | D19: 3 | E19: Melhorar o que já executo | F19: Teoria da Informação | G19: Redes de computadores; Gerenciamento de infraestrutura e serviços de TIC | H19: APLICAR: quando se precisa executar ou implementar na prática o conteúdo que será aprendido | I19: Tomar decisões e gerenciar de forma competente e estratégica os atos da organização | J19: Qualificação na implementação e manutenção de infraestrutura e serviços de TIC, refletindo na melhoria da experiência dos usuários. | K19: GC - melhores práticas | L19: Não. | M19: gerenciamento de serviços de tic focado na administração pública | administração de serviços na nuvem de governo | N19: EVG(ENAP) | EVG(ENAP) | O19: https://www.escolavirtual.gov.br/curso/535 | https://www.escolavirtual.gov.br/curso/259
A20: 19 | B20: Licitações, gestão e fiscalização de contratos, planejamento de novas licitações, contratações diretas. | C20: Servidores Técnico Administrativos em Educação | D20: 13 | E20: Melhorar o que já executo | F20: Direito Público | G20: Licitações Públicas, Contratações Diretas, Fiscalização e Gestão de Contratos | H20: APLICAR: quando se precisa executar ou implementar na prática o conteúdo que será aprendido | I20: Garantir o atendimento das necessidades dos usuários e dos cidadãos | J20: Ampliação e aperfeiçoamento dos conhecimentos sobre licitações públicas, contratações diretas, planejamento de novas contratações e gestão e fiscalização de contratos, contribuindo para melhorar o desenvolvimento das tarefas administrativas. | K20: GC - regras e procedimentos | L20: Não. | M20: elaboração de termos de referência para contratação de bens e serviços na nova lei de licitações | nova lei de licitações e contratos: aspectos gerais e pontos de atenção | Contratações Públicas: Planejamento da Contratação(trilha) | N20: EVG(ENAP) | EVG(ENAP) | EVG(ENAP) | O20: https://www.escolavirtual.gov.br/curso/941 | https://www.escolavirtual.gov.br/curso/887 | https://www.escolavirtual.gov.br/trilha/178
A21: 20 | B21: Melhorar o conhecimento acerca da Educação Profissional e Tecnológica, bem como da lei da proteção de dados (LGPD). | C21: Técnico Administrativo em Educação | D21: 3 | E21: Melhorar o que já executo | F21: Tópicos Específicos de Educação | G21: Organização de espaços pedagógicos da EPT; Proteção de Dados; Legislação | H21: ENTENDER: quando se precisa interpretar, classificar, resumir, inferir, comparar ou explicar o conteúdo que será aprendido | I21: Superar o desempenho padrão, apresentando soluções alinhadas ao cumprimento de metas e ao alcance dos objetivos estratégicos das organizações públicas | J21: Melhor entendimento sobre a Educação Profissional e Tecnológica. Entender e aplicar como os dados pessoais devem ser coletados, tratados, armazenados e compartilhados. | K21: GC - tópicos de informação | L21: Não. | M21: fundamentos da lei geral de proteção de dados | Praticando a LGPD | N21: EVG(ENAP) | SUAP(ENAP) | O21: https://www.escolavirtual.gov.br/curso/603 | https://suap.enap.gov.br/portaldoaluno/curso/2054/
A22: 21 | B22: Metodologias para análises, pesquisas e orientações em temáticas envolvendo o desenvolvimento de territórios e seus desdobramentos. | C22: Docente EBTT | D22: 1 | E22: Desenvolver novos saberes, processos ou ferramentas relacionadas ao meu trabalho | F22: Administração de Setores Específicos | G22: Turismo, meio ambiente e desenvolvimento de territórios. | H22: CRIAR: quando se precisa generalizar, planejar ou produzir sobre o conteúdo que será aprendido | I22: Identificar as tendências sociais, políticas e econômicas nos cenários local, regional, nacional e internacional | J22: Desenvolvimento de pesquisas, orientações e extensão no campo do ambiente e desenvolvimento e suas implicações sociais, ambientais e econômicas e aprimoramento da aprendizagem dos estudantes da instituição e da comunidade externa. | K22: GC - melhores práticas | L22: DOUTORADO
A23: 22 | B23: Necessidade de atualização e aprimoramento de conhecimentos na área de tecnologia da informação | C23: Servidores técnico-administrativo da área de TI | D23: 3 | E23: Melhorar o que já executo | F23: Tecnologia da Informação | G23: Gestão e governança de TI, gerenciamento dos servidores e da rede; segurança da informação; administração de sistemas; manutenção de equipamentos ... | H23: APLICAR: quando se precisa executar ou implementar na prática o conteúdo que será aprendido | I23: Garantir o atendimento das necessidades dos usuários e dos cidadãos | J23: Maior qualidade dos serviços prestados pela TI e maior satisfação dos usuários | K23: GC - melhores práticas | L23: Não.
A24: 23 | B24: Os servidores necessitam de capacitação na área de inclusão e acessibilidade, devido ao aumento de estudantes com deficiência e/ou transtornos. | C24: Técnicos Administrativos em Educação | D24: 3 | E24: Aprender o básico | F24: Ensino-Aprendizagem | G24: Educação inclusiva; Acessibilidade na Comunicação | H24: APLICAR: quando se precisa executar ou implementar na prática o conteúdo que será aprendido | I24: Garantir o atendimento das necessidades dos usuários e dos cidadãos | J24: Assegurar condições para acesso, permanência e êxito, na busca pelo alcance do sucesso estudantil, de maneira que a instituição cumpra sua função social, atenda às necessidades de estudantes e entregue valor à sociedade. | K24: AE - e-learning | L24: Não.
A25: 24 | B25: Potencializar atividades de investigação na área do ensino e da aprendizagem científica nos tempos atuais. | C25: Docente EBTT | D25: 1 | E25: Desenvolver novos saberes, processos ou ferramentas relacionadas ao meu trabalho | F25: Educação e Docência | G25: Ensino e Aprendizagem de Física mediador pelo computador | H25: CRIAR: quando se precisa generalizar, planejar ou produzir sobre o conteúdo que será aprendido | I25: Idear soluções inovadoras e efetivas para problemas de baixa, média ou elevada complexidade com a utilização de dados (numéricos e não numéricos) e evidências que aumentem a precisão e viabilidade das soluções | J25: Desenvolvimento de pesquisas de conhecimento inovador nas áreas de Informática Educacional e Física, que possibilitem construir ferramentas educacionais voltadas ao aprimoramento da aprendizagem dos estudantes da instituição e da comunidade externa. | K25: AE - cursos presenciais | L25: DOUTORADO
A26: 25 | B26: Pretendo aprender sobre novas metodologias de ensino, gestão de pessoas e processos de inclusão. | C26: Sou professora EBTT e considero importante sempre que possível buscar atualização nas questões pedagógicas, seja na forma de abordagem dos novos conhecimentos, ou seja, usando novas metodologias de ensino, bem como nas questões que envolvem o processo de inclusão na instituição. | D26: 1 | E26: Melhorar o que já executo | F26: Educação e Docência | G26: Novas metodologias de ensino para uma educação mais inclusiva. | H26: CRIAR: quando se precisa generalizar, planejar ou produzir sobre o conteúdo que será aprendido | I26: Garantir o atendimento das necessidades dos usuários e dos cidadãos | J26: Acredito que o processo de inclusão dos estudantes poderá ser melhorado, bem como novas metodologias didáticas serão incorporadas ao meu fazer docente visando melhor rendimento dos estudantes. | K26: GC - melhores práticas | L26: Não. | M26: estratégias de metodologias ativas | desenho instrucional para soluções de capacitações presenciais | estratégias para facilitação de aulas remotas | N26: EVG(ENAP) | EVG(ENAP) | SUAP(ENAP) | O26: https://www.escolavirtual.gov.br/curso/436 | https://www.escolavirtual.gov.br/curso/250 | https://suap.enap.gov.br/portaldoaluno/curso/2040/?area=14
A27: 26 | B27: Socialização de resultados de projetos de ensino, pesquisa e extensão desenvolvidos no IFSul. | C27: Docentes e TAEs | D27: 15 | E27: Melhorar o que já executo | F27: Educação e Docência | G27: Educação Matemática; História da Educação Matemática; Inclusão. | H27: AVALIAR: quando se precisa checar ou apreciar criticamente o conteúdo que será aprendido | I27: Criar um ambiente propício à experimentação e à melhoria contínua | J27: Aprimoramento de projetos de ensino, pesquisa e extensão no âmbito do IFSul. | K27: RSC - membros, eventos, informações e recursos de comunidade | L27: Não.
A28: 27 | B28: Tecnologias e metodologias educacionais | C28: Professor EBTT | D28: 1 | E28: Desenvolver novos saberes, processos ou ferramentas relacionadas ao meu trabalho | F28: Ensino-Aprendizagem | G28: Processos de ensino-aprendizagem: metodologias, tecnologias e avaliação | H28: CRIAR: quando se precisa generalizar, planejar ou produzir sobre o conteúdo que será aprendido | I28: Garantir o atendimento das necessidades dos usuários e dos cidadãos | J28: Implementação de metodologias ativas, aprendizagem mediada por tecnologias e os processos avaliativos nos mais diferentes campos do conhecimento e níveis formativos | K28: GT - objetivos de trabalho e desenvolvimento | L28: MESTRADO | M28: estratégias de metodologias ativas | inovações em tecnologia educacional | desenho instrucional para soluções de capacitações presenciais | N28: EVG(ENAP) | EVG(ENAP) | EVG(ENAP) | O28: https://www.escolavirtual.gov.br/curso/436 | https://www.escolavirtual.gov.br/curso/511 | https://www.escolavirtual.gov.br/curso/250

Sheet Novo Hamburgo
A1: Nº | B1: O que NÃO SE SABE FAZER ou NÃO SER | C1: Perfil dos agentes públicos | D1: Agentes Públicos | E1: Solução para este problema de desempenho | F1: Tema Geral | G1: Recorte do Tema Geral | H1: Nivel de aprendizagem | I1: Capacidade a ser desenvolvida | J1: Resultado que trará para a organização | K1: Solução possível para resolver essa necessidade | L1: Envolve uma ação de desenvolvimento a nível de educação formal | M1: Ação de desenvolvimento sugerida pela Enap | N1: Escola de governo ofertante | O1: Link do curso
A2: 1 | B2: Educação, administração, gestão, negócios e inovação. | C2: Desenvolver melhor minhas competências na área que atuo como docente em gestão e negócios. | D2: 1 | E2: Especializar em um saber, atividade ou ferramenta de trabalho | F2: Administração de Setores Específicos | G2: Educação, administração, gestão, negócios e inovação. | H2: CRIAR: quando se precisa generalizar, planejar ou produzir sobre o conteúdo que será aprendido | I2: Idear soluções inovadoras e efetivas para problemas de baixa, média ou elevada complexidade com a utilização de dados (numéricos e não numéricos) e evidências que aumentem a precisão e viabilidade das soluções | J2: Melhoria na atuação enquanto servidora e docente. | K2: ACE - centros de excelência | L2: DOUTORADO | M2: inovações em tecnologia educacional | gestão da inovação no setor público | N2: EVG(ENAP) | EVG(ENAP) | O2: https://www.escolavirtual.gov.br/curso/511 | https://www.escolavirtual.gov.br/curso/416
A3: 2 | B3: Gestão e negócios, empreendedorismo, inovação, liderança, sistemas de gestão, ESG, gerenciamento de processos e projetos, entre outros nas áreas . | C3: Docentes da área de gestão e negócios | D3: 1 | E3: Especializar em um saber, atividade ou ferramenta de trabalho | F3: Inovação | G3: Inovação em gestão e negócios e projetos. | H3: AVALIAR: quando se precisa checar ou apreciar criticamente o conteúdo que será aprendido | I3: Suscitar e encorajar ideias de vanguarda e novas formas de se trabalhar, adotando medidas incrementais ou disruptivas para que a organização responda adequadamento ao contexto e se prepare para cenários futuros | J3: Aplicação do conhecimento no dia a fia vamos docente, repassando esse aprendizado aos estudantes e colegas. | K3: AE - cursos presenciais | L3: DOUTORADO
A4: 3 | B4: melhoria da qualidade das aulas apresentadas aos estudantes | C4: docentes | D4: 26 | E4: Desenvolver novos saberes, processos ou ferramentas relacionadas ao meu trabalho | F4: Educação e Docência | G4: melhoria nas aulas de ciências e química pelos docentes | H4: CRIAR: quando se precisa generalizar, planejar ou produzir sobre o conteúdo que será aprendido | I4: Colaborar e cooperar em atividades desenvolvidas coletivamente para atingir metas compartilhadas | J4: aumento na aprendizagem em ciências e química por parte dos estudantes | K4: RSC - conteúdo gerado pelo usuário a partir de discussões, bate-papos, fóruns, blogs | L4: Não.
A5: 4 | B5: qualidade no atendimento aos estudantes | C5: docentes | D5: 30 | E5: Especializar em um saber, atividade ou ferramenta de trabalho | F5: Química Inorgânica | G5: questões relativas ao ensino de Química para o ensino médio integrado | H5: APLICAR: quando se precisa executar ou implementar na prática o conteúdo que será aprendido | I5: Escutar, indagar e expressar conceitos e ideias nos momentos apropriados e de forma efetiva, garantindo uma dinâmica produtiva das interações internas e externas | J5: melhoria na aprendizgem em Química para os estudantes | K5: GC - melhores práticas | L5: Não.

Sheet Passo Fundo
A1: Nº | B1: O que NÃO SE SABE FAZER ou NÃO SER | C1: Perfil dos agentes públicos | D1: Agentes Públicos | E1: Solução para este problema de desempenho | F1: Tema Geral | G1: Recorte do Tema Geral | H1: Nivel de aprendizagem | I1: Capacidade a ser desenvolvida | J1: Resultado que trará para a organização | K1: Solução possível para resolver essa necessidade | L1: Envolve uma ação de desenvolvimento a nível de educação formal | M1: Ação de desenvolvimento sugerida pela Enap | N1: Escola de governo ofertante | O1: Link do curso
A2: 1 | B2: Ampliar, aptimorar e aprofundar meus conhecimentos relativos à Educação Inclusiva. | C2: Trabalhar no ensino, pesquisa e extensão nas áreas da educação Inclusiva, no âmbito de atuação do IFSul. | D2: 1 | E2: Desenvolver novos saberes, processos ou ferramentas relacionadas ao meu trabalho | F2: Educação e Docência | G2: Educação Especial e Inclusiva. | H2: CRIAR: quando se precisa generalizar, planejar ou produzir sobre o conteúdo que será aprendido | I2: CT - Diversidade e inclusão: Capacidade de reconhecer e valorizar a diversidade de características, identidades, vivências e perspectivas de pessoas e | J2: 1) Ampliar o desenvolvimento das ações de ensino, pesquisa e extensão; 2) Desenvolver e implementar produtos e serviços destinados à comunidade interna e externa; 3) Produzir e publicar trabalhos de relevância científica; 4) Outros. | K2: GC - melhores práticas | L2: DOUTORADO | M2: Não existem cursos que correspondam à(s) necessidade(s). | N2: [] | O2: []
A3: 2 | B3: Aprimorar as habilidades e atitudes de relacionamento com os alunos e demais colegas. | C3: Docentes dos cursos de Engenharia Civil e Técnico em Edificações | D3: 12 | E3: Especializar em um saber, atividade ou ferramenta de trabalho | F3: Psicologia do Trabalho e Organizacional | G3: Gestão de pessoas | H3: ANALISAR: quando se precisa diferenciar, organizar, atribuir ou concluir sobre o conteúdo que será aprendido | I3: Propiciar à equipe oportunidades de formação e compartilhamento do conhecimento no espaço organizacional, valorizando o capital humano , promovendo uma cultura de aprendizagem contínua e conciliando o desenvolvimento pessoas e orientação para resultados | J3: Melhora no relacionamento entre docentes e alunos. | K3: GC - melhores práticas | L3: Não. | M3: gestão pessoal - base da liderança | gestión personal - base del liderazgo | desenvolvimento de equipes | N3: EVG(ENAP) | EVG(ENAP) | SUAP(ENAP) | O3: https://www.escolavirtual.gov.br/curso/163 | https://www.escolavirtual.gov.br/curso/707 | https://suap.enap.gov.br/portaldoaluno/curso/1422/?area=3
A4: 3 | B4: Aprimorar o atendimento aos estudantes e comunidade acadêmica. Aprimorar e desenvolver conhecimentos nas áreas de políticas públicas e gestão. | C4: Assistente Social | D4: 2 | E4: Desenvolver novos saberes, processos ou ferramentas relacionadas ao meu trabalho | F4: Políticas Públicas | G4: Gestão de Políticas Públicas | H4: CRIAR: quando se precisa generalizar, planejar ou produzir sobre o conteúdo que será aprendido | I4: Construir cenários e traçar diretrizes estratégicas para a organização e para a sociedade, tendo por base as características históricas, o contexto e as tendências em âmbito local, regional, nacional e internacional | J4: Aperfeiçoamento do trabalho realizado e criação de novas formas de trabalho. | K4: GT - objetivos de trabalho e desenvolvimento | L4: Não. | M4: gestão do conhecimento no setor público | certificação avançada em desenvolvimento de gerentes de pessoas | gestão estratégica e execução do plano de governo no dia a dia | Gestão Integrada na Administração Pública | gestão do conhecimento no setor público | N4: EVG(ENAP) | SUAP(ENAP) | EVG(ENAP) | SUAP(ENAP) | EVG(ENAP) | O4: https://www.escolavirtual.gov.br/curso/414 | https://suap.enap.gov.br/portaldoaluno/curso/2139/ | https://www.escolavirtual.gov.br/curso/496 | https://suap.enap.gov.br/portaldoaluno/curso/2743/ | https://www.escolavirtual.gov.br/curso/414
A5: 4 | B5: Atualização de processos legais referentes à educação básica e superior. Capacitação sobre metodologias de ensino e elaboração de projetos. | C5: Departamento de Ensino, Pesquisa e Extensão - equipe pedagógica | D5: 3 | E5: Desenvolver novos saberes, processos ou ferramentas relacionadas ao meu trabalho | F5: Educação e Docência | G5: Legislação; metodologia de ensino, projetos, idiomas, processos, gestão | H5: ANALISAR: quando se precisa diferenciar, organizar, atribuir ou concluir sobre o conteúdo que será aprendido | I5: Suscitar e encorajar ideias de vanguarda e novas formas de se trabalhar, adotando medidas incrementais ou disruptivas para que a organização responda adequadamento ao contexto e se prepare para cenários futuros | J5: Projetos e processos legalmente amparados. Desenvolvimento do ensino com viés inovador, bem como projetos. | K5: RSC - membros, eventos, informações e recursos de comunidade | L5: Não. | M5: desenho instrucional para soluções de capacitações presenciais | convênios de educação, ciência, tecnologia e inovação: atos preparatórios | gestão de projetos educacionais | N5: EVG(ENAP) | EVG(ENAP) | EVG(ENAP) | O5: https://www.escolavirtual.gov.br/curso/250 | https://www.escolavirtual.gov.br/curso/655 | https://www.escolavirtual.gov.br/curso/415
A6: 5 | B6: Atualização em tecnologias e desenvolvimento pessoal e profissional | C6: TAEs da TI do campus Passo Fundo | D6: 4 | E6: Desenvolver novos saberes, processos ou ferramentas relacionadas ao meu trabalho | F6: Tecnologia da Informação | G6: Educação e Tecnologia | H6: CRIAR: quando se precisa generalizar, planejar ou produzir sobre o conteúdo que será aprendido | I6: Questionar abordagens convencionais na solução de problemas | J6: Servidores qualificados e aptos para a resolução de problemas de forma inovadora. | K6: AE - cursos presenciais | L6: DOUTORADO | M6: inovações em tecnologia educacional | N6: EVG(ENAP) | O6: https://www.escolavirtual.gov.br/curso/511
A7: 6 | B7: Capacitação em aprendizagem, relações humanas, liderança e comunicação. Também em habilidades relacionadas a educação inclusiva e direitos humanos. | C7: Servidores TAEs vinculados ao Departamento de Ensino, Pesquisa e Extensão (DEPEX) e/ou ao setor da Assistência Estudantil | D7: 12 | E7: Melhorar o que já executo | F7: Educação e Docência | G7: Educação de forma geral; Aprendizagem; Relações Humanas no ambiente educacional; Cursos administrativos gerais; Comportamento Organizacional | H7: APLICAR: quando se precisa executar ou implementar na prática o conteúdo que será aprendido | I7: Garantir o atendimento das necessidades dos usuários e dos cidadãos | J7: Garantir o atendimento das necessidades específicas da comunidade acadêmica da instituição. | K7: GC - melhores práticas | L7: Não. | M7: educação em direitos humanos | N7: EVG(ENAP) | O7: https://www.escolavirtual.gov.br/curso/129
A8: 7 | B8: Capacitação em atendimento ao público, gestão de equipes, ética, relações humanas, liderança e comunicação. | C8: Servidores TAEs ligados ao Departamento de Ensino, Pesquisa e Extensão (DEPEX) e/ou à Assistência Estudantil | D8: 12 | E8: Melhorar o que já executo | F8: Relações de Trabalho no Setor Público | G8: Oratória, liderança, comunicação, linguagem e escrita formal, ética, relações humanas no trabalho. | H8: APLICAR: quando se precisa executar ou implementar na prática o conteúdo que será aprendido | I8: Identificar a repercussão de suas ações para o êxito ou alcance dos objetivos estabelecidos pelo grupo | J8: Melhoria na capacidade de trabalho em equipe e entrega de resultados à comunidade acadêmica | K8: GC - melhores práticas | L8: Não. | M8: Engajamento de pessoas e equipes(trilha) | liderança e gestão de equipes | Liderança humanizada: construindo espaço de segurança psicológica | Liderança humanizada: conectores humanos | Habilidades de Gestão de Pessoas | N8: EVG(ENAP) | EVG(ENAP) | SUAP(ENAP) | SUAP(ENAP) | SUAP(ENAP) | O8: https://www.escolavirtual.gov.br/trilha/268 | https://www.escolavirtual.gov.br/curso/373 | https://suap.enap.gov.br/portaldoaluno/curso/2086/ | https://suap.enap.gov.br/portaldoaluno/curso/2015/ | https://suap.enap.gov.br/portaldoaluno/curso/2023/
A9: 8 | B9: Capacitação em temas relacionados a Educação Inclusiva, Psicologia Escolar e Direitos Humanos, visando o melhor atendimento de alunos de inclusão | C9: Servidores ligados ao Departamento de Ensino, Pesquisa e Extensão (DEPEX) e/ou Assistência Estudantil | D9: 12 | E9: Melhorar o que já executo | F9: Psicologia do Ensino e da Aprendizagem | G9: Educação Inclusiva; Direitos Humanos; Psicologia Escolar e Educacional; Psicologia do Desenvolvimento; | H9: APLICAR: quando se precisa executar ou implementar na prática o conteúdo que será aprendido | I9: CT - Diversidade e inclusão: Capacidade de reconhecer e valorizar a diversidade de características, identidades, vivências e perspectivas de pessoas e | J9: Melhor atendimento aos alunos com necessidades educacionais específicas do câmpus | K9: GC - melhores práticas | L9: Não. | M9: educação em direitos humanos | N9: EVG(ENAP) | O9: https://www.escolavirtual.gov.br/curso/129
A10: 9 | B10: Emprego de novas tecnologias aplicadas em estruturas de concreto armado e metálicas | C10: Docentes dos cursos de Engenharia Civil e Técnico em Edificações | D10: 12 | E10: Desenvolver novos saberes, processos ou ferramentas relacionadas ao meu trabalho | F10: Estruturas | G10: Estruturas de concreto e metálicas | H10: CRIAR: quando se precisa generalizar, planejar ou produzir sobre o conteúdo que será aprendido | I10: Idear soluções inovadoras e efetivas para problemas de baixa, média ou elevada complexidade com a utilização de dados (numéricos e não numéricos) e evidências que aumentem a precisão e viabilidade das soluções | J10: Acesso aos alunos a novas tecnologias empregadas na área de estruturas. | K10: GC - melhores práticas | L10: PÓS-DOUTORADO | M10: Não existem cursos que correspondam à(s) necessidade(s). | N10: [] | O10: []
A11: 10 | B11: Emprego de novas tecnologias e novos materiais em engenharia hidráulica e saneamento. | C11: Docentes dos cursos de Engenharia Civil e Técnico em Edificações | D11: 12 | E11: Desenvolver novos saberes, processos ou ferramentas relacionadas ao meu trabalho | F11: Engenharia Hidráulica | G11: Instalações hidrossanitárias e saneamento. | H11: CRIAR: quando se precisa generalizar, planejar ou produzir sobre o conteúdo que será aprendido | I11: Idear soluções inovadoras e efetivas para problemas de baixa, média ou elevada complexidade com a utilização de dados (numéricos e não numéricos) e evidências que aumentem a precisão e viabilidade das soluções | J11: Acesso aos alunos a novas tecnologias empregadas em engenharia hidráulica e saneamento. | K11: GC - melhores práticas | L11: DOUTORADO | M11: Não existem cursos que correspondam à(s) necessidade(s). | N11: [] | O11: []
A12: 11 | B12: Emprego de novas tecnologias e novos materiais em infraestrutura de transportes. | C12: Docentes dos cursos de Engenharia Civil e Técnico em Edificações | D12: 12 | E12: Desenvolver novos saberes, processos ou ferramentas relacionadas ao meu trabalho | F12: Infra-Estrutura de Transportes | G12: Topografia e infraestrutura rodoviária e ferroviária. | H12: CRIAR: quando se precisa generalizar, planejar ou produzir sobre o conteúdo que será aprendido | I12: Idear soluções inovadoras e efetivas para problemas de baixa, média ou elevada complexidade com a utilização de dados (numéricos e não numéricos) e evidências que aumentem a precisão e viabilidade das soluções | J12: Acesso aos alunos a novas tecnologias empregadas na área de infraestrutura de transportes. | K12: GC - melhores práticas | L12: DOUTORADO
A13: 12 | B13: Emprego de novas tecnologias e novos materiais na construção civil | C13: Docentes dos cursos de Engenharia Civil e Técnico em Edificações | D13: 12 | E13: Desenvolver novos saberes, processos ou ferramentas relacionadas ao meu trabalho | F13: Construção Civil | G13: Materias e processos construtivos. | H13: CRIAR: quando se precisa generalizar, planejar ou produzir sobre o conteúdo que será aprendido | I13: Idear soluções inovadoras e efetivas para problemas de baixa, média ou elevada complexidade com a utilização de dados (numéricos e não numéricos) e evidências que aumentem a precisão e viabilidade das soluções | J13: Acesso aos alunos a novas tecnologias empregadas na área de construção civil. | K13: GC - melhores práticas | L13: PÓS-DOUTORADO | M13: Não existem cursos que correspondam à(s) necessidade(s). | N13: [] | O13: []
A14: 13 | B14: Melhorias no entendimento da tecnologia em geral e na forma como ela pode auxiliar para resolver os problemas da comunidade em geral | C14: Servidores da área de Tecnologia da Informação | D14: 4 | E14: Desenvolver novos saberes, processos ou ferramentas relacionadas ao meu trabalho | F14: Tecnologia da Informação | G14: Desenvolvimento de tencologias para auxiliar na melhoria da saúde da comunidade | H14: CRIAR: quando se precisa generalizar, planejar ou produzir sobre o conteúdo que será aprendido | I14: Idear soluções inovadoras e efetivas para problemas de baixa, média ou elevada complexidade com a utilização de dados (numéricos e não numéricos) e evidências que aumentem a precisão e viabilidade das soluções | J14: Capacitação e formação dos servidores de forma a contribuirem para o desenvolvimento da instituição | K14: RSC - membros, eventos, informações e recursos de comunidade | L14: DOUTORADO | M14: arquitetura de soluções para transformação digital | internet das coisas (iot) aplicada para resolução de desafios | Resolução de Problemas com Base em Dados(trilha) | N14: EVG(ENAP) | EVG(ENAP) | EVG(ENAP) | O14: https://www.escolavirtual.gov.br/curso/799 | https://www.escolavirtual.gov.br/curso/534 | https://www.escolavirtual.gov.br/trilha/216
A15: 14 | B15: qualificação na área de formação | C15: docente | D15: 1 | E15: Desenvolver novos saberes, processos ou ferramentas relacionadas ao meu trabalho | F15: Filosofia Brasileira | G15: ética e filosofia política | H15: CRIAR: quando se precisa generalizar, planejar ou produzir sobre o conteúdo que será aprendido | I15: Escutar, indagar e expressar conceitos e ideias nos momentos apropriados e de forma efetiva, garantindo uma dinâmica produtiva das interações internas e externas | J15: excelência na didática | K15: ACE - centros de excelência | L15: Não.
A16: 15 | B16: Qualificar o atendimento à comunidade acadêmica. | C16: TAE - enfermeiras e demais servidores com necessidade de atualização sobre temáticas ligadas à saúde. | D16: 2 | E16: Especializar em um saber, atividade ou ferramenta de trabalho | F16: Saúde Publica | G16: Atendimento de situações de saúde, primeiros socorros, saúde mental e demais quadros de saúde que possam aparecer nos atendimentos aos educandos. | H16: APLICAR: quando se precisa executar ou implementar na prática o conteúdo que será aprendido | I16: Garantir o atendimento das necessidades dos usuários e dos cidadãos | J16: Atendimento qualificado ao educando e demais integrantes da comunidade acadêmica. | K16: AE - e-learning | L16: Não.
A17: 16 | B17: Utilização de programas de computador utilizados nas aulas dos cursos de Engenharia Civil e Técnico em Edificação | C17: Docentes dos cursos de Engenharia Civil e Técnico em Edificações | D17: 12 | E17: Melhorar o que já executo | F17: Construção Civil | G17: Programas de computador para escritórios de construção civil | H17: APLICAR: quando se precisa executar ou implementar na prática o conteúdo que será aprendido | I17: Idear soluções inovadoras e efetivas para problemas de baixa, média ou elevada complexidade com a utilização de dados (numéricos e não numéricos) e evidências que aumentem a precisão e viabilidade das soluções | J17: Tecnologias digitais atualizadas sendo aplicadas nas aulas dos cursos de Engenharia Civil e de Edificações. | K17: AE - e-learning | L17: Não. | M17: Não existem cursos que correspondam à(s) necessidade(s). | N17: [] | O17: []

Sheet Pelotas
A1: Nº | B1: O que NÃO SE SABE FAZER ou NÃO SER | C1: Perfil dos agentes públicos | D1: Agentes Públicos | E1: Solução para este problema de desempenho | F1: Tema Geral | G1: Recorte do Tema Geral | H1: Nivel de aprendizagem | I1: Capacidade a ser desenvolvida | J1: Resultado que trará para a organização | K1: Solução possível para resolver essa necessidade | L1: Envolve uma ação de desenvolvimento a nível de educação formal | M1: Ação de desenvolvimento sugerida pela Enap | N1: Escola de governo ofertante | O1: Link do curso
A2: 1 | B2: A abordagem de assuntos relacionados a sexualidade e racismo no âmbito da biologia | C2: Professores da área de Biologia | D2: 20 | E2: Aprender o básico | F2: Biologia Geral | G2: Genética e evolução | H2: ENTENDER: quando se precisa interpretar, classificar, resumir, inferir, comparar ou explicar o conteúdo que será aprendido | I2: Identificar suas capacidades e limitações, assumindo o compromisso pelo próprio desenvolvimento, mediante a adoção de uma postura de abertura à aprendizagem contínua | J2: Segurança ao abordar e discutir temáticas importantes | K2: GT - competências e níveis de proficiência | L2: ESPECIALIZAÇÃO
A3: 2 | B3: A partir da elaboração de uma tese de doutorado pretende-se desenvolver um estudo que aprimore a prática docente. | C3: Docentes | D3: 1 | E3: Desenvolver novos saberes, processos ou ferramentas relacionadas ao meu trabalho | F3: Projeto de Arquitetuta e Urbanismo | G3: Ensino de geometria descritiva para a elaboração e leitura de projetos de arquitetura. | H3: CRIAR: quando se precisa generalizar, planejar ou produzir sobre o conteúdo que será aprendido | I3: Melhoria na prática docente | J3: Melhoria do processo de ensino-aprendizagem dos estudantes | K3: AE - simulações e jogos | L3: DOUTORADO
A4: 3 | B4: Administração | C4: Servidores com perfil de analistas/técnicos de TI, suporte ao usuário e suporte à tomada de decisões. | D4: 13 | E4: Desenvolver novos saberes, processos ou ferramentas relacionadas ao meu trabalho | F4: Administração de Empresas | G4: Administração em geral | H4: ANALISAR: quando se precisa diferenciar, organizar, atribuir ou concluir sobre o conteúdo que será aprendido | I4: Superar o desempenho padrão, apresentando soluções alinhadas ao cumprimento de metas e ao alcance dos objetivos estratégicos das organizações públicas | J4: Melhoria na entrega de resultados. | K4: AE - cursos presenciais | L4: Não.
A5: 4 | B5: Ampliar, aprimorar e desenvolver conhecimentos na área da educação para o exercício da docência, gestão educacional e políticas públicas. | C5: Professora EBTT | D5: 1 | E5: Desenvolver novos saberes, processos ou ferramentas relacionadas ao meu trabalho | F5: Educação e Docência | G5: Educação e políticas públicas educacionais. | H5: CRIAR: quando se precisa generalizar, planejar ou produzir sobre o conteúdo que será aprendido | I5: Ampliar, aprimorar e desenvolver conhecimentos na área da educação e desta forma qualificar meu trabalho docente. | J5: Qualificação do trabalho docente. | K5: GC - melhores práticas | L5: DOUTORADO | M5: formação de facilitadores de aprendizagem | desenho instrucional para soluções de capacitações presenciais | gestão do conhecimento no setor público | N5: EVG(ENAP) | EVG(ENAP) | EVG(ENAP) | O5: https://www.escolavirtual.gov.br/curso/141 | https://www.escolavirtual.gov.br/curso/250 | https://www.escolavirtual.gov.br/curso/414
A6: 5 | B6: Análise e ciência de dados. | C6: Servidores com perfil de analistas/técnicos de TI, suporte ao usuário e suporte à tomada de decisões. | D6: 14 | E6: Desenvolver novos saberes, processos ou ferramentas relacionadas ao meu trabalho | F6: Análise e Ciência de Dados | G6: Análise e ciência de dados. | H6: CRIAR: quando se precisa generalizar, planejar ou produzir sobre o conteúdo que será aprendido | I6: Idear soluções inovadoras e efetivas para problemas de baixa, média ou elevada complexidade com a utilização de dados (numéricos e não numéricos) e evidências que aumentem a precisão e viabilidade das soluções | J6: Melhorar as entregas de TI. | K6: AE - cursos presenciais | L6: Não. | M6: análise de dados: uma leitura crítica das informações | análise de dados em linguagem r | introdução à ciência de dados - conceitos e ferramentas | Análise Estatística Inferencial com uso de R | Análise Estatística Descritiva com uso de R | N6: EVG(ENAP) | EVG(ENAP) | EVG(ENAP) | SUAP(ENAP) | SUAP(ENAP) | O6: https://www.escolavirtual.gov.br/curso/764 | https://www.escolavirtual.gov.br/curso/325 | https://www.escolavirtual.gov.br/curso/976 | https://suap.enap.gov.br/portaldoaluno/curso/2047/ | https://suap.enap.gov.br/portaldoaluno/curso/2045/
A7: 6 | B7: Aperfeiçoar conhecimentos na área de projetos elétricos, instalações elétricas e automação | C7: Professores da área elétrica | D7: 20 | E7: Desenvolver novos saberes, processos ou ferramentas relacionadas ao meu trabalho | F7: Circuitos Elétricos, Magnéticos e Eletrônicos | G7: Eletricidade | H7: APLICAR: quando se precisa executar ou implementar na prática o conteúdo que será aprendido | I7: Criar um ambiente propício à experimentação e à melhoria contínua | J7: Os novos conhecimentos serão compartilhados com os alunos e demais interessados. | K7: RSC - membros, eventos, informações e recursos de comunidade | L7: Não.
A8: 7 | B8: Aperfeiçoar conhecimentos na área de projetos elétricos, instalações elétricas e automação | C8: Professor | D8: 25 | E8: Desenvolver novos saberes, processos ou ferramentas relacionadas ao meu trabalho | F8: Circuitos Elétricos, Magnéticos e Eletrônicos | G8: Eletricidade | H8: APLICAR: quando se precisa executar ou implementar na prática o conteúdo que será aprendido | I8: Criar um ambiente propício à experimentação e à melhoria contínua | J8: Implementação de novos conhecimentos e práticas relacionadas às aulas | K8: AE - cursos presenciais | L8: Não.
A9: 8 | B9: Apesar de estar em fim de carreira ainda sinto de ter mais apoio dos gestores na minha função. | C9: O ASSISTENTE DE ALUNO ESTAR JUNTO AOS ALUNOS EM TODOS OS TURNOS | D9: 10 | E9: Desenvolver novos saberes, processos ou ferramentas relacionadas ao meu trabalho | F9: Administração Educacional | G9: Mais suporte Educacional aos ASSISTENTES EM ASSUNTOS EDUCACIONAIS. | H9: ANALISAR: quando se precisa diferenciar, organizar, atribuir ou concluir sobre o conteúdo que será aprendido | I9: Identificar as necessidades e expectativas dos usuários em relação aos serviços do Estado | J9: Ter mais atenção e avaliar o comportamento dos alunos. | K9: SD - conselhos e recomendações | L9: Não.
A10: 9 | B10: Aprender conhecimentos sobre neuropsicologia | C10: Psicólogos | D10: 1 | E10: Aprender o básico | F10: Psicologia do Desenvolvimento Humano | G10: Neuropsicologia | H10: AVALIAR: quando se precisa checar ou apreciar criticamente o conteúdo que será aprendido | I10: Idear soluções inovadoras e efetivas para problemas de baixa, média ou elevada complexidade com a utilização de dados (numéricos e não numéricos) e evidências que aumentem a precisão e viabilidade das soluções | J10: Inclusão e melhor atendimento de alunos com necessidades especiais. | K10: AE - e-learning | L10: Não.
A11: 10 | B11: Aprender novas tecnologias na área de Química Orgânica | C11: Professor de Química Orgânica | D11: 1 | E11: Desenvolver novos saberes, processos ou ferramentas relacionadas ao meu trabalho | F11: Química Orgânica | G11: Síntese e aplicação de novos compostos orgânicos contendo os elementos essencias enxofre e selênio | H11: APLICAR: quando se precisa executar ou implementar na prática o conteúdo que será aprendido | I11: Aprofundamento nos conhecimentos na área da Química Orgânica para atuação nas atividades de atuação docente, no ensino, pesquisa e extensão. | J11: Aumento na produção científica | K11: RSC - membros, eventos, informações e recursos de comunidade | L11: Não.
A12: 11 | B12: Apresentação/Networking, conhecimento e atualização. | C12: Congressos/Feiras. Docentes do curso de Engenharia Elétrica e áreas afins. | D12: 30 | E12: Melhorar o que já executo | F12: Outro - não especificado | G12: Engenharia Elétrica | H12: AVALIAR: quando se precisa checar ou apreciar criticamente o conteúdo que será aprendido | I12: Escutar, indagar e expressar conceitos e ideias nos momentos apropriados e de forma efetiva, garantindo uma dinâmica produtiva das interações internas e externas | J12: Atendimento direto no que tange Ensino, Pesquisa e Extensão. | K12: SD - explicações e orientações | L12: Não.
A13: 12 | B13: Aprimoramento das atividades já executadas dentro da área de Biblioteconomia e atendimento ao público | C13: Bibliotecários, auxiliares de biblioteca, assistente em administraçãox auxiliar de alunos. | D13: 11 | E13: Desenvolver novos saberes, processos ou ferramentas relacionadas ao meu trabalho | F13: Biblioteconomia | G13: Gestão de biblioteca, atendimento ao público, avaliação MEC,capacitação com Pergamum, MARC 21 autoridades, organização de eventos em Biblioteconomia. | H13: CRIAR: quando se precisa generalizar, planejar ou produzir sobre o conteúdo que será aprendido | I13: Garantir o atendimento das necessidades dos usuários e dos cidadãos | J13: Melhor atendimento aos usuários e ao serviços desenvolvidos no setor. | K13: GC - tópicos de informação | L13: DOUTORADO
A14: 13 | B14: Aprimorar conhecimentos necessários para a inserçào da tecnologia BIM no curso de Edificações | C14: Docente do Curso de Edificações | D14: 1 | E14: Especializar em um saber, atividade ou ferramenta de trabalho | F14: Construção Civil | G14: Implementação da tencologia BIM no Curso de Edificações | H14: CRIAR: quando se precisa generalizar, planejar ou produzir sobre o conteúdo que será aprendido | I14: Idear soluções inovadoras e efetivas para problemas de baixa, média ou elevada complexidade com a utilização de dados (numéricos e não numéricos) e evidências que aumentem a precisão e viabilidade das soluções | J14: Auxilio na implementação da tecnologia BIM no curriculo do Curso de Edificações | K14: AE - cursos presenciais | L14: DOUTORADO
A15: 14 | B15: Aprimorar e compreensão e a comunicação da língua inglesa. | C15: Cursos de língua estarngeira, em razão da necessidade de internacionalização das instituições federais. Técnicos administrativos de nível E | D15: 10 | E15: Desenvolver novos saberes, processos ou ferramentas relacionadas ao meu trabalho | F15: Política Pública e População | G15: Aprender línguas estrangeiras que potencializem a aproximação de pesquisas e recusos que fortaleçam o processo de internacionalização do IFSul. | H15: ENTENDER: quando se precisa interpretar, classificar, resumir, inferir, comparar ou explicar o conteúdo que será aprendido | I15: Comunicar propósitos, planos e estratégias | J15: A partir da atenção a esta necessidade, tornar-se-á possível construir e constituir redes de apoio que possam auxiliar alunos e comunidade em uma projeção que considere a globalização e os interesses para soluções sociais além das fronteiras. | K15: GT - objetivos de trabalho e desenvolvimento | L15: PÓS-DOUTORADO
A16: 15 | B16: Aprofundamento dos processos de ensino de disciplinas relacionadas aos campos de atuação (projeto de arquitetura, representação gráfica digital e BIM) | C16: Professora do Ensino básico, técnico e tecnológico, lotada no curso técnico de Edificações, atuando no campo de projeto de arquitetura, representação gráfica digital e BIM. | D16: 1 | E16: Especializar em um saber, atividade ou ferramenta de trabalho | F16: Ensino-Aprendizagem | G16: Projeto de arquitetura, representação gráfica digital e BIM | H16: CRIAR: quando se precisa generalizar, planejar ou produzir sobre o conteúdo que será aprendido | I16: Ampliação da competência para ensino de sistemas construtivos apoiados em BIM. | J16: Atualização tecnológica e ampliação da compreensão sobre como o BIM pode melhor contribuir para o processo de ensino-aprendizagem a partir das reflexões geradas na formação. | K16: ACE - centros de excelência | L16: DOUTORADO | M16: gestão de projetos educacionais | N16: EVG(ENAP) | O16: https://www.escolavirtual.gov.br/curso/415
A17: 16 | B17: Aproximação de políticas públicas que atuem com habitação social; | C17: Professores que trabalhem com projetos de extensão na área de habitação de interesse social | D17: 1 | E17: Desenvolver novos saberes, processos ou ferramentas relacionadas ao meu trabalho | F17: Política Pública e População | G17: Direito a moradia e habitação de interesse social, programas de desenvolvimento social | H17: CRIAR: quando se precisa generalizar, planejar ou produzir sobre o conteúdo que será aprendido | I17: Construir parcerias e fortalecer as relações institucionais, atuando em um ambiente de governança em rede | J17: Aprimoramento nos trabalhos ja desenvolvidos e organização de outros | K17: RSC - membros, eventos, informações e recursos de comunidade | L17: DOUTORADO | M17: Equidade nas políticas públicas e o atendimento à população em situação de rua | N17: EVG(Enap) | O17: https://www.escolavirtual.gov.br/curso/1195
A18: 17 | B18: Atualização e formação permanente são papel do/a docente. | C18: Docentes da educação básica, técnica e tecnológica. | D18: 20 | E18: Desenvolver novos saberes, processos ou ferramentas relacionadas ao meu trabalho | F18: Educação e Docência | G18: Formação permanente de docentes que atuam na instituição desde a educação básica até a pós-graduação. | H18: CRIAR: quando se precisa generalizar, planejar ou produzir sobre o conteúdo que será aprendido | I18: Propiciar à equipe oportunidades de formação e compartilhamento do conhecimento no espaço organizacional, valorizando o capital humano , promovendo uma cultura de aprendizagem contínua e conciliando o desenvolvimento pessoas e orientação para resultados | J18: Docentes mais qualificados/as e atualizados/as. | K18: GC - melhores práticas | L18: Não. | M18: desenho instrucional para soluções de capacitações presenciais | N18: EVG(ENAP) | O18: https://www.escolavirtual.gov.br/curso/250
A19: 18 | B19: Atualizações nas práticas de saúde bucas, saúde geral, comunicação com pacientes | C19: Odontólogos e demais servidores da área da saúde | D19: 10 | E19: Desenvolver novos saberes, processos ou ferramentas relacionadas ao meu trabalho | F19: Odontologia Social e Preventiva | G19: Práticas odontológicas e de saúde geral que buscam melhorar a qualidade de vida da população. | H19: APLICAR: quando se precisa executar ou implementar na prática o conteúdo que será aprendido | I19: Superar o desempenho padrão, apresentando soluções alinhadas ao cumprimento de metas e ao alcance dos objetivos estratégicos das organizações públicas | J19: Melhoria no atendimento às expectativas dos pacientes. | K19: GC - melhores práticas | L19: Não.
A20: 19 | B20: Automação industrial, predial, residencial e projetos elétricos ou eletrônicos | C20: Professor de curso técnico | D20: 20 | E20: Desenvolver novos saberes, processos ou ferramentas relacionadas ao meu trabalho | F20: Circuitos Elétricos, Magnéticos e Eletrônicos | G20: Projetos elétricos, eletrônicos e energias renováveis | H20: CRIAR: quando se precisa generalizar, planejar ou produzir sobre o conteúdo que será aprendido | I20: Criar um ambiente propício à experimentação e à melhoria contínua | J20: Implementação de novos conhecimentos e práticas relacionadas às aulas | K20: RSC - membros, eventos, informações e recursos de comunidade | L20: Não.
A21: 20 | B21: Avançar em estudos na área do ensino de BIM envolvendo projeto de arquitetura e informática aplicada à construção civil. | C21: Professor | D21: 1 | E21: Desenvolver novos saberes, processos ou ferramentas relacionadas ao meu trabalho | F21: Educação e Docência | G21: Ensino de Modelagem da Informação da Construção (BIM) aplicada à projeto de arquitetura e informática aplicada. | H21: APLICAR: quando se precisa executar ou implementar na prática o conteúdo que será aprendido | I21: Idear soluções inovadoras e efetivas para problemas de baixa, média ou elevada complexidade com a utilização de dados (numéricos e não numéricos) e evidências que aumentem a precisão e viabilidade das soluções | J21: Avanço no entendimento do uso do sistema BIM associado à tecnologias de inteligência artificial como recurso para avanço na exploração de estratégias projetuais. | K21: GC - melhores práticas | L21: DOUTORADO
A22: 21 | B22: Avançar no conhecimento sobre a tecnologia BIM para inseri-la no processo de ensino-aprendizagem do Curso de Edificações | C22: Corpo docente do curso de Edificações | D22: 22 | E22: Desenvolver novos saberes, processos ou ferramentas relacionadas ao meu trabalho | F22: Construção Civil | G22: Capacitação docente para inserir a tecnologia BIM no curriculo do Curso de Edificações | H22: CRIAR: quando se precisa generalizar, planejar ou produzir sobre o conteúdo que será aprendido | I22: Idear soluções inovadoras e efetivas para problemas de baixa, média ou elevada complexidade com a utilização de dados (numéricos e não numéricos) e evidências que aumentem a precisão e viabilidade das soluções | J22: Inserção da tecnologia BIM no currículo do Curso de Edificações | K22: AE - cursos presenciais | L22: Não. | M22: BIM - Projetos, Planejamento, Orçamentos e Contratos de Construção | N22: EVG(Enap) | O22: https://www.escolavirtual.gov.br/curso/796
A23: 22 | B23: Banco de Dados | C23: Servidores com perfil de analistas/técnicos de TI, suporte ao usuário e suporte à tomada de decisões. | D23: 14 | E23: Especializar em um saber, atividade ou ferramenta de trabalho | F23: Tecnologia da Informação | G23: Banco de Dados | H23: CRIAR: quando se precisa generalizar, planejar ou produzir sobre o conteúdo que será aprendido | I23: Idear soluções inovadoras e efetivas para problemas de baixa, média ou elevada complexidade com a utilização de dados (numéricos e não numéricos) e evidências que aumentem a precisão e viabilidade das soluções | J23: Melhorar as entregas de TI. | K23: AE - cursos presenciais | L23: Não.
A24: 23 | B24: Brigadista de incendio | C24: Servidores TAEs de TI | D24: 15 | E24: Aprender o básico | F24: Outro - não especificado | G24: Noções de combate a incendio | H24: APLICAR: quando se precisa executar ou implementar na prática o conteúdo que será aprendido | I24: Melhor preparo para situações críticas | J24: Melhor preparo para situações críticas envolvendo fogo | K24: AE - cursos presenciais | L24: Não.
A25: 24 | B25: Capacitação docente | C25: Estudantes | D25: 1 | E25: Especializar em um saber, atividade ou ferramenta de trabalho | F25: Políticas Sociais | G25: Núcleos inclusivos | H25: APLICAR: quando se precisa executar ou implementar na prática o conteúdo que será aprendido | I25: CT - Diversidade e inclusão: Capacidade de reconhecer e valorizar a diversidade de características, identidades, vivências e perspectivas de pessoas e | J25: Conter evasão | K25: ACE - centros de excelência | L25: ENSINO SUPERIOR
A26: 25 | B26: Compreender melhor os tramites para acesso a politicas publicas e/ou açoes para habitação social | C26: docentes com atuação em programa de extensão | D26: 1 | E26: Desenvolver novos saberes, processos ou ferramentas relacionadas ao meu trabalho | F26: Política Pública e População | G26: Habitação Social | H26: CRIAR: quando se precisa generalizar, planejar ou produzir sobre o conteúdo que será aprendido | I26: Garantir o atendimento das necessidades dos usuários e dos cidadãos | J26: aprimoramento no trabalho ja desenvolvido com a comunidade externa | K26: RSC - outras pessoas em funções similares ou relacionadas | L26: DOUTORADO
A27: 26 | B27: Compreender o uso e aplicação da técnica | C27: Professores e servidores interessados em ciência e tecnologia | D27: 10 | E27: Desenvolver novos saberes, processos ou ferramentas relacionadas ao meu trabalho | F27: Biologia Molecular | G27: Edição gênica | H27: CRIAR: quando se precisa generalizar, planejar ou produzir sobre o conteúdo que será aprendido | I27: Prospectar cenários para além do futuro imediato | J27: Inserção da instituição numa lacuna da ciência e tecnologia | K27: GC - melhores práticas | L27: Não. | M27: sistema eletrônico de informações - sei! usar | introdução ao sistema sigepe - afd | N27: EVG(ENAP) | EVG(ENAP) | O27: https://www.escolavirtual.gov.br/curso/74 | https://www.escolavirtual.gov.br/curso/223
A28: 27 | B28: Comunicação e expressão | C28: Servidores com perfil de analistas/técnicos de TI, suporte ao usuário e suporte à tomada de decisões. | D28: 14 | E28: Melhorar o que já executo | F28: Língua Portuguesa | G28: Oratória, discurso e redação. | H28: APLICAR: quando se precisa executar ou implementar na prática o conteúdo que será aprendido | I28: Escutar, indagar e expressar conceitos e ideias nos momentos apropriados e de forma efetiva, garantindo uma dinâmica produtiva das interações internas e externas | J28: Melhorar a comunicação (forma) | K28: AE - cursos presenciais | L28: Não.
A29: 28 | B29: Comunicação e expressão | C29: Servidores com perfil de analistas/técnicos de TI, suporte ao usuário e suporte à tomada de decisões. | D29: 14 | E29: Desenvolver novos saberes, processos ou ferramentas relacionadas ao meu trabalho | F29: Línguas Estrangeiras Modernas | G29: Idiomas | H29: ENTENDER: quando se precisa interpretar, classificar, resumir, inferir, comparar ou explicar o conteúdo que será aprendido | I29: Escutar, indagar e expressar conceitos e ideias nos momentos apropriados e de forma efetiva, garantindo uma dinâmica produtiva das interações internas e externas | J29: Desenvolver novas habilidades para comunicação e leituras de artigos técnicos em outros idiomas. | K29: AE - cursos presenciais | L29: Não.
A30: 29 | B30: Condução de cerimônias e atos solenes. | C30: Assistentes em Administração, Assistentes de Aluno | D30: 10 | E30: Melhorar o que já executo | F30: Outro - não especificado | G30: Protocolos e ritos formais | H30: APLICAR: quando se precisa executar ou implementar na prática o conteúdo que será aprendido | I30: Garantir o atendimento das necessidades dos usuários e dos cidadãos | J30: Garantia de coerência, organização e representatividade adequada em cada ato solene. | K30: AE - e-learning | L30: Não.
A31: 30 | B31: Condução de cerimônias e atos solenes. | C31: Assistentes em Administração, Assistentes de Aluno | D31: 10 | E31: Melhorar o que já executo | F31: Outro - não especificado | G31: Protocolos e ritos formais | H31: APLICAR: quando se precisa executar ou implementar na prática o conteúdo que será aprendido | I31: Garantir o atendimento das necessidades dos usuários e dos cidadãos | J31: Garantia de coerência, organização e representatividade adequada em cada ato solene. | K31: AE - e-learning | L31: Não.
A32: 31 | B32: Conhecimento e atualização da Lei de licitações e contratos e suas subsidiárias. | C32: Servidores que atuam com licitações e contratos. | D32: 4 | E32: Especializar em um saber, atividade ou ferramenta de trabalho | F32: Governança e Gestão de Riscos | G32: Licitações e contratos | H32: APLICAR: quando se precisa executar ou implementar na prática o conteúdo que será aprendido | I32: Coordenar interesses e gerir conflitos, favorecendo a governabilidade por meio da construção de coalizões e consensos em torno de agendas de interesse comum | J32: Tomada de decisões | K32: GC - melhores práticas | L32: Não. | M32: nova lei de licitações e contratos: aspectos gerais e pontos de atenção | contratações diretas na nova lei de licitações | nova lei de licitações: gestão contratual | N32: EVG(ENAP) | EVG(ENAP) | EVG(ENAP) | O32: https://www.escolavirtual.gov.br/curso/887 | https://www.escolavirtual.gov.br/curso/926 | https://www.escolavirtual.gov.br/curso/440
A33: 32 | B33: Conhecimentos avançados de computação para desenvolvimento de software | C33: Doutorado em Ciência da Computação | D33: 1 | E33: Desenvolver novos saberes, processos ou ferramentas relacionadas ao meu trabalho | F33: Tecnologia da Informação | G33: Doutorado em Ciência da Computação - Inteligência Artificial | H33: ENTENDER: quando se precisa interpretar, classificar, resumir, inferir, comparar ou explicar o conteúdo que será aprendido | I33: Idear soluções inovadoras e efetivas para problemas de baixa, média ou elevada complexidade com a utilização de dados (numéricos e não numéricos) e evidências que aumentem a precisão e viabilidade das soluções | J33: Qualificar o corpo administrativo do setor através de cursos de doutorado em Ciência da Computação | K33: AE - cursos presenciais | L33: DOUTORADO | M33: inteligência artificial generativa | a história da ia | inteligência artificial para simplificar o dia a dia | N33: EVG(ENAP) | EVG(ENAP) | EVG(ENAP) | O33: https://www.escolavirtual.gov.br/curso/1091 | https://www.escolavirtual.gov.br/curso/1088 | https://www.escolavirtual.gov.br/curso/861
A34: 33 | B34: Conhecimentos mais aprofundado na utilização de tecnologia assistiva e inteligência artificial para auxiliar as pessoas com deficiência no leitura. | C34: Bibliotecários que gerenciam, catalogam, organizam a informação e planejam e executam projeto de ensino na biblioteca, e os Técnicos administrativos que oferecem apoio como etiquetar, auxiliar os usuários na busca de informação, além ajudar na realização de projetos de ensino. | D34: 1 | E34: Desenvolver novos saberes, processos ou ferramentas relacionadas ao meu trabalho | F34: Educação e Docência | G34: Inclusão de pessoas com deficiência na biblioteca. | H34: CRIAR: quando se precisa generalizar, planejar ou produzir sobre o conteúdo que será aprendido | I34: CT - Diversidade e inclusão: Capacidade de reconhecer e valorizar a diversidade de características, identidades, vivências e perspectivas de pessoas e | J34: Inclusão de pessoas com deficiência e o acesso facilitado a leitura e a informação. | K34: GC - manuais e guias de usuário | L34: DOUTORADO
A35: 34 | B35: Conhecimentos sobre inteligência artificial, gestão de bibliotecas, ferramentas de design gráfico e língua inglesa, atendimento ao público. | C35: Bibliotecário, auxiliar de biblioteca, assistente em administração, assistente de alunos | D35: 7 | E35: Melhorar o que já executo | F35: Biblioteconomia | G35: Inteligência artificial, gestão de bibliotecas, atendimento ao público, ferramentas de design gráfico, língua inglesa, avaliação do MEC | H35: CRIAR: quando se precisa generalizar, planejar ou produzir sobre o conteúdo que será aprendido | I35: Garantir o atendimento das necessidades dos usuários e dos cidadãos | J35: Melhor atendimento aos usuários e melhor desempenho nas atividades desenvolvidas | K35: GC - tópicos de informação | L35: MESTRADO | M35: inteligência artificial no contexto do serviço público | inteligência artificial generativa | N35: EVG(ENAP) | EVG(ENAP) | O35: https://www.escolavirtual.gov.br/curso/377 | https://www.escolavirtual.gov.br/curso/1091
A36: 35 | B36: Cursos de aperfeiçoamento relacionados à área financeira e à parte das viagens. | C36: Assistente Administrativo e Administrador - atuam na área financeira e na parte de controle e execução das viagens. | D36: 2 | E36: Especializar em um saber, atividade ou ferramenta de trabalho | F36: Gestor Público | G36: Parte financeira | H36: AVALIAR: quando se precisa checar ou apreciar criticamente o conteúdo que será aprendido | I36: Propiciar à equipe oportunidades de formação e compartilhamento do conhecimento no espaço organizacional, valorizando o capital humano , promovendo uma cultura de aprendizagem contínua e conciliando o desenvolvimento pessoas e orientação para resultados | J36: Maior agilidade no atendimento das demandas. | K36: RSC - outras pessoas em funções similares ou relacionadas | L36: MESTRADO
A37: 36 | B37: Cursos de língua inglesa, em razão da internacionalização das instituições federais. | C37: Técnicos administrativos em educação. | D37: 200 | E37: Aprender o básico | F37: Literaturas Estrangeiras Modernas | G37: Cursos de inglês. | H37: APLICAR: quando se precisa executar ou implementar na prática o conteúdo que será aprendido | I37: Escutar, indagar e expressar conceitos e ideias nos momentos apropriados e de forma efetiva, garantindo uma dinâmica produtiva das interações internas e externas | J37: No caso de atendimento de falantes da língua inglesa. | K37: AE - cursos presenciais | L37: Não.
A38: 37 | B38: Datacenters, cabeamento e redes de computadores. | C38: Servidores com perfil de analistas/técnicos de TI, suporte ao usuário e suporte à tomada de decisões. | D38: 14 | E38: Desenvolver novos saberes, processos ou ferramentas relacionadas ao meu trabalho | F38: Sistemas de Computação | G38: Datacenters, cabeamento e redes de computadores. | H38: CRIAR: quando se precisa generalizar, planejar ou produzir sobre o conteúdo que será aprendido | I38: Integrar as tecnologias digitais com: os modelos de gestão; os processos de tomada de decisão e geração de produtos e serviços; e os meios de comunicação interna, externa e de relacionamento com usuários | J38: Melhorar os ambientes computacionais. | K38: AE - cursos presenciais | L38: Não.
A39: 38 | B39: Desenvolver habilidades que envolvam inteligência artificial, visualização espacial e geometria descritiva | C39: Professores e estudantes que se envolvam com questões de desenvolvimento de visualização espacial e representação gráfica. | D39: 10 | E39: Desenvolver novos saberes, processos ou ferramentas relacionadas ao meu trabalho | F39: Fundamentos de Arquitetura e Urbanismo | G39: Inteligência artificial e o ensino de representação gráfica | H39: CRIAR: quando se precisa generalizar, planejar ou produzir sobre o conteúdo que será aprendido | I39: Melhoria da atividade docente | J39: Melhoria da qualidade das aulas e do desenvolvimento dos estudantes | K39: GC - melhores práticas | L39: ESPECIALIZAÇÃO | M39: a história da ia | N39: EVG(ENAP) | O39: https://www.escolavirtual.gov.br/curso/1088
A40: 39 | B40: Desenvolver novos saberes, processos ou ferramentas relacionadas ao meu trabalho | C40: Bibliotecários, assistente em administração, auxíliar de biblioteca, assistente de alunos | D40: 9 | E40: Melhorar o que já executo | F40: Biblioteconomia | G40: Gestão de biblioteca, atendimento ao público, avaliação MEC,capacitação com Pergamum, MARC 21 autoridades, organização de eventos em Biblioteconomia. | H40: CRIAR: quando se precisa generalizar, planejar ou produzir sobre o conteúdo que será aprendido | I40: Garantir o atendimento das necessidades dos usuários e dos cidadãos | J40: Melhor atendimento aos usuários e ao serviços desenvolvidos no setor. | K40: GC - tópicos de informação | L40: DOUTORADO | M40: noções básicas do trabalho remoto | inovando na gestão de projetos | reuniões produtivas | N40: EVG(ENAP) | EVG(ENAP) | EVG(ENAP) | O40: https://www.escolavirtual.gov.br/curso/293 | https://www.escolavirtual.gov.br/curso/956 | https://www.escolavirtual.gov.br/curso/790
A41: 40 | B41: Desenvolver novos saberes, processos ou ferramentas relacionadas ao meu trabalho | C41: Todos os servidores necessitam de maior formação sobre a temática dos direitos fundamentais dos adolescentes nas escolas e ter maior conhecimento sobre o Estatuto da Criança e Adolescente e o funcionamento do Conselho Tutelar | D41: 1500 | E41: Desenvolver novos saberes, processos ou ferramentas relacionadas ao meu trabalho | F41: Educação e Docência | G41: Ter conhecimento sobre Direitos fundamentais dos adolescentes nas escolas. | H41: APLICAR: quando se precisa executar ou implementar na prática o conteúdo que será aprendido | I41: Construir cenários e traçar diretrizes estratégicas para a organização e para a sociedade, tendo por base as características históricas, o contexto e as tendências em âmbito local, regional, nacional e internacional | J41: Capacitar, servidores na área dos direitos fundamentais e humanos | K41: GC - melhores práticas | L41: Não. | M41: desenho instrucional para soluções de capacitações presenciais | N41: EVG(ENAP) | O41: https://www.escolavirtual.gov.br/curso/250
A42: 41 | B42: Desenvolver novos saberes, processos ou ferramentas relacionadas ao meu trabalho | C42: Servidores Técnico-Administrativos | D42: 10 | E42: Melhorar o que já executo | F42: Tecnologia da Informação | G42: A importância da informática no desenvolvimento pessoal | H42: LEMBRAR: quando se precisa apenas reconhecer e reproduzir o conteúdo que será aprendido . | I42: Garantir o atendimento das necessidades dos usuários e dos cidadãos | J42: Servidores atualizados, considerando que a informática é uma área em constante evolução. | K42: GC - melhores práticas | L42: Não. | M42: noções básicas do trabalho remoto | inovando na gestão de projetos | reuniões produtivas | N42: EVG(ENAP) | EVG(ENAP) | EVG(ENAP) | O42: https://www.escolavirtual.gov.br/curso/293 | https://www.escolavirtual.gov.br/curso/956 | https://www.escolavirtual.gov.br/curso/790
A43: 42 | B43: Desenvolver novos saberes, processos ou ferramentas relacionadas ao meu trabalho e minha área de atuação profissional | C43: Técnicos em tecnologia da informação e servidores que trabalham na área de tecnologia da informação. Curso de Doutorado em Ciência da Computação | D43: 1 | E43: Desenvolver novos saberes, processos ou ferramentas relacionadas ao meu trabalho | F43: Tecnologia da Informação | G43: Doutorado em Ciência da Computação | H43: APLICAR: quando se precisa executar ou implementar na prática o conteúdo que será aprendido | I43: Superar o desempenho padrão, apresentando soluções alinhadas ao cumprimento de metas e ao alcance dos objetivos estratégicos das organizações públicas | J43: Idear soluções inovadoras e efetivas para problemas de baixa, média ou elevada complexidade com a utilização de dados (numéricos e não numéricos) e evidências que aumentem a precisão e viabilidade das soluções | K43: GC - melhores práticas | L43: DOUTORADO | M43: noções básicas do trabalho remoto | gestão de equipes em trabalho remoto | employee experience (ex): engajamento e produtividade no setor público | Liderança e Gestão no Trabalho Híbrido | N43: EVG(ENAP) | EVG(ENAP) | EVG(ENAP) | EVG(Enap) | O43: https://www.escolavirtual.gov.br/curso/293 | https://www.escolavirtual.gov.br/curso/334 | https://www.escolavirtual.gov.br/curso/805 | https://www.escolavirtual.gov.br/curso/1350
A44: 43 | B44: Desenvolver novos saberes, processos ou ferramentas relacionadas ao meu trabalho. | C44: Todos os servidores necessitam de maior formação sobre a temática da Educação Inclusiva e Educação Especial, considerando a inclusão nas escolas. | D44: 1500 | E44: Desenvolver novos saberes, processos ou ferramentas relacionadas ao meu trabalho | F44: Educação e Docência | G44: Capacitar, servidores na área da Educação Inclusiva e do AEE, quanto aos recursos, estratégias para inclusão de estudantes PcD. | H44: APLICAR: quando se precisa executar ou implementar na prática o conteúdo que será aprendido | I44: CT - Diversidade e inclusão: Capacidade de reconhecer e valorizar a diversidade de características, identidades, vivências e perspectivas de pessoas e | J44: Melhor e mais adequado atendimento aos estudantes que participam do NAPNE. | K44: GC - melhores práticas | L44: Não. | M44: temos que dar aulas remotas... e agora? | desenho instrucional para soluções de capacitações presenciais | metodologias ativas | N44: EVG(ENAP) | EVG(ENAP) | EVG(ENAP) | O44: https://www.escolavirtual.gov.br/curso/313 | https://www.escolavirtual.gov.br/curso/250 | https://www.escolavirtual.gov.br/curso/628
A45: 44 | B45: Desenvolvimento mobile | C45: Servidores com perfil de analistas/técnicos em TI e suporte ao usuário. | D45: 14 | E45: Desenvolver novos saberes, processos ou ferramentas relacionadas ao meu trabalho | F45: Metodologia e Técnicas da Computação | G45: Metodologias e desenvolvimento mobile. | H45: CRIAR: quando se precisa generalizar, planejar ou produzir sobre o conteúdo que será aprendido | I45: Idear soluções inovadoras e efetivas para problemas de baixa, média ou elevada complexidade com a utilização de dados (numéricos e não numéricos) e evidências que aumentem a precisão e viabilidade das soluções | J45: Melhorar as entregas de TI para os usuários e gestores. | K45: AE - cursos presenciais | L45: Não.
A46: 45 | B46: Design gráfico para desenvolvimento de aplicativos/sistemas | C46: Servidores com perfil de analistas/técnicos de TI, suporte ao usuário e suporte à tomada de decisões. | D46: 14 | E46: Desenvolver novos saberes, processos ou ferramentas relacionadas ao meu trabalho | F46: Comunicação Visual | G46: Design gráfico para desenvolvimento de aplicativos/sistemas | H46: APLICAR: quando se precisa executar ou implementar na prática o conteúdo que será aprendido | I46: Idear soluções inovadoras e efetivas para problemas de baixa, média ou elevada complexidade com a utilização de dados (numéricos e não numéricos) e evidências que aumentem a precisão e viabilidade das soluções | J46: Melhorar as entregas de TI. | K46: AE - cursos presenciais | L46: Não.
A47: 46 | B47: Didática | C47: Servidores com perfil de analistas/técnicos de TI, suporte ao usuário e suporte à tomada de decisões. | D47: 14 | E47: Desenvolver novos saberes, processos ou ferramentas relacionadas ao meu trabalho | F47: Educação e Docência | G47: Didática | H47: APLICAR: quando se precisa executar ou implementar na prática o conteúdo que será aprendido | I47: Melhoria da comunicação | J47: Melhoria na comunicação | K47: AE - cursos presenciais | L47: Não.
A48: 47 | B48: É indispensável frequentar espaços em que se possa fazer a partilha dos resultados de pesquisa, gerando novas aprendizagens e aprimorando a prática. | C48: Professores do Programa de Pós-graduação em Educação | D48: 10 | E48: Desenvolver novos saberes, processos ou ferramentas relacionadas ao meu trabalho | F48: Educação e Docência | G48: Participação em eventos de diferentes configurações (seminários, congressos, encontros, etc.), em grupos de pesquisa, e em projeto de pós-doutoramento | H48: CRIAR: quando se precisa generalizar, planejar ou produzir sobre o conteúdo que será aprendido | I48: Alcançar maior profundidade teórica, metodológica e/ou prática no desenvolvimento das pesquisas em Educação, o que impacta na avaliação do PPGEDU. | J48: Atualização constante sobre as pesquisas no campo da educação e divulgação dos resultados das pesquisas realizadas, o que impacta na prática docente. | K48: AE - cursos presenciais | L48: PÓS-DOUTORADO | M48: facilitação de reuniões, times e workshops no ambiente online | temos que dar aulas remotas... e agora? | formação de facilitadores de aprendizagem | N48: EVG(ENAP) | EVG(ENAP) | EVG(ENAP) | O48: https://www.escolavirtual.gov.br/curso/538 | https://www.escolavirtual.gov.br/curso/313 | https://www.escolavirtual.gov.br/curso/141
A49: 48 | B49: Ética no setor público. | C49: Servidores com perfil de analistas/técnicos de TI, suporte ao usuário e suporte à tomada de decisões. | D49: 14 | E49: Desenvolver novos saberes, processos ou ferramentas relacionadas ao meu trabalho | F49: Ética no Setor Público | G49: Ética, conflitos e compliance. | H49: ENTENDER: quando se precisa interpretar, classificar, resumir, inferir, comparar ou explicar o conteúdo que será aprendido | I49: Orientar suas ações com base em desempenho, metas, resultados e seus impactos, construídos de forma aderente ao contexto organizacional e social existente | J49: Melhoria no serviço público. | K49: AE - cursos presenciais | L49: Não. | M49: Ética e Integridade Pública(trilha) | ética e serviço público | introdução à gestão e apuração da ética pública | Ética em Contratações Públicas | N49: EVG(ENAP) | EVG(ENAP) | EVG(ENAP) | SUAP(ENAP) | O49: https://www.escolavirtual.gov.br/trilha/239 | https://www.escolavirtual.gov.br/curso/4 | https://www.escolavirtual.gov.br/curso/347 | https://suap.enap.gov.br/portaldoaluno/curso/2031/
A50: 49 | B50: Formação continuada docente, atualização das tecnologias utilizadas na construção civil. | C50: Docente | D50: 24 | E50: Desenvolver novos saberes, processos ou ferramentas relacionadas ao meu trabalho | F50: Construção Civil | G50: Implementação da tecnologia BIM no Curso de Edificações | H50: APLICAR: quando se precisa executar ou implementar na prática o conteúdo que será aprendido | I50: Identificar suas capacidades e limitações, assumindo o compromisso pelo próprio desenvolvimento, mediante a adoção de uma postura de abertura à aprendizagem contínua | J50: Realização do Plano de Implementação BIM Curricular no Curso de Edificações | K50: AE - cursos presenciais | L50: DOUTORADO | M50: gestão de projetos educacionais | praticando o dimensionamento da força de trabalho | N50: EVG(ENAP) | SUAP(ENAP) | O50: https://www.escolavirtual.gov.br/curso/415 | https://suap.enap.gov.br/portaldoaluno/curso/2055/?area=7
A51: 50 | B51: Formação continuada na EJA_EPT | C51: Docentes do curso EJA-EPT | D51: 10 | E51: Melhorar o que já executo | F51: Educação e Docência | G51: Formação continuada na EJA-EPT | H51: CRIAR: quando se precisa generalizar, planejar ou produzir sobre o conteúdo que será aprendido | I51: Idear soluções inovadoras e efetivas para problemas de baixa, média ou elevada complexidade com a utilização de dados (numéricos e não numéricos) e evidências que aumentem a precisão e viabilidade das soluções | J51: Atualização do PPC do curso EJA-EPT Edificações e incentivo a ampliação da EJA-EPT no Campus Pelotas | K51: RSC - membros, eventos, informações e recursos de comunidade | L51: Não.
A52: 51 | B52: Formação em Pós-Graduação e cursos de formação continuada. | C52: Atuar na área da educação e da tradução. | D52: 1 | E52: Melhorar o que já executo | F52: Fundamentos da Educação | G52: Educação; Sociologia; Tradução e Interpretação em Libras; Gestão de Equipe. | H52: LEMBRAR: quando se precisa apenas reconhecer e reproduzir o conteúdo que será aprendido . | I52: Garantir o atendimento das necessidades dos usuários e dos cidadãos | J52: Melhor desenvolvimento como servidor e aquisição de conhecimento. | K52: GC - melhores práticas | L52: DOUTORADO
A53: 52 | B53: Formação permanete | C53: Cursos | D53: 20 | E53: Melhorar o que já executo | F53: Educação e Docência | G53: Educação | H53: CRIAR: quando se precisa generalizar, planejar ou produzir sobre o conteúdo que será aprendido | I53: Qualidade no exercício da docência e da Pesquisa | J53: Qualidade no exercício da docência e no desenvolvimento da pesquisa | K53: GT - funções e descrições de cargo | L53: Não.
A54: 53 | B54: Gestão de contratação de serviços e bens de TI. | C54: Servidores com perfil de analistas/técnicos de TI, suporte ao usuário e suporte à tomada de decisões. | D54: 14 | E54: Desenvolver novos saberes, processos ou ferramentas relacionadas ao meu trabalho | F54: Gestor Público | G54: Gestão de contratação de bens e serviços de TI. | H54: CRIAR: quando se precisa generalizar, planejar ou produzir sobre o conteúdo que será aprendido | I54: Identificar os principais marcos institucionais que podem impactar os processos decisórios e a gestão de programas e projetos no âmbito do setor público | J54: Tornar mais eficiente o processo de contratações de TI. | K54: AE - cursos presenciais | L54: Não.
A55: 54 | B55: Gestão de crises | C55: Servidores com perfil de analistas/técnicos de TI, suporte ao usuário e suporte à tomada de decisões. | D55: 14 | E55: Desenvolver novos saberes, processos ou ferramentas relacionadas ao meu trabalho | F55: Governança e Gestão de Riscos | G55: Gestão de crises. | H55: ANALISAR: quando se precisa diferenciar, organizar, atribuir ou concluir sobre o conteúdo que será aprendido | I55: Antecipar, identificar e administrar a ocorrência de situações de risco | J55: Melhoras as entregas de TI. | K55: AE - cursos presenciais | L55: Não. | M55: gerenciamento de continuidade de negócios na administração pública | Gestão de Crises(trilha) | Gestão de Crises no Setor Público | N55: EVG(ENAP) | EVG(ENAP) | EVG(Enap) | O55: https://www.escolavirtual.gov.br/curso/808 | https://www.escolavirtual.gov.br/trilha/249 | https://www.escolavirtual.gov.br/curso/1262
A56: 55 | B56: Gestão de documentos públicos | C56: Assistentes em Administração | D56: 2 | E56: Aprender o básico | F56: Administração Educacional | G56: Gestão Sistêmica de Documentos Públicos | H56: APLICAR: quando se precisa executar ou implementar na prática o conteúdo que será aprendido | I56: Capacitação na gestão de documentos públicos, visando estabelecer critérios de preservação e acesso aos acervos arquivísticos. | J56: Desenvolvimento de gestão de documentos públicos, bem como a elaboração e implantação de planos de classificação e tabela de temporalidade, visando estabelecer critérios de preservação e acesso aos acervos arquivísticos. | K56: AE - e-learning | L56: Não. | M56: noções básicas de gerenciamento em serviços arquivísticos | sistema eletrônico de informações - sei! usar | introdução às práticas arquivísticas | N56: EVG(ENAP) | EVG(ENAP) | EVG(ENAP) | O56: https://www.escolavirtual.gov.br/curso/855 | https://www.escolavirtual.gov.br/curso/74 | https://www.escolavirtual.gov.br/curso/559
A57: 56 | B57: Gestão de documentos públicos | C57: Assistentes em Administração | D57: 2 | E57: Aprender o básico | F57: Administração Educacional | G57: Gestão Sistêmica de Documentos Públicos | H57: APLICAR: quando se precisa executar ou implementar na prática o conteúdo que será aprendido | I57: Capacitação na gestão de documentos públicos, visando estabelecer critérios de preservação e acesso aos acervos arquivísticos. | J57: Desenvolvimento de gestão de documentos públicos, bem como a elaboração e implantação de planos de classificação e tabela de temporalidade, visando estabelecer critérios de preservação e acesso aos acervos arquivísticos. | K57: AE - e-learning | L57: Não. | M57: noções básicas de gerenciamento em serviços arquivísticos | sistema eletrônico de informações - sei! usar | introdução às práticas arquivísticas | N57: EVG(ENAP) | EVG(ENAP) | EVG(ENAP) | O57: https://www.escolavirtual.gov.br/curso/855 | https://www.escolavirtual.gov.br/curso/74 | https://www.escolavirtual.gov.br/curso/559
A58: 57 | B58: Gestão de projetos e fluxo de processos. | C58: Servidores com perfil de analistas/técnicos de TI, suporte ao usuário e suporte à tomada de decisões. | D58: 14 | E58: Especializar em um saber, atividade ou ferramenta de trabalho | F58: Administração de Empresas | G58: projetos e processos. | H58: APLICAR: quando se precisa executar ou implementar na prática o conteúdo que será aprendido | I58: Adotar novos insights à sua ação | J58: Melhorar os processos existentes. | K58: AE - cursos presenciais | L58: Não. | M58: gestão de projetos | dominando a gestão de projetos | gestão de projetos educacionais | Dominando a Gestão de Projetos | gestão de projetos | N58: EVG(ENAP) | SUAP(ENAP) | EVG(ENAP) | SUAP(ENAP) | EVG(ENAP) | O58: https://www.escolavirtual.gov.br/curso/787 | https://suap.enap.gov.br/portaldoaluno/curso/2027/?area=8 | https://www.escolavirtual.gov.br/curso/415 | https://suap.enap.gov.br/portaldoaluno/curso/2026/ | https://www.escolavirtual.gov.br/curso/787
A59: 58 | B59: Gestão de Riscos. | C59: Servidores com perfil de analistas/técnicos de TI, suporte ao usuário e suporte à tomada de decisões. | D59: 14 | E59: Desenvolver novos saberes, processos ou ferramentas relacionadas ao meu trabalho | F59: Governança e Gestão de Riscos | G59: Gestão de riscos: evitar, mitigar e contingenciamento. | H59: CRIAR: quando se precisa generalizar, planejar ou produzir sobre o conteúdo que será aprendido | I59: Identificar as tendências sociais, políticas e econômicas nos cenários local, regional, nacional e internacional | J59: Melhorar a gestão de riscos na instituição. | K59: AE - cursos presenciais | L59: Não. | M59: introdução à gestão de riscos | Gestão de Riscos nas Contratações Públicas | gestão de riscos em projetos de transformação digital | N59: EVG(ENAP) | SUAP(ENAP) | EVG(ENAP) | O59: https://www.escolavirtual.gov.br/curso/923 | https://suap.enap.gov.br/portaldoaluno/curso/2072/ | https://www.escolavirtual.gov.br/curso/724
A60: 59 | B60: Gestão Pública | C60: Servidores com perfil de analistas/técnicos de TI, suporte ao usuário e suporte à tomada de decisões. | D60: 14 | E60: Desenvolver novos saberes, processos ou ferramentas relacionadas ao meu trabalho | F60: Gestor Público | G60: Gestão pública e seus componentes. | H60: ANALISAR: quando se precisa diferenciar, organizar, atribuir ou concluir sobre o conteúdo que será aprendido | I60: Identificar os principais marcos institucionais que podem impactar os processos decisórios e a gestão de programas e projetos no âmbito do setor público | J60: Melhorar o entendimento sobre gestão pública. | K60: AE - cursos presenciais | L60: Não. | M60: modelo de governança e gestão – gestaopublicagov.br: visão geral e sistema | contabilidade pública e conformidade na gestão | gerenciamento de serviços de tic focado na administração pública | Gestão Integrada na Administração Pública | Governança Pública para Resultados | N60: EVG(ENAP) | EVG(ENAP) | EVG(ENAP) | SUAP(ENAP) | SUAP(ENAP) | O60: https://www.escolavirtual.gov.br/curso/662 | https://www.escolavirtual.gov.br/curso/480 | https://www.escolavirtual.gov.br/curso/535 | https://suap.enap.gov.br/portaldoaluno/curso/2743/ | https://suap.enap.gov.br/portaldoaluno/curso/2067/
A61: 60 | B61: Governança | C61: Servidores com perfil de analistas/técnicos de TI, suporte ao usuário e suporte à tomada de decisões. | D61: 14 | E61: Especializar em um saber, atividade ou ferramenta de trabalho | F61: Governança e Gestão de Riscos | G61: Governança e compliance. | H61: APLICAR: quando se precisa executar ou implementar na prática o conteúdo que será aprendido | I61: Orientar suas ações com base em desempenho, metas, resultados e seus impactos, construídos de forma aderente ao contexto organizacional e social existente | J61: Melhoria com o alinhamento estratégico e legislações em vigor. | K61: AE - cursos presenciais | L61: Não. | M61: governança de tic para o governo digital | modelo de governança e gestão – gestaopublicagov.br: visão geral e sistema | Governança Pública para Resultados | N61: EVG(ENAP) | EVG(ENAP) | SUAP(ENAP) | O61: https://www.escolavirtual.gov.br/curso/348 | https://www.escolavirtual.gov.br/curso/662 | https://suap.enap.gov.br/portaldoaluno/curso/2067/
A62: 61 | B62: Informática Geral | C62: Servidores com perfil de analistas/técnicos de TI, suporte ao usuário e suporte à tomada de decisões. | D62: 14 | E62: Melhorar o que já executo | F62: Tecnologia da Informação | G62: Informática | H62: APLICAR: quando se precisa executar ou implementar na prática o conteúdo que será aprendido | I62: Idear soluções inovadoras e efetivas para problemas de baixa, média ou elevada complexidade com a utilização de dados (numéricos e não numéricos) e evidências que aumentem a precisão e viabilidade das soluções | J62: Melhoria das entregas de TI. | K62: AE - cursos presenciais | L62: Não.
A63: 62 | B63: Inovações tecnológicas | C63: Servidores com perfil de analistas/técnicos de TI, suporte ao usuário e suporte à tomada de decisões. | D63: 14 | E63: Desenvolver novos saberes, processos ou ferramentas relacionadas ao meu trabalho | F63: Tecnologia da Informação | G63: Inovação em TI. | H63: CRIAR: quando se precisa generalizar, planejar ou produzir sobre o conteúdo que será aprendido | I63: Integrar as tecnologias digitais com: os modelos de gestão; os processos de tomada de decisão e geração de produtos e serviços; e os meios de comunicação interna, externa e de relacionamento com usuários | J63: Melhorar as entregas de TI. | K63: AE - cursos presenciais | L63: Não. | M63: inovações em tecnologia educacional | novas tecnologias para a transformação digital | N63: EVG(ENAP) | EVG(ENAP) | O63: https://www.escolavirtual.gov.br/curso/511 | https://www.escolavirtual.gov.br/curso/367
A64: 63 | B64: Liderança e gestão de pessoas. | C64: Servidores com perfil de analistas/técnicos de TI, suporte ao usuário e suporte à tomada de decisões. | D64: 14 | E64: Desenvolver novos saberes, processos ou ferramentas relacionadas ao meu trabalho | F64: Liderança | G64: Liderança, gestão de pessoas, gestão de conflitos e interpessoalidade. | H64: ENTENDER: quando se precisa interpretar, classificar, resumir, inferir, comparar ou explicar o conteúdo que será aprendido | I64: Adotar novos insights à sua ação | J64: Melhorar a comunicação interpessoal. | K64: AE - cursos presenciais | L64: Não. | M64: liderança humanizada: conectores humanos | liderança humanizada: autodesenvolvimento e relações interpessoais | Habilidades de Gestão de Pessoas | Liderança como Essência da Gestão | Gestão de Pessoas | N64: SUAP(ENAP) | SUAP(ENAP) | SUAP(ENAP) | SUAP(ENAP) | EVG(Enap) | O64: https://suap.enap.gov.br/portaldoaluno/curso/2015/?area=20 | https://suap.enap.gov.br/vitrine/curso/2100/ | https://suap.enap.gov.br/portaldoaluno/curso/2023/ | https://suap.enap.gov.br/portaldoaluno/curso/2009/ | https://www.escolavirtual.gov.br/curso/1338
A65: 64 | B65: Melhor contribuir para a formação escolar da comunidade acadêmica da qual prestamos serviços, contribuir para a formação e emancipação dos mesmos. | C65: Servidores da biblioteca: Necessidade de aperfeiçoamento em assuntos como: Atendimento ao público. Atividades culturais. Atividades relacionadas a biblioteca. Educação. Acessibilidade, gênero e raça (educação para a diversidade e educação antirracista). Violência escolar, bullying. | D65: 9 | E65: Desenvolver novos saberes, processos ou ferramentas relacionadas ao meu trabalho | F65: Biblioteconomia | G65: Educação ( gênero, raça, diversidade, violência escolar, atividades culturais, leitura e acessibilidade). | H65: CRIAR: quando se precisa generalizar, planejar ou produzir sobre o conteúdo que será aprendido | I65: Propiciar à equipe oportunidades de formação e compartilhamento do conhecimento no espaço organizacional, valorizando o capital humano , promovendo uma cultura de aprendizagem contínua e conciliando o desenvolvimento pessoas e orientação para resultados | J65: Proporcionar aos nossos usuários uma melhor formação escolar. | K65: RSC - conteúdo gerado pelo usuário a partir de discussões, bate-papos, fóruns, blogs | L65: DOUTORADO
A66: 65 | B66: Melhorar a cooperação interinstitucional e pesquisa aplicada, garantindo infraestrutura e acesso a normas técnicas para desenvolver inovações no IFSUL | C66: Docentes e técnicos da área ambiental que buscam capacitação e parcerias para fortalecer a pesquisa, inovação e a visibilidade do campus. | D66: 7 | E66: Desenvolver novos saberes, processos ou ferramentas relacionadas ao meu trabalho | F66: Saneamento Ambiental | G66: Pesquisa e Inovação Aplicada à Sustentabilidade Ambiental | H66: CRIAR: quando se precisa generalizar, planejar ou produzir sobre o conteúdo que será aprendido | I66: Criar um ambiente propício à experimentação e à melhoria contínua | J66: O IFSUL ganhará em qualidade técnica e científica, fortalecendo sua pesquisa aplicada, ampliando parcerias e contribuindo com metas do PDI. | K66: RSC - membros, eventos, informações e recursos de comunidade | L66: Não.
A67: 66 | B67: Melhorar a produção científica de qualidade e a divulgação junto a outras Instituições Nacionais e Internacionais. | C67: Docentes e coordenadores de PPGs | D67: 13 | E67: Desenvolver novos saberes, processos ou ferramentas relacionadas ao meu trabalho | F67: Saneamento Ambiental | G67: Contaminantes emergentes e poluentes ambientais. | H67: APLICAR: quando se precisa executar ou implementar na prática o conteúdo que será aprendido | I67: Construir um ambiente inclusivo, favorável à cooperação e ao trabalho em equipe, atuando como líder agregador, engajador, incentivador e empoderador | J67: Aumento da visibilidade das produções acadêmicas dos professores que atuam em PPGs | K67: SD - explicações e orientações | L67: Não.
A68: 67 | B68: Melhorar o trabalho ja executado. | C68: Profissionais estão os da Saúde Pública (médicos, enfermeiros e técnicos de saúde). | D68: 4 | E68: Melhorar o que já executo | F68: Saúde Publica | G68: Capacitar promovendo a prevenção de problemas de saúde e a promoção de um ambiente saudável para o desenvolvimento integral dos estudantes. | H68: APLICAR: quando se precisa executar ou implementar na prática o conteúdo que será aprendido | I68: Garantir o atendimento das necessidades dos usuários e dos cidadãos | J68: capacitar os profissionais de saúde a atender as necessidades dos adolescentes no contexto escolar, oferecendo a eles as ferramentas necessárias para promover um desenvolvimento saudável e seguro para os jovens. | K68: GC - melhores práticas | L68: Não.
A69: 68 | B69: Metodologias e linguagens de programação de computadores. | C69: Servidores com perfil de analistas/técnicos de TI, suporte ao usuário e suporte à tomada de decisões. | D69: 14 | E69: Desenvolver novos saberes, processos ou ferramentas relacionadas ao meu trabalho | F69: Metodologia e Técnicas da Computação | G69: Metodologias e linguagens de programação. | H69: APLICAR: quando se precisa executar ou implementar na prática o conteúdo que será aprendido | I69: Idear soluções inovadoras e efetivas para problemas de baixa, média ou elevada complexidade com a utilização de dados (numéricos e não numéricos) e evidências que aumentem a precisão e viabilidade das soluções | J69: Melhorar as entregas de TI. | K69: AE - cursos presenciais | L69: Não. | M69: Introdução ao Processamento de Linguagem Natural | N69: EVG(Enap) | O69: https://www.escolavirtual.gov.br/curso/1043
A70: 69 | B70: Necessidade de aprimoramento e desenvolvimento de novos conhecimentos | C70: atuar como docente na área da educação | D70: 1 | E70: Desenvolver novos saberes, processos ou ferramentas relacionadas ao meu trabalho | F70: Educação e Docência | G70: Educação, Inclusão e diversidade | H70: AVALIAR: quando se precisa checar ou apreciar criticamente o conteúdo que será aprendido | I70: Identificar os principais marcos institucionais que podem impactar os processos decisórios e a gestão de programas e projetos no âmbito do setor público | J70: Acompanhamento de política pública | K70: RSC - conteúdo gerado pelo usuário a partir de discussões, bate-papos, fóruns, blogs | L70: DOUTORADO
A71: 70 | B71: Necessito mais estudos de gênero, sexualidade e educação | C71: Técnico administrativo que atua com educação | D71: 1 | E71: Desenvolver novos saberes, processos ou ferramentas relacionadas ao meu trabalho | F71: Educação e Docência | G71: Educação em sexualidade | H71: CRIAR: quando se precisa generalizar, planejar ou produzir sobre o conteúdo que será aprendido | I71: CT - Diversidade e inclusão: Capacidade de reconhecer e valorizar a diversidade de características, identidades, vivências e perspectivas de pessoas e | J71: Será possível a criação de material didático específico e proposição de projetos de ensino e pesquisa | K71: AE - cursos presenciais | L71: DOUTORADO
A72: 71 | B72: Para o cumprimento das funções, é preciso aprimorar os conhecimentos e melhorar a comunicação. | C72: Servidores câmpus | D72: 500 | E72: Desenvolver novos saberes, processos ou ferramentas relacionadas ao meu trabalho | F72: Função Pública | G72: Qualidade serviços prestados | H72: APLICAR: quando se precisa executar ou implementar na prática o conteúdo que será aprendido | I72: Garantir o atendimento das necessidades dos usuários e dos cidadãos | J72: O atendimento à necessidade de aprendizagem resultará em maior eficiência, inovação e alinhamento dos colaboradores aos objetivos, impulsionando o crescimento organizacional. | K72: AE - e-learning | L72: Não. | M72: habilidades de comunicação interpessoal no ambiente de trabalho | Comunicação(trilha) | comunicações processuais | Comunicação(trilha) | acessibilidade na comunicação | N72: SUAP(ENAP) | EVG(ENAP) | EVG(ENAP) | EVG(ENAP) | EVG(ENAP) | O72: https://suap.enap.gov.br/portaldoaluno/curso/2049/?area=3 | https://www.escolavirtual.gov.br/trilha/244 | https://www.escolavirtual.gov.br/curso/820 | https://www.escolavirtual.gov.br/trilha/244 | https://www.escolavirtual.gov.br/curso/615
A73: 72 | B73: pesquisa e inovações tecnológicas no campo da química e das ciências biológicas aplicadas | C73: Professor de Química | D73: 1 | E73: Desenvolver novos saberes, processos ou ferramentas relacionadas ao meu trabalho | F73: Química Orgânica | G73: Química Orgânica aplicada e Microbiologia | H73: APLICAR: quando se precisa executar ou implementar na prática o conteúdo que será aprendido | I73: Aprofundamento nos conhecimentos na área da Química Orgânica aplicada para atuação nas atividades de atuação docente, no ensino, pesquisa e extensão. | J73: Aumento na produção científica e formação de recursos humanos qualificados | K73: GC - melhores práticas | L73: PÓS-DOUTORADO
A74: 73 | B74: Primeiros Socorros | C74: Servidores TAEs | D74: 15 | E74: Aprender o básico | F74: Outro - não especificado | G74: Técnicas básicas de socorrista | H74: APLICAR: quando se precisa executar ou implementar na prática o conteúdo que será aprendido | I74: Noções de primeiros socorros | J74: Melhor preparo para situações de emergência | K74: AE - cursos presenciais | L74: Não.
A75: 74 | B75: Qualificação especifica em que o mercado requer para atendimento de projetos de eficiência energética | C75: Curso de Qualificação Em Engenharia Elétrica. Docentes do curso de Engenharia Elétrica e áreas afins. | D75: 5 | E75: Desenvolver novos saberes, processos ou ferramentas relacionadas ao meu trabalho | F75: Inovação | G75: Curso de Medição&Verificação, possibilitando a participação de editais com recursos a fundo perdido. | H75: APLICAR: quando se precisa executar ou implementar na prática o conteúdo que será aprendido | I75: Colaborar e cooperar em atividades desenvolvidas coletivamente para atingir metas compartilhadas | J75: Atendimento às demandas de Pesquisa e Extensão, proporcionando recursos financeiros e suporte técnico a discentes, docentes e técnicos administrativos. | K75: RSC - membros, eventos, informações e recursos de comunidade | L75: ESPECIALIZAÇÃO
A76: 75 | B76: Qualificação especifica em que o mercado vem demandado. | C76: Curso de Qualificação Em Engenharia Elétrica. Docentes do curso de Engenharia Elétrica e áreas afins. | D76: 10 | E76: Melhorar o que já executo | F76: Outro - não especificado | G76: Engenharia Elétrica: Instalações Elétricas Prediais | H76: APLICAR: quando se precisa executar ou implementar na prática o conteúdo que será aprendido | I76: Integrar as tecnologias digitais com: os modelos de gestão; os processos de tomada de decisão e geração de produtos e serviços; e os meios de comunicação interna, externa e de relacionamento com usuários | J76: Melhor desenvolvimento e práticas no Ensino, possibilitando o atendimento a nível de pesquisa e extensão. | K76: SD - modelos | L76: ENSINO SUPERIOR
A77: 76 | B77: Qualificar o corpo administrativo do setor através de cursos de desenvolvimento de software e participação em eventos da área de TI | C77: Técnico em TI | D77: 13 | E77: Desenvolver novos saberes, processos ou ferramentas relacionadas ao meu trabalho | F77: Tecnologia da Informação | G77: Tecnologia da Informação - Desenvolvimento de software e Tecnologias da Informação | H77: APLICAR: quando se precisa executar ou implementar na prática o conteúdo que será aprendido | I77: Garantir o atendimento das necessidades dos usuários e dos cidadãos | J77: Qualificar o corpo administrativo do setor através de cursos de desenvolvimento de software e participação em eventos de tecnologias da informação | K77: GC - melhores práticas | L77: Não.
A78: 77 | B78: Qualificar o corpo administrativo do setor através de cursos de inteligência artificial e participação em eventos da área de inteligência artificial | C78: Técnicos em tecnologia da informação e servidores que trabalham na área de tecnologia da informação | D78: 13 | E78: Desenvolver novos saberes, processos ou ferramentas relacionadas ao meu trabalho | F78: Tecnologia da Informação | G78: Inteligência Artificial | H78: APLICAR: quando se precisa executar ou implementar na prática o conteúdo que será aprendido | I78: Questionar abordagens convencionais na solução de problemas | J78: Qualificar o corpo administrativo do setor através de cursos de inteligência artificial e participação em eventos de inteligência artificial e também participação em eventos da área da educação relacionados com IA | K78: GC - melhores práticas | L78: Não. | M78: inteligência artificial no contexto do serviço público | N78: EVG(ENAP) | O78: https://www.escolavirtual.gov.br/curso/377
